Workbook

Sheet TRDM
A1: FONDO DE DESARROLLO LOCAL DE SUBA
A2: OFERTA PRESENTADA PARA EL SEGURO DE TODO RIESGO DAÑOS MATERIALES
A3: NOMBRE DEL PROPONENTE: | N3: LA PREVISORA S.A. COMPAÑÍA DE SEGUROS
A4: GC | N4: CUMPLE | O4: NO CUMPLE | P4: SUBSANA
A5: OBJETO DEL SEGURO | N5: XXX
A6: Amparar todos los bienes inmuebles y muebles de propiedad de ENTIDAD o aquellos que se encuentren bajo su control, tenencia, responsabilidad o custodia, ubicados en el territorio nacional contra los daños o perdidas materiales a consecuencia de cualquier riesgo, tanto por eventos internos o externos, incluyendo las pérdidas consecuenciales por todo concepto.
N7: XXX
A9: INFORMACION GENERAL
A11: TOMADOR: | G11: =A1 -> FONDO DE DESARROLLO LOCAL DE SUBA
A12: ASEGURADO: | G12: =G11 -> FONDO DE DESARROLLO LOCAL DE SUBA
A13: BENEFICIARIO: | G13: =G11 -> FONDO DE DESARROLLO LOCAL DE SUBA
A15: CONDICIONES OBLIGATORIAS | G15: Con esta póliza, se unifica en un solo seguro, parte de las coberturas que se pueden contratar bajo las pólizas de Incendio y/o Rayo,Terremoto, Sustracción, Equipo Electrónico y Rotura de Maquinaria, para obtener una mayor protección de sus bienes e intereses al contratar una póliza de Todo Riesgo, bajo la cual se amparen todas las pérdidas o daños que puedan sufrir estos, con excepción de los expresamente excluidos. En consecuencia, las aseguradoras deberán ofertar un seguro que opere bajo la modalidad de todo riesgo de pérdida o daño material y no seguros de riesgos nombrados, so pena de no ser calificado el ramo. El proponente deberá ofrecer las tasas por cada ramo. | N15: XXX
G16: Base de valoración: Costo de reposición a nuevo Base de valoración Edificios: Costo de reposición a reconstruccion | N16: XXX
G17: Todos las cláusulas que otorgan coberturas de gastos adicionales, operan sin aplicación de deducibles. | N17: XXX
G18: Los sublímites otorgados en cada una de las cláusulas establecidas operan en exceso del valor asegurado y no haciendo parte del mismo. | N18: XXX
A20: BIENES E INTERESES ASEGURABLES
A21: Toda propiedad real o personal, bienes materiales de propiedad de o de terceros que se hallen bajo su cuidado, custodia, control o por los cuales sea legal o contractualmente responsable o tenga interés asegurable, localizados dentro del territorio nacional utilizados en desarrollo del objeto social de la entidad, o los recibidos a cualquier título así como los costos y/o gastos en que incurra, o todos combinados, consistentes principalmente pero no limitados en los siguientes: | N21: XXX
A22: Edificios, estructuras, cimientos, construcciones fijas con todas sus adiciones y en general toda clase de construcciones propias y no propias, de edificios e inherentes a ellos, incluidos anexos y mejoras locativas, instalaciones sanitarias de agua, sistema de drenaje y aguas negras, tuberías, conductos, desagües, instalaciones eléctricas y de aire acondicionado, ascensores, instalaciones permanentes de protección contra incendio y demás instalaciones que se hallen o no por debajo del nivel del suelo y/o subterráneas, vidrios internos y externos que conforman y hacen parte de las construcciones, rampas de acceso, tanques de almacenamiento, entre otros ubicados en el territorio nacional, de propiedad de ENTIDAD - o bajo su responsabilidad, tenencia,cuidado y/o control. | N22: XXX
A23: Mejoras locativas: Todas aquellas mejoras a los inmuebles realizadas por la entidad, aún en el caso de no ser propietaria del bien, que haya realizado inversiones para adecuarlas a sus necesidades, tales como tapetes, tapizados, enchapes, mejoras eléctricas, cielos rasos, etc. | N23: XXX
A24: Equipos y Máquinas en general, herramientas, accesorios, maquinarias, ascensores, transformadores, plantas eléctricas, calderas, generadores, tornos, motores, bombas y equipos del sistema hidráulico, motobombas, aire acondicionado, extractores de olores, motores de control de puertas, o sitios de acceso, y compresores entre otros, de propiedad de la entidad, o bajo se responsabilidad, tenencia y control. | N24: XXX
A25: Equipos de oficina y equipos eléctricos y electrónicos, tales como, equipos de computo (computadoras considerados integralmente con todos sus accesorios periféricos como son: CPU, pantalla, monitor, mouse, reguladores de voltaje, scanner, ploters, servidores, impresoras), fax, microcomputadores, equipo central de computo, software, equipos de telecomunicaciones: radios portatiles, base, antenas, equipos celulares, beepers y equipos de comunicación portátil, electrodomésticos, equipos científicos de laboratorio para investigación, equipos de metrodologia, equipos de calibracion equipos móviles y portátiles, Estaciones Fijas para monitoreo R&S, Antenas, Porta Antenas, GPS fijos, GPS portátiles, Sondas de medición de radiaciones no ionizantes incluye paneles solares, Computadores para equipos ETL, Maletines de transporte de equipos, Frecuencímetros, Vatímetros (Equipos de medición de frecuencia) y demás instrumentos, equipos soporte, repuestos, equipos electricos y electronicos, entre otros de propiedad de la entidad, o bajo su responsabilidad, tenencia y/o control, | N25: XXX
A26: Contenidos tales como Muebles y enseres, escritorios, sillas, cortinas, divisiones modulares, planos, documentos de cartera, archivo en general, libros, bibliotecas, manuscritos, equipos de oficina no eléctricos ni electrónicos, entre otros, sistemas de oficina abierta, frescos o murales que forman parte de los bienes asegurados o estén pintados allí, papelería, aparatos; archivos manuscritos; kardex, croquis y documentos de cualquier clase, que se encuentren localizados dentro de los predios asegurados o fuera de los mismos dentro del territorio de la República de Colombia. | N26: XXX
A27: Dinero y títulos valores dentro y fuera de caja fuerte y cajas menores. | N27: XXX
A28: Elementos de almacén e inventarios: Elementos de consumo, devolutivos nuevos, recuperables, inservibles, papelería, útiles de oficina, equipos en general, repuestos y demás bienes de almacén, contenidos en las diferentes dependencias de la entidad | N28: XXX
A29: Bienes de arte y cultura, cuadros y obras de arte, objetos valiosos. | N29: XXX
A30: Los demás bienes y en general todos aquellos que no se encuentran expresamente excluidos en la póliza, ubicados dentro o fuera de los predios de la entidad, o bajo su responsabilidad, tenencia y/o control o que figuren a cualquier titulo, o esten relacionados en el inventario general de la entidad. (Además vehículos con equipamento especial) | N30: XXX
A32: BIENES Y VALORES ASEGURADOS
A34: ARCHIVO EXCEL BIENES ASEGURADOS SAMC FDLS
A36: AMPAROS OBLIGATORIOS
A38: NOMBRE | K38: SUBLIMITE | N38: XXX
A39: TODO RIESGO DE PÉRDIDA O DAÑO MATERIAL: Todos los daños, pérdidas o desaparición que sufran los intereses asegurados, originados por cualquier causa no expresamente excluida, sea que dichos bienes estén en uso o inactivos, dentro o fuera de los predios del asegurado y dentro del territorio nacional, excepto los equipos móviles y portátiles que tendrán cobertura a nivel mundial, así como los costos y/o gastos en que incurra, o todos combinados, como consecuencia de dichos daños o pérdidas; incluyendo las siguientes coberturas y/o eventos pero sin estar limitado a ellos: Daño material accidental, hurto y hurto calificado para todos los bienes, todo riesgo sustracción, corriente débil, pérdida de datos o portadores externos de datos incluyendo software, rotura de maquinaria, daños a calderas u otros aparatos generadores de vapor, rotura accidental de vidrios incluyendo la ocasionada como consecuencia de los eventos de Huelga, Motín, Asonada, Conmoción Civil o Popular y Actos Mal Intencionados de Terceros, terremoto, temblor, erupción volcánica, heladas, aludes, deshielos, huracán, ciclón, tornado, maremoto, tsunami, tempestad, granizo, heladas, deshielo, vientos fuertes, rayo y demás eventos de la naturaleza, AMIT (Actos Mal Intencionados de Terceros), HMACCoP (Huelga, Motín, Asonada, Conmoción Civil o Popular), Terrorismo, Sabotaje, explosión por cualquier causa; anegación; avalancha; daños por agua; incendio inherente; extended coverage; Hundimiento, asentamiento, deslizamiento y desplazamiento de terrenos, muros, pisos y techos; caída de rocas, árboles y aludes; pérdida de contenido y derrame de tanques y cualquier otro riesgo o causas no expresamente excluidas de las condiciones generales del seguro. Se entienden incluidos los riesgos mencionados en el artículo 1105 del Código de Comercio, excepto Guerra Civil o Internacional. | K39: NO | N39: XXX
A40: Adecuación de construcciones a las normas de sismo resistencia: Se extiende la cobertura del seguro a amparar los costos y gastos razonables en que incurra el asegurado, cuando a consecuencia de un evento amparado bajo la póliza, los edificios y obras civiles sufran daños estructurales, cuya reparación o reconstrucción conlleve la adecuación a normas sismoresistentes vigentes al momento de efectuarse la reparación o reconstrucción del bien asegurado. | K40: SI - Sublímite 10% del valor total de las edificaciones Evento/ Vigencia. | N40: XXX
A41: Cobertura para terrenos: Gastos para la adecuación de suelos y terrenos que lleguen a afectarse como consecuencia de un Temblor, Terremoto, Erupción Volcánica y/o otros eventos de la naturaleza". | K41: SI - Sublímite 10% del valor total de las edificaciones Evento/ Vigencia. | N41: XXX
A43: CLAUSULAS OBLIGATORIAS
A45: NOMBRE DE LA CLAUSULA | F45: DESCRIPCION DE LA CLAUSULA
A46: ACTOS DE AUTORIDAD | F46: Queda entendido, convenido y aceptado que la compañía indemnizará al asegurado las pérdidas ocasionadas por la destrucción de los bienes asegurados ordenada por la autoridad competente, con el fin de aminorar o evitar la propagación de las consecuencias de cualquier siniestro amparado por la póliza a la cual éste documento se adhiere. Se excluye confiscación, apropiación, o requisición | N46: XXX
A47: AMPARO AUTOMÁTICO PARA BIENES MUEBLES O INMUEBLES, ADQUIRIDOS, RECIBIDOS, EN CONSTRUCCION, MONTAJE Y/O REMODELACION, SEAN NUEVOS O USADOS. | F47: Queda entendido, convenido y aceptado que en el evento de que el asegurado adquiera, reciba, construya, instale, remodele o adecúe, a cualquier título, bienes muebles o inmuebles, sean nuevos o usados, sobre los cuales éste tuviere interés asegurable; las coberturas y amparos adicionales de esta póliza se extenderán automáticamente a dichos bienes, hasta por un límite de $ 2.000.000.000. Se excluye la RCE,ERRORES DE DISEÑO, PRUEBAS, ALOP. (Nota: el valor del límite y el número de días corresponde al requerido por la Entidad por lo cual podrá ser aumentado pero no disminuido so pena de rechazo de la propuesta) | N47: XXX
A48: AMPARO AUTOMÁTICO PARA EDIFICIOS Y CONTENIDOS QUE POR ERROR U OMISIÓN NO SE HAYAN INFORMADO AL INICIO DEL SEGURO. | F48: Queda entendido, convenido y aceptado que en el evento de que el asegurado, por error u omisión, no haya informado bienes muebles o inmuebles al inicio de la cobertura, sobre los cuales éste tuviere interés asegurable; las coberturas y amparos adicionales de esta póliza se extenderán automáticamente a dichos bienes hasta por un límite de $600.000.000 y por 60 días. La prima adicional se liquidará con base en las tasas contratadas. Si vencido este plazo no se ha informado a la Compañía, cesará el amparo. (Nota: el valor del límite y el número de días corresponde al requerido por la Entidad por lo cual podrá ser aumentado pero no disminuido so pena de rechazo de la propuesta) | N48: XXX
A49: AMPLIACIÓN DEL PLAZO PARA AVISO DE SINIESTRO | F49: Por medio de la presente cláusula y no obstante lo estipulado en las condiciones generales de la póliza, el asegurado podrá dar aviso de la ocurrencia del siniestro en un término de 60 días, siguientes a la fecha en que haya conocido o debido conocer la ocurrencia del mismo. "Para las coberturas de Huelga, Motín, Asonada, Conmoción Civil o Popular, Actos Mal Intencionados de Terceros, Sabotaje y Terrorismo será un término de hasta 10 días".(Nota: el número de días corresponde al requerido por la Entidad por lo cual podrá ser aumentado pero no disminuido so pena de rechazo de la propuesta) | N49: XXX
A50: ANTICIPO DE INDEMNIZACION 50% | F50: Queda entendido, convenido y aceptado que en caso de presentarse un siniestro amparado bajo la presente póliza y demostrada su ocurrencia, la compañía conviene en anticipar el 50 % del valor estimado de la pérdida mientras el asegurado cumple con la obligación legal para tal fin. El asegurado deberá hacer el requerimiento mediante comunicación escrita dirigida a la compañía. (Nota: el porcentaje señalado corresponde al requerido por la Entidad por lo cual podrá ser aumentado pero no disminuido, so pena de rechazo de la propuesta) | N50: XXX
A51: BIENES BAJO CUIDADO, TENENCIA, CONTROL Y CUSTODIA | F51: Queda entendido, convenido y aceptado que la Compañía de Seguros indemnizará los daños y pérdidas ocasionados por cualquier siniestro amparado bajo la presente póliza, que afecte bienes que sin ser de propiedad del asegurado, estén bajo la responsabilidad, cuidado, tenencia, control o custodia del mismo. Sublímite $ 1.000.000.000 evento /vigencia (Nota: El valor señalado corresponde al requerido por la Entidad por lo cual podrá ser aumentado pero no disminuido, so pena de rechazo de la propuesta) | N51: XXX
A52: BIENES FUERA DE EDIFICIOS | F52: Queda entendido, convenido y aceptado que la cobertura de la presente póliza se extiende a amparar los bienes asegurados, siempre y cuando estén diseñados con características que les permita su operación o ubicación fuera de edificios o también en vehículos transportadores propios, arrendados o bajo su responsabilidad, mientras se encuentran fuera de edificios o también en vehículos transportadores, siempre y cuando tales bienes no se hallen amparados bajo un seguro de transportes. Sublímite $ 1.000.000.000 evento /vigencia (Nota: El valor señalado corresponde al requerido por la Entidad, por lo cual podrá ser aumentado pero no disminuido, so pena de rechazo de la propuesta) | N52: XXX
A53: BIENES TOMADOS EN ARRIENDO POR EL ASEGURADO | F53: Queda entendido, convenido y aceptado que la Compañía de Seguros indemnizará los daños y pérdidas ocasionados por cualquier siniestro amparado bajo la presente póliza, que afecte bienes muebles e inmuebles tomados en arriendo por el asegurado, siempre y cuando la responsabilidad sea imputable al asegurado y/o sus funcionarios | N53: XXX
A54: CLÁUSULA DE 72 HORAS PARA TERREMOTO | F54: Las pérdidas o daños amparados por la presente póliza darán origen a una reclamación separada por cada uno de estos fenómenos, sin exceder el total del valor asegurado. Pero si varios de ellos ocurren dentro de cualquier periodo de setenta y dos (72) horas consecutivas durante la vigencia del amparo, se tendrán como un solo siniestro y las pérdidas y daños que se causen deberán estar comprendidos en una sola reclamación, sin exceder el total del valor asegurado. | N54: XXX
A55: CLAUSULA DE APLICACIÓN DE CONDICIONES PARTICULARES | F55: Queda expresamente acordado y convenido, que la compañía acepta las condiciones básicas, técnicas establecidas en este anexo, en los términos señalados en el mismo, por lo tanto, en caso de existir discrepancias entre los ofrecimientos contenidos en la propuesta técnica básica, frente a los textos de los ejemplares de las pólizas, certificados, anexos o cualquier otro documento; prevalecerá la información y condiciones básicas técnicas establecidas. | N55: XXX
A56: COBERTURA DE EQUIPOS MÓVILES Y PORTÁTILES | F56: No obstante lo indicado en las condiciones generales de la póliza, en virtud de esta cláusula, la compañía ampara los equipos móviles y portátiles asegurados cuando sean movilizados para su uso en otros predios del asegurado o de terceros y mientras permanezcan en los mismos hasta por un límite del 50% del valor asegurado de equipos electricos y electrónicos . Las coberturas otorgadas serán las mismas del seguro. (Nota: el valor del límite corresponde al requerido por la Entidad por lo cual podrá ser aumentado pero no disminuido so pena de rechazo de la propuesta) | N56: XXX
A57: COBERTURA PARA SOFTWARE Y GASTOS PARA REINSTALACION DE SOFTWARE. | F57: Queda entendido, acordado y convenido que mediante esta clausula, se cubren los gastos en que debe incurrir el asegurado en pruebas, auditorias para la reinstalación y/o recuperación del software, incluidas pruebas y ajustes, los cuales se generen como consecuencia de daños o pérdidas producidos por un evento amparado bajo la presente póliza. Este amparo se extiende a cubrir la reposición de las licencias y/o costos en que incurra la entidad asegurada para reposición e instalación de programas, por pérdidas y/o daños de software ocurridos como consecuencia de los riesgos amparados. límite de Ochenta millones de pesos ($80.000.000.00) evento y Docientos cuarenta millones de pesos ($240.000.000.00) vigencia.(Nota: el valor del límite corresponde al requerido por la Entidad por lo cual podrá ser aumentado pero no disminuido so pena de rechazo de la propuesta) | N57: XXX
... A123: SUB LIMITE UNICO COMBINADO PARA LAS CLAUSULAS QUE AMPARAN LOS GASTOS ADICIONALES. | F123: Queda entendido, convenido y aceptado, que para las clausulas denominadas "gastos adicionales..." se establece un límite único combinado de $ 1,000.000.000 evento, $ 2,000.000.000 vigencia, la Entidad sera la que los distribuya segun su necesidad. (Nota: el valor del límite corresponde al mínimo requerido por lo cual podrá ser aumentado pero no disminuido so pena de rechazo de la propuesta) | N123: XXX
A125: REPOSICION O REEMPLAZO. TABLA No.1
A127: TABLA No. 1 - CLAUSULA DE REPOSICIÓN O REEMPLAZO PARA EQUIPOS ELECTRICOS Y ELECTRÓNICOS
A128: (Nota: Las edades y porcentajes señaladas en la Tabla No. 1 corresponden a los requeridos por la Entidad por lo cual podrá ser disminuidos pero no aumentados so pena de rechazo de la propuesta).
A130: EDAD DEL EQUIPO | G130: PORCENTAJE MAXIMO DE DEPRECIACION ANUAL | J130: MAXIMA DEPRECIACION ACUMULADA | N130: XXX
A131: HASTA 3 AÑOS | G131: 0 | J131: 0 | N131: XXX
A132: MAYOR A 3 AÑOS Y HASTA 5 AÑOS | G132: 0.01 | J132: 0.15 | N132: XXX
A133: MAYOR A 5 AÑOS Y HASTA 7 AÑOS | G133: 0.16 | J133: 0.3 | N133: XXX
A134: MAYOR A 7 AÑOS Y HASTA 9 AÑOS | G134: 0.31 | J134: 0.4 | N134: XXX
A135: MAYOR A 9 AÑOS | G135: 0.41 | J135: 0.5 | N135: XXX
A137: TODO RIESGO DAÑOS MATERIALES
A138: CRITERIOS TÉCNICOS | N138: LA PREVISORA S.A. COMPAÑÍA DE SEGUROS
A139: MEJORA EN AMPAROS OBLIGATORIOS | N139: DÍAS OFERTADOS | O139: PUNTAJE OBTENIDO | P139: % PORCENTAJE OFERTADO | Q139: PUNTAJE OBTENIDO | R139: VALOR ASEGURADO OFERTADO | S139: PUNTAJE OBTENIDO | T139: SUBLIMITE OFERTADO | U139: PUNTAJE OBTENIDO | V139: PROMEDIO
A140: NOMBRE | G140: SUBLIMITE BÁSICO | H140: PUNTAJE REFERENCIA | I140: DESCRIPCIÓN DEL SUBLIMITE OFRECIDO (EL VALOR DEL SUBLÍMITE CORRESPONDE AL REQUERIDO POR LA ENTIDAD POR LO CUAL PODRÁ SER AUMENTADO PERO NO DISMINUIDO SO PENA DE RECHAZO DE LA PROPUESTA). | L140: PUNTAJE
A141: Adecuación de construcciones a las normas de sismo resistencia: Se extiende la cobertura del seguro a amparar los costos y gastos razonables en que incurra el asegurado, cuando a consecuencia de un evento amparado bajo la póliza, los edificios y obras civiles sufran daños estructurales, cuya reparación o reconstrucción conlleve la adecuación a normas sismoresistentes vigentes al momento de efectuarse la reparación o reconstrucción del bien asegurado. | G141: SI - Sublímite 10% del valor total de las edificaciones Evento/ Vigencia. | H141: 1.33 | P141: 0.15 | Q141: 1.33 | V141: 1.33
A142: Cobertura para terrenos: Gastos para la adecuación de suelos y terrenos que lleguen a afectarse como consecuencia de un Temblor, Terremoto, Erupción Volcánica y/o otros eventos de la naturaleza". | G142: SI - Sublímite 10% del valor total de las edificaciones Evento/ Vigencia. | H142: 1.33 | P142: 0.15 | Q142: 1.33 | V142: 1.33
A143: Cobertura para rotura de vidrios por todo riesgo incluyendo los generados por asonada, motín, conmoción civil o popular y huelga, vandalismo y AMIT, Sabotaje y Terrorismo | G143: SI - Sublìmite de $1.000’000.000 por evento/vigencia | H143: 1.34 | R143: 1500000000 | S143: 1.34 | V143: 1.34
V144: =SUM(V141:V143) -> 4
A145: PUNTAJE TOTAL | K145: =+L141+L142+L143 -> 0
A148: PUNTAJE TOTAL MEJORA EN AMPAROS OBLIGATORIOS | K148: =+K145 -> 0
N149: LA PREVISORA S.A. COMPAÑÍA DE SEGUROS
A150: MEJORA EN CLAUSULAS OBLIGATORIAS | N150: DÍAS OFERTADOS | O150: PUNTAJE OBTENIDO | P150: % PORCENTAJE OFERTADO | Q150: PUNTAJE OBTENIDO | R150: VALOR ASEGURADO OFERTADO | S150: PUNTAJE OBTENIDO | T150: SUBLIMITE OFERTADO | U150: PUNTAJE OBTENIDO | V150: PROMEDIO
A151: NOMBRE DE LA CLAUSULA | E151: DESCRIPCION DE LA CLAUSULA OFRECIDA | H151: PUNTAJE REFERENCIA | I151: DESCRIPCION DE LA CLAUSULA OFRECIDA | L151: PUNTAJE
A152: AMPARO AUTOMÁTICO PARA BIENES MUEBLES O INMUEBLES, ADQUIRIDOS, RECIBIDOS, EN CONSTRUCCION, MONTAJE Y/O REMODELACION, SEAN NUEVOS O USADOS. | E152: Queda entendido, convenido y aceptado que en el evento de que el asegurado adquiera, reciba, construya, instale, remodele o adecúe, a cualquier título, bienes muebles o inmuebles, sean nuevos o usados, sobre los cuales éste tuviere interés asegurable; las coberturas y amparos adicionales de esta póliza se extenderán automáticamente a dichos bienes, hasta por un límite de $ 2.000.000.000. Se excluye la RCE,ERRORES DE DISEÑO, PRUEBAS, ALOP. (Nota: el valor del límite y el número de días corresponde al requerido por la Entidad por lo cual podrá ser aumentado pero no disminuido so pena de rechazo de la propuesta) | H152: 0.33 | L152: 0 | R152: 3000000000 | S152: 0.33 | V152: 0.33
A153: AMPLIACIÓN DEL PLAZO PARA AVISO DE SINIESTRO | E153: Por medio de la presente cláusula y no obstante lo estipulado en las condiciones generales de la póliza, el asegurado podrá dar aviso de la ocurrencia del siniestro en un término de 60 días, siguientes a la fecha en que haya conocido o debido conocer la ocurrencia del mismo."Para las coberturas de Huelga, Motín, Asonada, Conmoción Civil o Popular, Actos Mal Intencionados de Terceros, Sabotaje y Terrorismo será un término de hasta 10 días". (Nota: el número de días corresponde al requerido por la Entidad por lo cual podrá ser aumentado pero no disminuido so pena de rechazo de la propuesta) | H153: 0.33 | L153: 0 | N153: 105 | O153: 0.33 | V153: 0.33
A154: BIENES BAJO CUIDADO, TENENCIA, CONTROL Y CUSTODIA | E154: Queda entendido, convenido y aceptado que la Compañía de Seguros indemnizará los daños y pérdidas ocasionados por cualquier siniestro amparado bajo la presente póliza, que afecte bienes que sin ser de propiedad del asegurado, estén bajo la responsabilidad, cuidado, tenencia, control o custodia del mismo. Sublímite $ 1.000.000.000 evento /vigencia (Nota: El valor señalado corresponde al requerido por la Entidad por lo cual podrá ser aumentado pero no disminuido, so pena de rechazo de la propuesta) | H154: 0.33 | L154: 0 | R154: 2000000000 | S154: 0.33 | V154: 0.33
A155: BIENES FUERA DE EDIFICIOS | E155: Queda entendido, convenido y aceptado que la cobertura de la presente póliza se extiende a amparar los bienes asegurados, siempre y cuando estén diseñados con características que les permita su operación o ubicación fuera de edificios o también en vehículos transportadores propios, arrendados o bajo su responsabilidad, mientras se encuentran fuera de edificios o también en vehículos transportadores, siempre y cuando tales bienes no se hallen amparados bajo un seguro de transportes. Sublímite $ 1.000.000.000 evento /vigencia (Nota: El valor señalado corresponde al requerido por la Entidad, por lo cual podrá ser aumentado pero no disminuido, so pena de rechazo de la propuesta) | H155: 0.33 | L155: 0 | R155: 2000000000 | S155: 0.33 | V155: 0.33
A156: COBERTURA DE EQUIPOS MÓVILES Y PORTÁTILES | E156: No obstante lo indicado en las condiciones generales de la póliza, en virtud de esta cláusula, la compañía ampara los equipos móviles y portátiles asegurados cuando sean movilizados para su uso en otros predios del asegurado o de terceros y mientras permanezcan en los mismos hasta por un límite del 50% del valor asegurado de equipos electricos y electrónicos . Las coberturas otorgadas serán las mismas del seguro. (Nota: el valor del límite corresponde al requerido por la Entidad por lo cual podrá ser aumentado pero no disminuido so pena de rechazo de la propuesta) | H156: 0.33 | L156: 0 | P156: 0.51 | Q156: 0.33 | V156: 0.33
A157: INDICE VARIABLE | E157: Queda entendido y convenido que de acuerdo con instrucciones recibidas del asegurado, la suma asegurada indicada en la póliza arriba citada será considerada básica y se irá incrementando linealmente hasta alcanzar al final del año un 10% adicional (Este porcentaje se debe calcular sobre la vigencia ofertada). La Compañía bajo ninguna circunstancia se responsabiliza por la exactitud del porcentaje establecido y por lo tanto las consecuencias que la inexactitud pueda causar, correrán por cuenta del asegurado. En el caso de un siniestro, el valor del seguro en dicho momento corresponderá a la suma asegurada básica incrementada en el porcentaje pactado proporcional al tiempo corrido desde la iniciación de la vigencia de la póliza. La indemnización se establecerá con base al valor asegurado en el momento del siniestro. | H157: 0.33 | L157: 0 | P157: 0.1 | Q157: 0.33 | V157: 0.33
A158: MOVILIZACIÓN DE BIENES PARA SU USO | E158: Los bienes amparados bajo esta póliza, diferentes a equipos móviles y portátiles, que sean movilizados, trasladados dentro de los establecimientos asegurados o a otro sitio diferente, para su uso, estarán amparados contra los mismos riesgos que figuran en la póliza o en sus anexos, de acuerdo a sus respectivas condiciones y durante el tiempo que permanezca en dicha situación dentro del Territorio Nacional, hasta por un límite de $500.000.000 evento/vigencia (Nota: el valor del límite corresponde al requerido por la Entidad por lo cual podrá ser aumentado pero no disminuido so pena de rechazo de la propuesta) | H158: 0.33 | L158: 0 | R158: 1000000000 | S158: 0.33 | V158: 0.33
A159: NO APLICACIÓN DE INFRASEGURO | E159: Queda entendido, convenido y aceptado que el valor del interés asegurado es el que se señala en la carátula de la póliza el cual corresponde a su valor de reposición. Por lo tanto, en caso de ocurrir un siniestro amparado bajo la presente póliza, la aseguradora indemnizará la pérdida hasta el monto del valor asegurado, sin hacer aplicación de la regla proporcional por infraseguro, de acuerdo a lo señalado por el artículo 1089 del código de comercio siempre y cuando la diferencia entre el valor asegurado y el valor asegurable no sea mayor al 15%. (Nota: el valor del porcentaje corresponde al requerido por la Entidad por lo cual podrá ser aumentado pero no disminuido so pena de rechazo de la propuesta) | H159: 0.33 | L159: 0 | P159: 0.2 | Q159: 0.33 | V159: 0.33
A160: OBRAS EN CONSTRUCIÓN Y/O TERMINADAS Y/O EN MONTAJE | E160: Queda entendido, convenido y aceptado que con la introducción de esta cláusula dentro de la póliza, la Compañía de Seguros extiende la totalidad de las coberturas contratadas para las obras que se encuentren en construcción y/o terminadas hasta el momento de la inclusión de la misma en la póliza previa a la información que el Asegurado suministre a la iniciación de los trabajos podrá otorgar amparo mediante acuerdo expreso, en cuyo caso una prima adicional será determinada por la compañía y pagada por el asegurado’’ y/o para el montaje de maquinaria. Sublímite $1,500.000.000 por evento / $3,000.000.000 por vigencia. (Nota: El valor del límite y el numero de meses, corresponde al requerido por la Entidad por lo cual podrá ser aumentado pero no disminuido so pena de rechazo de la propuesta). Se excluye ALOP, RCE, Mantenimiento, Pruebas, Errores de diseño y Riesgos Petroquímicos. | H160: 0.34 | L160: 0 | T160: 2000000000/4000000000 | U160: 0.34 | V160: 0.34
A161: RENTA | E161: No obstante lo que se diga en contrario en las condiciones generales y particulares de la póliza, la Compañía se obliga a indemnizar los gastos en que necesaria y razonablemente incurra el asegurado con el fin de arrendar uno o mas inmuebles, incluyendo el pago de servicios públicos y administración, como consecuencia de la afectación de cualquier inmueble(s) ocupado(s) por el asegurado por cualquier evento amparado bajo la presente póliza, hasta por $100.000.000 mensuales y por un periodo equivalente a la vigencia total del seguro. (Nota: el valor del límite corresponde al mínimo requerido por lo cual podrá ser aumentado pero no disminuido so pena de rechazo de la propuesta) | H161: 0.34 | L161: 0 | R161: 250000000 | S161: 0.34 | V161: 0.34
A162: MEJORA TECNOLOGICA | E162: Aplicación del factor por mejora tecnológica en la liquidación de perdidas totales para equipo electrónico, inferior al 5%, el cual oerara para equipos mayores a 2010. | H162: 0.34 | L162: 0 | P162: 0.05 | Q162: 0.34 | V162: 0.34
A163: SUB LIMITE UNICO COMBINADO PARA LAS CLAUSULAS QUE AMPARAN LOS GASTOS ADICIONALES. | E163: Queda entendido, convenido y aceptado, que para las clausulas denominadas "gastos adicionales..." se establece un límite único combinado de $ 1,000.000.000 evento, $ 2,000.000.000 vigencia, la Entidad sera la que los distribuya segun su necesidad. (Nota: el valor del límite corresponde al mínimo requerido por lo cual podrá ser aumentado pero no disminuido so pena de rechazo de la propuesta) | H163: 0.34 | L163: 0 | T163: 2000000000/4000000000 | U163: 0.34 | V163: 0.34
V164: =SUM(V152:V163) -> 4
A165: PUNTAJE TOTAL | K165: =+L152+L153+L154+L155+L156+L157+L158+L159+L160+L161+L162+L163 -> 0
A168: PUNTAJE TOTAL MEJORA EN CLAUSULAS OBLIGATORIAS
N169: LA PREVISORA S.A. COMPAÑÍA DE SEGUROS
A170: AMPAROS ADICIONALES | N170: OTORGA | O170: NO OTORGA | U170: PUNTAJE OBTENIDO | V170: PROMEDIO
A171: NOMBRE DEL AMPARO | E171: DESCRIPCIÓN DEL AMPARO | H171: PUNTAJE REFERENCIA | I171: DESCRIPCIÓN DEL AMPARO OFRECIDO | L171: PUNTAJE
A172: AMPARO AUTOMÁTICO PARA CAMBIO DE UBICACIÓN DEL RIESGO | E172: Queda entendido, convenido y aceptado que en el evento de que uno o varios de los intereses asegurables, objeto de éste seguro, cambien su ubicación del riesgo; las coberturas y amparos adicionales de esta póliza se extenderán automáticamente a la nueva ubicación | H172: 2 | L172: 0 | N172: SE OTORGA | O172: 2 | U172: 2 | V172: 2
A173: AMPARO AUTOMÁTICO PARA EQUIPOS REEMPLAZADOS TEMPORALMENTE | E173: Queda entendido, convenido y aceptado que en el evento de que el asegurado adquiera equipos para efectuar reemplazos temporales, las coberturas y amparos adicionales de esta póliza se extenderán automáticamente a dichos bienes, hasta por un límite de $ 1,000.000.000 y durante toda la vigencia. Si vencido este plazo no se ha informado a la Compañía, cesará el amparo. (Nota: el valor del límite y el plazo corresponden al requerido por la Entidad por lo cual podrán ser aumentados pero no disminuidos so pena de rechazo de la propuesta) | H173: 2 | L173: 0 | N173: SE OTORGA | O173: 2 | U173: 2 | V173: 2
V174: 4
A175: PUNTAJE TOTAL
A178: PUNTAJE TOTAL AMPAROS ADICIONALES
N179: LA PREVISORA S.A. COMPAÑÍA DE SEGUROS
A180: CLÁUSULAS ADICIONALES | N180: OTORGA | O180: NO OTORGA | U180: PUNTAJE OBTENIDO | V180: PROMEDIO
A181: NOMBRE DE LA CLAUSULA | E181: DESCRIPCION DE LA CLAUSULA | H181: PUNTAJE REFERENCIA | I181: DESCRIPCION DE LA CLAUSULA OFRECIDA | L181: PUNTAJE
A182: PROPIEDAD PERSONAL DE FUNCIONARIOS, CONTRATISTA Y SUBCONTRATISTAS | E182: Se amparan los bienes de propiedad de los servidores públicos del asegurado, contratistas y subcontratistas con exclusión de dineros, joyas y vehículos mientras se encuentren en predios del asegurado, siempre y cuando dichos bienes no estén amparados por otros seguros y hayan sido registrados a su ingreso a las instalaciones de la Entidad. La responsabilidad por la propiedad personal de un funcionario, contratista o subcontratista no excederá la suma de $ 30.000.000 evento $ 60.000.000 vigencia y cualquier pérdida en su caso se ajustará con el asegurado y se pagará directamente al empleado o funcionario afectado. (Nota: el valor corresponden al mínimo requerido por lo cual podrá ser aumentado pero no disminuido so pena de rechazo del ramo) | H182: 2 | L182: 0 | N182: SE OTORGA | U182: 2 | V182: 2
A183: SUBROGACION | E183: Al indemnizar un siniestro la compañía se subroga, por ministerio de la ley y hasta concurrencia de su importe, en los derechos del Asegurado contra las personas responsables del siniestro, no obstante la Compañía renuncia expresamente a ejercer sus derechos de subrogación contra: 1. Cualquier persona o Entidad que sea un Asegurado bajo la póliza. 2. Cualquier filial, subsidiaria u operadora del asegurado. 3. Cualquier miembro de la Junta Directiva o cualquier empleado o dependiente del Asegurado, salvo el caso en que los daños hayan sido causados intencionalmente por ellos. | H183: 2 | L183: 0 | N183: SE OTORGA | U183: 2 | V183: 2
V184: 4
A185: PUNTAJE TOTAL
...

Sheet TRMYE
A1: FONDO DE DESARROLLO LOCAL DE SUBA
A2: OFERTA PRESENTADA PARA EL SEGURO DE TODO RIESGO EQUIPO Y MAQUINARIA
A3: NOMBRE DEL PROPONENTE: | N3: LA PREVISORA S.A. COMPAÑÍA DE SEGUROS
A4: GC | N4: CUMPLE | O4: NO CUMPLE | P4: SUBSANA
A5: OBJETO DEL SEGURO | N5: XXX
A6: Amparar contra todo riesgo la maquinaria y equipo que se moviliza por sus propios medios, de propiedad o por los que sea legalmente responsable de la Entidad", ubicada en cualquier parte del Territorio Nacional y por los daños que éstas causen a terceras personas en su integridad física o a sus bienes.
N7: XXX
A9: INFORMACION GENERAL
A11: TOMADOR: | G11: =A1 -> FONDO DE DESARROLLO LOCAL DE SUBA
A12: ASEGURADO: | G12: =G11 -> FONDO DE DESARROLLO LOCAL DE SUBA
A13: BENEFICIARIO: | G13: =G11 -> FONDO DE DESARROLLO LOCAL DE SUBA
A15: DEFINICIÓN DE BIENES | G15: Para los efectos de este seguro se entiende por MAQUINARIA Y EQUIPO, toda la maquinaria amarilla o verde, que se moviliza por sus propios medios o en otros vehículos de propiedad de la Entidad, o por los que sea legalmente responsable, ubicada en cualquier parte del territorio Nacional. | N15: XXX
A20: BIENES E INTERESES ASEGURABLES
A21: Todos los bienes definidos como maquinaria amarilla(motoniveladoras, retroescavadoras, buldoser, etc.) o verde(tractores, podadoras, etc.) | N21: XXX
A23: BIENES Y VALORES ASEGURADOS
A25: ARCHIVO EXCEL BIENES ASEGURADOS TRMYQ SAMC FDLS
A27: AMPAROS OBLIGATORIOS
A29: NOMBRE | K29: SUBLIMITE
A30: Todos los daños, pérdidas o desaparición que sufran los intereses asegurados, originados por cualquier causa no expresamente excluida, sea que dichos bienes estén en uso o inactivos, dentro o fuera de los predios del asegurado y dentro del territorio nacional, así como los costos y/o gastos en que incurra, o todos combinados, como consecuencia de dichos daños o pérdidas; incluyendo las siguientes coberturas y/o eventos pero sin estar limitado a ellos: Actos mal Intencionados de Terceros - Terrorismo (con cubrimiento al 100% de la pérdida) Asonada, Motín, Conmoción Civil o Popular y Huelga al 100% (con cubrimiento al 100% de la pérdida) Falla o daño mecánico y/o eléctrico interno, que sean amparadas por eventos cubierto en la poliza. Pérdida de combustible, lubricante o refrigerante. Hundimiento del terreno Impericia y negligencia Inundación y enlodamiento Movilización por sus propios medios, bajo sus propios medios hasta un radio de 250km del radio de operación o en otros vehículos Terremoto, Temblor o Erupción Volcánica al 100% Volcamiento, choque y colisión. Cualquier otra causa no excluida expresamente
N31: XXX
N32: XXX
N33: XXX
N34: XXX
N35: XXX
N36: XXX
N37: XXX
N38: XXX
N39: XXX
N40: XXX
N41: XXX
A42: Responsabilidad Civil Extracontractual (incluyendo daño moral y lucro cesante). Sublimite $400.000.000,00/$2.000.000.000 evento/vigencia. (Nota: el valor del sublimite corresponde al requerido por la Entidad, por lo cual podrá ser aumentado pero no disminuido, so pena de rechazo de la propuesta) | N42: XXX
A44: CLAUSULAS OBLIGATORIAS
A46: NOMBRE DE LA CLAUSULA | F46: DESCRIPCION DE LA CLAUSULA
A47: ACTOS DE AUTORIDAD | F47: Queda entendido, convenido y aceptado que la compañía indemnizará al asegurado las pérdidas ocasionadas por la destrucción de los bienes asegurados ordenada por la autoridad competente, con el fin de aminorar o evitar la propagación de las consecuencias de cualquier siniestro amparado por la póliza a la cual éste documento se adhiere. Se excluye confiscación, apropiación, o requisición | N47: XXX
A48: AMPARO AUTOMÁTICO PARA MAQUINARIA ADQUIRIDA O RECIBIDA, SEA NUEVA O USADA. | F48: Queda entendido, convenido y aceptado que en el evento de que el asegurado adquiera o reciba a cualquier título, maquinaria de cualquier clase, sean nueva o usada, sobre la cual éste tuviere interés asegurable; las coberturas y amparos adicionales de esta póliza se extenderán automáticamente a dichos bienes hasta por un límite de $400.000.000 y por 30 días. El asegurado está obligado a dar aviso a la Compañía dentro de los 30 días siguientes a la fecha de conocimiento de los nuevos bienes. La prima adicional se liquidará con base en las tasas contratadas. Si vencido este plazo no se ha informado a la Compañía, cesará el amparo. (Nota: el numero de días corresponde al requerido por la Entidad por lo cual podrá ser aumentado pero no disminuido so pena de rechazo de la propuesta) | N48: XXX
A49: AMPARO AUTOMÁTICO PARA MAQUINARIA QUE POR ERROR U OMISIÓN NO SE HAYAN INFORMADO AL INICIO DEL SEGURO. | F49: Queda entendido, convenido y aceptado que en el evento de que el asegurado, por error u omisión, no haya informado maquinaria al inicio de la cobertura, sobre la cual éste tuviere interés asegurable; las coberturas y amparos adicionales de esta póliza se extenderán automáticamente a dichos bienes hasta por el 100% del valor asegurado total y por 30 días. El asegurado está obligado a dar aviso a la Compañía dentro de los 30 días siguientes a la fecha de iniciación de la vigencia de la póliza. La prima adicional se liquidará con base en las tasas contratadas. Si vencido este plazo no se ha informado a la Compañía, cesará el amparo. (Nota: el porcentaje y el numero de días corresponde al requerido por la Entidad por lo cual podrá ser aumentado pero no disminuido so pena de rechazo de la propuesta) | N49: XXX
A50: AMPLIACIÓN DEL PLAZO PARA AVISO DE SINIESTRO | F50: Por medio de la presente cláusula y no obstante lo estipulado en las condiciones generales de la póliza, el asegurado podrá dar aviso de la ocurrencia del siniestro en un término de 30 días, siguientes a la fecha en que haya conocido o debido conocer la ocurrencia del mismo. (Nota: el numero de días corresponde al requerido por la Entidad por lo cual podrá ser aumentado pero no disminuido so pena de rechazo de la propuesta) | N50: XXX
A51: ANTICIPO DE INDEMNIZACIÓN 50% | F51: Queda entendido, convenido y aceptado que en caso de presentarse un siniestro amparado bajo la presente póliza y demostrada su ocurrencia, la compañía conviene en anticipar el 50% del valor estimado de la pérdida mientras el asegurado cumple con la obligación legal para tal fin. El asegurado deberá hacer el requerimiento mediante comunicación escrita dirigida a la compañía. (Nota: el porcentaje corresponde al requerido por la Entidad por lo cual podrá ser aumentado pero no disminuido so pena de rechazo de la propuesta) | N51: XXX
A52: BIENES BAJO CUIDADO, TENENCIA, CONTROL Y CUSTODIA | F52: Queda entendido, convenido y aceptado que la Compañía de Seguros indemnizará los daños ocasionados por cualquier siniestro amparado bajo la presente póliza, que afecte bienes que sin ser de propiedad del asegurado, estén bajo la responsabilidad, cuidado, tenencia, control o custodia del mismo. En dicho evento, la prima adicional se liquidará con base en las tasas contratadas. Sublímite de $150.000.000. (Nota: el limite corresponde al requerido por la Entidad por lo cual podrá ser aumentado pero no disminuido so pena de rechazo de la propuesta) | N52: XXX
A53: BIENES EN PREDIOS DE TERCEROS | F53: En todos aquellos casos en los cuales existan bienes en predios de terceros y sobre los cuales el asegurado no ejerza control, el contrato de seguros mantendra sus efectos de asegurabilidad aunque el asegurado no pueda ejercer sus actividades de administracion y operacion sobre los mismos. | N53: XXX
A54: CLÁUSULA DE 72 HORAS PARA TERREMOTO | F54: Las pérdidas o daños amparados por la presente póliza darán origen a una reclamación separada por cada uno de estos fenómenos, sin exceder el total del valor asegurado. Pero si varios de ellos ocurren dentro de cualquier periodo de setenta y dos (72) horas consecutivas durante la vigencia del amparo, se tendrán como un solo siniestro y las pérdidas y daños que se causen deberán estar comprendidos en una sola reclamación, sin exceder el total del valor asegurado. | N54: XXX
A55: CLAUSULA DE APLICACIÓN DE CONDICIONES PARTICULARES | F55: Queda expresamente acordado y convenido, que la compañía acepta las condiciones básicas, técnicas establecidas en este anexo, en los términos señalados en el mismo, por lo tanto, en caso de existir discrepancias entre los ofrecimientos contenidos en la propuesta técnica básica, frente a los textos de los ejemplares de las pólizas, certificados, anexos o cualquier otro documento; prevalecerá la información y condiciones básicas técnicas establecidas. | N55: XXX
A56: CONCURRENCIA DE AMPAROS, CLÁUSULAS Y/O CONDICIONES | F56: Queda entendido, convenido y aceptado, que si dos o más amparos, cláusulas o condiciones otorgan cobertura a un mismo evento, se indemnizará con aquella que ofrezca mayor protección para los intereses del asegurado. De igual manera prevalecerán los amparos, cláusulas o condiciones que otorguen cobertura, sobre aquellos que las excluyan. En todo caso y ante cualquier discrepancia sobre cuál es el amparo, cláusula o condición aplicable a un caso determinado, se aplicará aquella que determine el asegurado de acuerdo a su conveniencia. | N56: XXX
A57: CONOCIMIENTO DEL RIESGO | F57: La Compañía declara el conocimiento de los riesgos asegurados y por lo tanto deja constancia del conocimiento de los hechos, circunstancias y en general condiciones de los mismos, sin perjuicio de la obligación que tiene a su cargo el asegurado de avisar cualquier modificación o alteración en el estado del riesgo atendiendo a los criterios establecidos en los artículos 1058 y 1061 del Código del Comercio. La Compañía se reserva el derecho de realizar visitas para inspeccionar los riesgos asegurados cuantas veces lo juzgue pertinente. | N57: XXX
A58: DENOMINACIÓN EN LIBROS | F58: Queda entendido, convenido y aceptado que la compañía acepta el título, nombre, denominación y/o nomenclatura con que el asegurado identifica o describe los bienes asegurados en sus registros o libros de comercio o de contabilidad, siempre y cuando se trate de bienes amparados bajo la presente póliza. | N58: XXX
... A97: VALOR ACORDADO SIN APLICACIÓN DE INFRASEGURO | F97: Queda entendido, convenido y aceptado que el valor del interés asegurado es el que se señala en la carátula de la póliza el cual corresponde a su valor de reposición. Por lo tanto, en caso de ocurrir un siniestro amparado bajo la presente póliza, la aseguradora indemnizará la pérdida hasta el monto del valor asegurado, sin hacer aplicación de la regla proporcional por infraseguro, de acuerdo a lo señalado por el artículo 1089 del código de comercio siempre y cuando la diferencia entre el valor asegurado y el valor asegurable no sea mayor al 10%. (Nota: el valor del porcentaje corresponde al requerido por la Entidad por lo cual podrá ser aumentado pero no disminuido so pena de rechazo de la propuesta). | N97: XXX
A99: REPOSICION O REEMPLAZO. TABLA No.1
A101: TABLA No. 2 - CLAUSULA DE REPOSICIÓN O REEMPLAZO PARA MAQUINARIA Y EQUIPOS
A102: (Nota: Las edades y porcentajes señaladas en la Tabla No. 2 corresponden a los requeridos por la Entidad por lo cual podrá ser disminuidos pero no aumentados so pena de rechazo de la propuesta).
A104: EDAD DEL EQUIPO | G104: PORCENTAJE MAXIMO DE DEPRECIACION ANUAL | J104: MAXIMA DEPRECIACION ACUMULADA
A105: HASTA 3 AÑOS | G105: 0 | J105: 0 | N105: XXX
A106: MAYOR A 3 AÑOS Y HASTA 5 AÑOS | G106: 0.01 | J106: 0.15 | N106: XXX
A107: MAYOR A 5 AÑOS Y HASTA 7 AÑOS | G107: 0.16 | J107: 0.3 | N107: XXX
A108: MAYOR A 7 AÑOS Y HASTA 9 AÑOS | G108: 0.31 | J108: 0.4 | N108: XXX
A109: MAYOR A 9 AÑOS | G109: 0.41 | J109: 0.5 | N109: XXX
A111: TODO RIESGO DAÑOS MATERIALES
A112: CRITERIOS TÉCNICOS | N112: LA PREVISORA S.A. COMPAÑÍA DE SEGUROS
A113: MEJORA EN AMPAROS OBLIGATORIOS | N113: DÍAS OFERTADOS | O113: PUNTAJE OBTENIDO | P113: % PORCENTAJE OFERTADO | Q113: PUNTAJE OBTENIDO | R113: VALOR ASEGURADO OFERTADO | S113: PUNTAJE OBTENIDO | T113: SUBLIMITE OFERTADO | U113: PUNTAJE OBTENIDO | V113: PROMEDIO
A114: NOMBRE | G114: SUBLIMITE BÁSICO | H114: PUNTAJE REFERENCIA | I114: DESCRIPCIÓN DEL SUBLIMITE OFRECIDO (EL VALOR DEL SUBLÍMITE CORRESPONDE AL REQUERIDO POR LA ENTIDAD POR LO CUAL PODRÁ SER AUMENTADO PERO NO DISMINUIDO SO PENA DE RECHAZO DE LA PROPUESTA). | L114: PUNTAJE
A115: Responsabilidad Civil Extracontractual (incluyendo daño moral y lucro cesante). Responsabilidad Civil Extracontractual (incluyendo daño moral y lucro cesante). Sublimite $ 500.000.000. por maquina evento/ $3,000,000,000 vigencia. (Nota: el valor del sublimite corresponde al requerido por la Entidad, por lo cual podrá ser aumentado pero no disminuido, so pena de rechazo de la propuesta) | G115: SI - Sublimite $ 500.000.000.por maquina evento/$3,000,000,000 vigencia. | H115: 4 | T115: 500000000/3000000000 | V115: 4
V116: =SUM(V113:V115) -> 4
A117: PUNTAJE TOTAL | K117: =+L115 -> 0
A120: PUNTAJE TOTAL MEJORA EN AMPAROS OBLIGATORIOS | K120: =+K117 -> 0
N121: LA PREVISORA S.A. COMPAÑÍA DE SEGUROS
A122: MEJORA EN CLAUSULAS OBLIGATORIAS | N122: DÍAS OFERTADOS | O122: PUNTAJE OBTENIDO | P122: % PORCENTAJE OFERTADO | Q122: PUNTAJE OBTENIDO | R122: VALOR ASEGURADO OFERTADO | S122: PUNTAJE OBTENIDO | T122: SUBLIMITE OFERTADO | U122: PUNTAJE OBTENIDO | V122: PROMEDIO
A123: NOMBRE DE LA CLAUSULA | E123: DESCRIPCION DE LA CLAUSULA OFRECIDA | H123: PUNTAJE REFERENCIA | I123: DESCRIPCION DE LA CLAUSULA OFRECIDA | L123: PUNTAJE
A124: AMPARO AUTOMÁTICO PARA MAQUINARIA ADQUIRIDA O RECIBIDA, SEA NUEVA O USADA. | E124: Queda entendido, convenido y aceptado que en el evento de que el asegurado adquiera o reciba a cualquier título, maquinaria de cualquier clase, sean nueva o usada, sobre la cual éste tuviere interés asegurable; las coberturas y amparos adicionales de esta póliza se extenderán automáticamente a dichos bienes por 90 días. El asegurado está obligado a dar aviso a la Compañía dentro de los 90 días siguientes a la fecha de conocimiento de los nuevos bienes. La prima adicional se liquidará con base en las tasas contratadas. Si vencido este plazo no se ha informado a la Compañía, cesará el amparo. | H124: 0.4 | L124: 0 | N124: 110/110 | O124: 0.4 | V124: =+O124 -> 0.4
A125: AMPARO AUTOMÁTICO PARA MAQUINARIA QUE POR ERROR U OMISIÓN NO SE HAYAN INFORMADO AL INICIO DEL SEGURO. | E125: Queda entendido, convenido y aceptado que en el evento de que el asegurado, por error u omisión, no haya informado maquinaria al inicio de la cobertura, sobre la cual éste tuviere interés asegurable; las coberturas y amparos adicionales de esta póliza se extenderán automáticamente a dichos bienes hasta por el 100% del valor asegurado total y por 75 días. El asegurado está obligado a dar aviso a la Compañía dentro de los 25 días siguientes a la fecha de iniciación de la vigencia de la póliza. La prima adicional se liquidará con base en las tasas contratadas. Si vencido este plazo no se ha informado a la Compañía, cesará el amparo. | H125: 0.4 | L125: 0 | N125: 105 | O125: 0.4 | V125: =+O125 -> 0.4
A126: AMPLIACIÓN DEL PLAZO PARA AVISO DE SINIESTRO | E126: Por medio de la presente cláusula y no obstante lo estipulado en las condiciones generales de la póliza, el asegurado podrá dar aviso de la ocurrencia del siniestro en un término de 90 días, siguientes a la fecha en que haya conocido o debido conocer la ocurrencia del mismo. | H126: 0.4 | L126: 0 | N126: 105 | O126: 0.4 | V126: =+O126 -> 0.4
A127: ANTICIPO DE INDEMNIZACIÓN 60% | E127: Queda entendido, convenido y aceptado que en caso de presentarse un siniestro amparado bajo la presente póliza y demostrada su ocurrencia, la compañía conviene en anticipar el 60% del valor estimado de la pérdida mientras el asegurado cumple con la obligación legal para tal fin. El asegurado deberá hacer el requerimiento mediante comunicación escrita dirigida a la compañía. | H127: 0.4 | L127: 0 | P127: 0.7 | Q127: 0.4 | V127: =+Q127 -> 0.4
A128: BIENES BAJO CUIDADO, TENENCIA, CONTROL Y CUSTODIA | E128: Queda entendido, convenido y aceptado que la Compañía de Seguros indemnizará los daños ocasionados por cualquier siniestro amparado bajo la presente póliza, que afecte bienes que sin ser de propiedad del asegurado, estén a bajo la responsabilidad, cuidado, tenencia, control o custodia del mismo. Sublímite de $500.000.000. | H128: 0.4 | L128: 0 | R128: 1000000000 | S128: 0.4 | V128: =+S128 -> 0.4
A129: ELEMENTOS DAÑADOS Y GASTADOS | E129: Queda entendido, convenido y aceptado que con la inclusión de esta cláusula en la póliza, la Entidad podrá asegurar los bienes que se encuentren dañados o fuera de uso por obsolescencia o desgaste natural, pero que aún no se hayan dado de baja, sin que al momento de un siniestro la aseguradora vaya a exigir que su valor asegurado corresponda al valor de reposición, sino al valor real del bien en el estado que se encuentre. Sublímite de $80.000.000. | H129: 0.4 | L129: 0 | R129: 200000000 | S129: 0.4 | V129: =+S129 -> 0.4
A130: EXTENSIÓN DE RESPONSABILIDAD CIVIL CUANDO EL EQUIPO O MAQUINARIA NO ESTE SIENDO CONDUCIDO | E130: Queda entendido, convenido y aceptado que la presente póliza indemnizará la Responsabilidad Civil Extracontractual de la cual el asegurado sea responsable aún cuando la maquinaria asegurada no esta siendo conducida o no se encuentre en funcionamiento. Sublímite $ 150.000.000 evento /vigencia. | H130: 0.4 | L130: 0 | R130: 250000000 | S130: 0.4 | V130: =+S130 -> 0.4
A131: MODIFICACIONES DEL RIESGO | E131: Queda entendido, convenido y aceptado que las notificaciones que sobre los hechos o circunstancias no previsibles que sobrevengan con posterioridad a la celebración del contrato de seguro y que, conforme al criterio consignado en el inciso 1° del artículo 1058 del código de comercio, signifiquen agravación del riesgo, se efectuarán por el tomador o asegurado dentro de los 90 días siguientes a la fecha de modificación del riesgo, si esta depende del arbitrio del asegurado o del tomador. Si les es extraña dentro de los 90 días siguientes a aquel en que tengan conocimiento de ella, conocimiento que se presume transcurridos 90 días desde el momento de la modificación. | H131: 0.4 | L131: 0 | N131: 105/105/90 | O131: 0.4 | V131: =+O131 -> 0.4
A132: SUBLÍMITE ÚNICO COMBINADO PARA LAS CLAUSULAS QUE AMPARAN GASTOS ADICIONALES | E132: Queda entendido, convenido y aceptado, que para las clausulas que amparan "gastos adicionales" se establece un límite único combinado de $300.000.000 evento / $600.000.000 vigencia, a primera pérdida absoluta. | H132: 0.4 | L132: 0 | T132: 500000000/1,500,000,000 | U132: 0.4 | V132: =+U132 -> 0.4
A133: VALOR ACORDADO SIN APLICACIÓN DE INFRASEGURO | E133: Queda entendido, convenido y aceptado que el valor del interés asegurado es el que se señala en la carátula de la póliza el cual corresponde a su valor de reposición. Por lo tanto, en caso de ocurrir un siniestro amparado bajo la presente póliza, la aseguradora indemnizará la pérdida hasta el monto del valor asegurado, sin hacer aplicación de la regla proporcional por infraseguro, de acuerdo a lo señalado por el artículo 1089 del código de comercio siempre y cuando la diferencia entre el valor asegurado y el valor asegurable no sea mayor al 20%. | H133: 0.4 | L133: 0 | P133: 0.25 | Q133: 0.4 | V133: 0.4
V134: =SUM(V122:V133) -> 4
A135: PUNTAJE TOTAL | K135: =SUM(L124:L133) -> 0
A138: PUNTAJE TOTAL MEJORA EN CLAUSULAS OBLIGATORIAS
N139: LA PREVISORA S.A. COMPAÑÍA DE SEGUROS
A140: AMPAROS ADICIONALES | N140: OTORGA | O140: NO OTORGA | U140: PUNTAJE OBTENIDO | V140: PROMEDIO
A141: NOMBRE DEL AMPARO | E141: DESCRIPCIÓN DEL AMPARO | H141: PUNTAJE REFERENCIA | I141: DESCRIPCIÓN DEL AMPARO OFRECIDO | L141: PUNTAJE
A142: Responsabilidad Civil sobre operarios y pasajeros al 90%. | E142: Responsabilidad Civil sobre operarios y pasajeros al 90%. | H142: 2 | L142: 0 | N142: NO SE OTORGA | O142: 0 | U142: 0 | V142: =+U142 -> 0
A143: Responsabilidad Civil Extracontractual | E143: Responsabilidad Civil Extracontractual al 100 %.Responsabilidad Civil Extracontractual (incluyendo daño moral y lucro cesante). Responsabilidad Civil Extracontractual (incluyendo daño moral y lucro cesante). | H143: 2 | L143: 0 | N143: SE OTORGA | O143: 2 | U143: 2 | V143: 2
V144: =SUM(V142:V143) -> 2
A145: PUNTAJE TOTAL | K145: =SUM(L142:L143) -> 0
A148: PUNTAJE TOTAL AMPAROS ADICIONALES
N149: LA PREVISORA S.A. COMPAÑÍA DE SEGUROS
A150: CLÁUSULAS ADICIONALES | N150: OTORGA | O150: NO OTORGA | U150: PUNTAJE OBTENIDO | V150: PROMEDIO
A151: NOMBRE DE LA CLAUSULA | E151: DESCRIPCION DE LA CLAUSULA | H151: PUNTAJE REFERENCIA | I151: DESCRIPCION DE LA CLAUSULA OFRECIDA | L151: PUNTAJE
A152: NO LIMITACIÓN DE LA CLÁUSULA DENOMINADA “NO APLICACIÓN DE DEMÉRITOS” A LA FECHA DE FABRICACIÓN DEL BIEN ASEGURADO | E152: Queda entendido, convenido y aceptado que la cláusula denominada "no aplicación de deméritos" se otorga sin limitación en el tiempo o a la fecha de fabricación del bien asegurado. | H152: 2 | L152: 0 | N152: SE OTORGA | O152: 2 | U152: 2 | V152: 2
A153: VALORES GLOBALES SIN RELACION DE BIENES | E153: Queda entendido, convenido y aceptado que la aseguradora no solicitara al asegurado la relacion discriminada de los bienes asegurados aceptando la indicacion de las sumas globales informadas por el asegurado | H153: 2 | L153: 0 | N153: NO SE OTORGA | O153: 0 | U153: 0 | V153: =+U153 -> 0
V154: =SUM(V152:V153) -> 2
A155: PUNTAJE TOTAL | K155: =SUM(L152:L153) -> 0
A158: PUNTAJE TOTAL CLÁUSULAS ADICIONALES
A160: CONDICIONES ESPECIALES
N161: LA PREVISORA S.A. COMPAÑÍA DE SEGUROS
N162: OTORGA | O162: NO OTORGA | P162: SUBLIMITE | U162: PUNTAJE OBTENIDO | V162: PROMEDIO
A163: NOMBRE | E163: DESCRIPCIÓN | H163: PUNTAJE REFERENCIA | I163: DESCRIPCION DEL OFRECIMIENTO | L163: PUNTAJE
A164: RESTABLECIMIENTO AUTOMÁTICO DEL VALOR ASEGURADO POR PAGO DE SINIESTRO PARA LAS COBERTURAS DE AMIT y HUELGA, MOTÍN, ASONADA, CONMOCIÓN CIVIL O POPULAR | E164: En caso de ser indemnizada una pérdida, el límite de responsabilidad de la compañía se reducirá en una suma igual al monto de la indemnización pagada. No obstante mediante esta cláusula se restablecerá automáticamente la suma asegurada, en los eventos de actos mal intencionados de terceros (AMIT), Huelga, Motín, Asonada, Conmoción Civil o Popular (HMACCP) en el momento en que los bienes perdidos o dañados se hayan reparado o reemplazado parcial o totalmente para lo cual el asegurado se compromete a informar a la compañía la fecha exacta de reparación o reposición de los bienes afectados y a pagar la prima adicional, calculada a prorrata sobre el valor de la disminución en el tiempo que falte para el vencimiento de la póliza. | H164: 5 | L164: 0 | N164: SE OTORGA | R164: 1,000,000,000 | S164: 5 | U164: 5 | V164: 5
...

Sheet AUTOS
A1: FONDO DE DESARROLLO LOCAL DE SUBA
A2: OFERTA PRESENTADA PARA EL SEGURO DE AUTOMÓVILES
A3: NOMBRE DEL PROPONENTE:
A4: GC
A5: OBJETO DEL SEGURO
A6: Amparar los daños y/o pérdidas que sufran los vehículos de propiedad del FONDO DE DESARROLLO LOCAL DE SUBA o por los que sea legalmente responsable, o aquellos daños a bienes o lesiones o muerte a terceros que se causen.
A9: INFORMACION GENERAL
A11: TOMADOR: | G11: =A1 -> FONDO DE DESARROLLO LOCAL DE SUBA
A12: ASEGURADO: | G12: =G11 -> FONDO DE DESARROLLO LOCAL DE SUBA
A13: BENEFICIARIO: | G13: =G11 -> FONDO DE DESARROLLO LOCAL DE SUBA | N13: LA PREVISORA S.A. COMPAÑÍA DE SEGUROS
N14: CUMPLE | O14: NO CUMPLE | P14: SUBSANA
A15: CONDICIONES OBLIGATORIAS | G15: Todos las cláusulas que otorgan coberturas de gastos adicionales, operan sin aplicación de deducibles. | N15: XXX
G16: Por el hecho de presentar oferta, el oferente aprueba los siguientes procedimientos en los casos en que se presenten pérdidas totales y el vehículo afectado no se encuentre matriculado: • Para Pérdidas Totales por Daños: se determinará conjuntamente con la aseguradora el valor del salvamento y este quedará a opción de la Entidad, y su valor será deducido del total a indemnizar. El asegurado suministrará la factura original de compra, el certificado individual o manifiesto de importación o el documento que acredite la adquisición del vehículo, según su disponibilidad. • Para Pérdidas Totales por Hurto: con la sola presentación del denuncio y una carta de la Entidad en la cual deje a disposición de la Aseguradora el salvamento en caso de recuperación, se procederá a cancelar el valor asegurado total. El asegurado suministrará la factura original de compra, el certificado individual o manifiesto de importación o el documento que acredite la adquisición del vehículo, según su disponibilidad. | N16: XXX
G17: El oferente deberá indicar las tasas a aplicar para determinar el valor de la prima. Si el oferente no aplica tasas únicas, deberá presentar cotización individual por cada uno de los vehículos asegurados o de lo contrario obtendrá cero puntos en la evaluación del factor costo de los seguros. | N17: XXX
A19: VEHICULOS Y VALORES ASEGURADOS
A21: VER INVENTARIO (ARCHIVO BIENES)
A23: AMPARO
A24: OFERTA BASICA. AUTOS Responsabilidad Civil Extracontractual (incluyendo daño emergente, daño moral y lucro cesante, así como cualquier otro de concepto de daño patrimonial o extrapatrimonial que determine un Juez de la República) • Daños a bienes de Terceros $ 1.000.000.000 • Muerte o Lesiones a una persona $ 1.000.000.000 • Muerte o Lesiones a dos o más personas $ 2.000.000.000
N25: XXX
N26: XXX
A27: OFERTA PARA MOTOCICLETAS. Responsabilidad Civil Extracontractual (incluyendo daño emergente, daño moral y lucro cesante, así como cualquier otro de concepto de daño patrimonial o extrapatrimonial que determine un Juez de la República) • Daños a bienes de Terceros $ 200.000.000 • Muerte o Lesiones a una persona $ 200.000.000 • Muerte o Lesiones a dos o más personas $ 400.000.000 | N27: XXX
N28: XXX
N29: XXX
A30: VALOR ASEGURADO TOTAL. PARQUE AUTOMOTOR VER INVENTARIO (ANEXO 1. ESTUDIO DE MERCADO SUBA 2026) | N30: XXX
A32: AMPAROS OBLIGATORIOS
A34: NOMBRE | L34: SE PERMITE SUBLIMITAR
A35: AUTOMOVILES Responsabilidad Civil Extracontractual (incluyendo daño emergente, daño moral y lucro cesante, así como cualquier otro de concepto de daño patrimonial o extrapatrimonial que determine un Juez de la República) • Daños a bienes de Terceros $ 1.000.000.000 • Muerte o Lesiones a una persona $ 1.000.000.000 • Muerte o Lesiones a dos o más personas $ 2.000.000.000 | L35: NO | N35: XXX
A36: MOTOCICLETAS. Responsabilidad Civil Extracontractual (incluyendo daño emergente, daño moral y lucro cesante, así como cualquier otro de concepto de daño patrimonial o extrapatrimonial que determine un Juez de la República) • Daños a bienes de Terceros $ 200.000.000 • Muerte o Lesiones a una persona $ 200.000.000 • Muerte o Lesiones a dos o más personas $ 400.000.000 | L36: NO | N36: XXX
A37: Pérdida Total por Daños (incluidos actos terroristas) | L37: NO | N37: XXX
A38: Pérdida Parcial por Daños (incluidos actos terroristas) | L38: NO | N38: XXX
A39: Pérdida Parcial o Total por Hurto o Hurto Calificado | L39: NO | N39: XXX
A40: Terremoto, Temblor y/o Erupción Volcánica y demás eventos de la naturaleza | L40: NO | N40: XXX
A41: No aplicación de deducibles para todos los amparos | L41: NO | N41: XXX
A42: Amparo de Protección Patrimonial | L42: NO | N42: XXX
A43: Asistencia Jurídica en Proceso Penal | L43: SI | N43: XXX
A44: Asistencia Jurídica en Proceso Civil | L44: SI | N44: XXX
A45: Gastos de Transporte por Pérdidas Totales. Para vehiculos livianos, se excluye Motocicletas. | L45: (Límite de $ 40.000 diarios y hasta 75 días) | N45: XXX
A46: Asistencia en viaje para todos los vehículos asegurados. | L46: SI | N46: XXX
... A49: Ampliación del radio de operaciones para todos los amparos en los países de la Comunidad Andina de Naciones, se excluye Venezuela | L49: NO | N49: XXX
N50: XXX
A51: CLAUSULAS OBLIGATORIAS
A53: NOMBRE | C53: DESCRIPCION DE LA CLAUSULA
A54: ACTOS DE AUTORIDAD | C54: Queda entendido, convenido y aceptado que la compañía indemnizará al asegurado las pérdidas ocasionadas por la destrucción de los bienes asegurados ordenada por la autoridad competente, con el fin de aminorar o evitar la propagación de las consecuencias de cualquier siniestro amparado por la póliza a la cual éste documento se adhiere. | N54: XXX
A55: AMPARO AUTOMÁTICO DE NUEVOS ACCESORIOS Y EQUIPOS | C55: Queda entendido, convenido y aceptado que en el evento de que el asegurado adquiera o reciba a cualquier título accesorios y equipos de cualquier clase, sobre los cuales éste tuviere interés asegurable; las coberturas y amparos adicionales de ésta póliza se extenderán automáticamente a dichos bienes hasta por un límite del 20% del valor asegurado del vehículo y por un periodo de 30 días. El asegurado está obligado a dar aviso a la Compañía dentro de los 60 días siguientes a la fecha de conocimiento de los nuevos bienes. La prima adicional se liquidará con base en las tasas contratadas. Si vencido este plazo no se ha informado a la Compañía, cesará el amparo. (Nota: el valor del límite y el número de días corresponde al requerido por la Entidad por lo cual podrá ser aumentado pero no disminuido so pena de rechazo de la respuesta) | N55: XXX
A56: AMPARO AUTOMÁTICO DE NUEVOS VEHICULOS SEAN CERO KILÓMETROS O USADOS | C56: Queda entendido, convenido y aceptado que en el evento de que el asegurado adquiera o reciba a cualquier título, vehículos automotores de cualquier clase, sean nuevos (cero kilómetros) o usados, sobre los cuales éste tuviere interés asegurable; las coberturas y amparos adicionales de esta póliza se extenderán automáticamente a dichos bienes hasta por un límite de $300.000.000 por vehículo y por un periodo de 60 días. El asegurado está obligado a dar aviso a la Compañía dentro de los 60 días siguientes a la fecha de conocimiento de los nuevos bienes y para los vehículos que sean usados a realizar la inspección dentro de los 10 días siguientes al recibo del automotor. La prima adicional se liquidará con base en las tasas contratadas. Si vencido este plazo no se ha informado a la Compañía, cesará el amparo. (Nota: el valor del límite y el número de días corresponde al requerido por la Entidad por lo cual podrá ser aumentado pero no disminuido so pena de rechazo de la propuesta) | N56: XXX
A57: AMPARO AUTOMÁTICO PARA ACCESORIOS Y EQUIPOS QUE POR ERROR U OMISIÓN NO SE HAYAN INFORMADO AL INICIO DEL SEGURO. | C57: Queda entendido, convenido y aceptado que en el evento de que el asegurado, por error u omisión, no haya informado accesorios o equipos al inicio de la cobertura, sobre los cuales éste tuviere interés asegurable; las coberturas y amparos adicionales de esta póliza se extenderán automáticamente a dichos bienes hasta por hasta por un límite de $200.000.000 y por un periodo de 60 días. El asegurado está obligado a dar aviso a la Compañía dentro de los 60 días siguientes a la fecha de iniciación de la vigencia de la póliza. La prima adicional se liquidará con base en las tasas contratadas. Si vencido este plazo no se ha informado a la Compañía, cesará el amparo. (Nota: el valor del límite y el número de días corresponde al requerido por la Entidad por lo cual podrá ser aumentado pero no disminuido so pena de rechazo de la propuesta). | N57: XXX
A58: AMPARO AUTOMÁTICO PARA VEHICULOS QUE POR ERROR U OMISIÓN NO SE HAYAN INFORMADO AL INICIO DEL SEGURO. | C58: Queda entendido, convenido y aceptado que en el evento de que el asegurado, por error u omisión, no haya informado vehículos automotores de cualquier clase al inicio de la cobertura, sobre los cuales éste tuviere interés asegurable; las coberturas y amparos adicionales de esta póliza se extenderán automáticamente a dichos bienes por un término de 60 días. El asegurado está obligado a dar aviso a la Compañía dentro de los 60 días siguientes a la fecha de iniciación de la vigencia de la póliza. La prima adicional se liquidará con base en las tasas contratadas. Si vencido este plazo no se ha informado a la Compañía, cesará el amparo. Sublímite $200.000.000 (Nota: el valor del límite y el número de días corresponde al requerido por la entidad, por lo cual podrá ser aumentado pero no disminuido so pena de rechazo de la propuesta) | N58: XXX
A59: AMPLIACIÓN DEL PLAZO PARA AVISO DE SINIESTRO | C59: Por medio de la presente cláusula y no obstante lo estipulado en las condiciones generales de la póliza, el asegurado podrá dar aviso de la ocurrencia del siniestro en un término de 60 días, siguientes a la fecha en que haya conocido o debido conocer la ocurrencia del mismo. (Nota: el número de días corresponde al requerido por la Entidad por lo cual podrá ser aumentado pero no disminuido so pena de rechazo de la propuesta) | N59: XXX
A60: ANTICIPO DE INDEMNIZACION 50% | C60: Queda entendido, convenido y aceptado que en caso de presentarse un siniestro amparado bajo la presente póliza y demostrada su ocurrencia, la compañía conviene en anticipar el 50% del valor estimado de la pérdida mientras el asegurado cumple con la obligación legal para tal fin. El asegurado deberá hacer el requerimiento mediante comunicación escrita dirigida a la compañía. (Nota: el porcentaje señalado corresponde al requerido por la Entidad por lo cual podrá ser aumentado pero no disminuido, so pena de rechazo de la propuesta) | N60: XXX
A61: AUTORIZACION DE REPARACION DEL VEHÍCULO | C61: Mediante la presente cláusula, se deja expresamente señalado que el término de respuesta de la Compañía, para confirmar la autorización de la reparación de los vehículos en los siniestros que afecten la cobertura de pérdida parcial, es de cinco (5) dias hábiles, contados a partir del momento en que la Entidad asegurada presenta la reclamación y formaliza la misma, de acuerdo con las condiciones señaladas en la oferta de que para tal efecto se encuentran establecidas. (Nota: el numero de cinco (5) días hábiles corresponde al aceptado por la Entidad, por lo cual podrá ser disminuido pero no aumentado, so pena de rechazo de la propuesta) | N61: XXX
A62: AVISOS Y LETREROS | C62: Queda entendido, convenido y aceptado que la Compañía de Seguros indemnizará los daños ocasionados a los avisos, letreros, logo símbolos, emblemas, distintivos, escudos y cualquier otro similar; por cualquier siniestro amparado bajo la presente póliza, que afecte los vehículos asegurados, hasta por el 100% del valor de los mismos. Con un sublimite de cien millones de pesos ($ 100.000.000.00) evento/vigencia. (Nota: el porcentaje señalado corresponde al requerido por la Entidad, por lo cual podrá ser aumentado pero no disminuido, so pena de rechazo de la propuesta) | N62: XXX
A63: CLÁUSULA DE 72 HORAS PARA TERREMOTO/MAREMOTO Y DEMAS EVENTOS DE LA NATURALEZA | C63: Las pérdidas o daños amparados por la presente póliza darán origen a una reclamación separada por cada uno de estos fenómenos, sin exceder el total del valor asegurado. Pero si varios de ellos ocurren dentro de cualquier periodo de setenta y dos (72) horas consecutivas durante la vigencia del amparo, se tendrán como un solo siniestro y las pérdidas y daños que se causen deberán estar comprendidos en una sola reclamación, sin exceder el total del valor asegurado. | N63: XXX
A64: CLAUSULA DE APLICACIÓN DE CONDICIONES PARTICULARES | C64: Queda expresamente acordado y convenido, que la compañía acepta las condiciones básicas, técnicas establecidas en este anexo, en los términos señalados en el mismo, por lo tanto, en caso de existir discrepancias entre los ofrecimientos contenidos en la propuesta técnica básica, frente a los textos de los ejemplares de las pólizas, certificados, anexos o cualquier otro documento; prevalecerá la información y condiciones básicas técnicas establecidas. | N64: XXX
A65: COBERTURA DE ACCESORIOS | C65: Queda entendido, convenido y aceptado, que todos los accesorios de los vehículos asegurados se encuentran debidamente amparados aunque no se hayan detallado expresamente hasta por un limite de 20% del valor asegurado del vehiculo por vehículo con aviso 60 días. En el evento de que el valor de los accesorios sea mayor si se requerirá relación detallada de los mismos. (Nota: el valor del límite y el numero de días corresponde al requerido por la Entidad por lo cual podrá ser aumentado pero no disminuido so pena de rechazo de la propuesta) | N65: XXX
... A98: TRANSPORTE DE MERCANCÍAS ASAROZAS, INFLAMABLES O EXPLOSIVAS. | C98: No obstante lo dispuesto en las condiciones generales y particulares de la póliza, se hace constar que este seguro ampara automáticamente las pérdidas o daños que sufran los vehículos asegurados y la responsabilidad civil extracontractual, que pueda derivarse; cuando dichos vehículos transporten mercancías azarosas, inflamables o explosivas, "se ampara con previo acuerdo entre el asegurado y la aseguradora" | N98: XXX
A100: AUTOMÓVILES
A101: CRITERIOS TÉCNICOS
A102: MEJORA EN AMPAROS OBLIGATORIOS | N102: LA PREVISORA S.A. COMPAÑÍA DE SEGUROS
A103: NOMBRE | G103: SUBLIMITE BÁSICO | H103: PUNTAJE REFERENCIA | I103: DESCRIPCIÓN DEL SUBLIMITE OFRECIDO (EL VALOR DEL SUBLÍMITE CORRESPONDE AL REQUERIDO POR LA ENTIDAD POR LO CUAL PODRÁ SER AUMENTADO PERO NO DISMINUIDO SO PENA DE RECHAZO DE LA PROPUESTA). | L103: PUNTAJE | N103: DÍAS OFERTADOS | O103: PUNTAJE OBTENIDO | P103: % PORCENTAJE OFERTADO | Q103: PUNTAJE OBTENIDO | R103: VALOR ASEGURADO OFERTADO | S103: PUNTAJE OBTENIDO | T103: SUBLIMITE OFERTADO | U103: PUNTAJE OBTENIDO | V103: PROMEDIO
A104: Gastos de Transporte por Pérdidas Totales. Para vehiculos livianos, se exluye vehiuclos Motocicletas y Vehiculos pesados | G104: (Límite de $ 40.000 diarios y hasta 75 días) | H104: 4 | N104: 76 | O104: 4 | R104: 41000 | S104: 4 | V104: 4
V105: 4
A106: =+H104 -> 4 | K106: =+H104 -> 4
A109: PUNTAJE TOTAL MEJORA EN AMPAROS OBLIGATORIOS | K109: =+K106 -> 4
A111: MEJORA EN CLAUSULAS OBLIGATORIAS | N111: LA PREVISORA S.A. COMPAÑÍA DE SEGUROS
A112: NOMBRE DE LA CLAUSULA | E112: DESCRIPCION DE LA CLAUSULA OFRECIDA | H112: PUNTAJE REFERENCIA | I112: DESCRIPCION DE LA CLAUSULA OFRECIDA | L112: PUNTAJE | N112: DÍAS OFERTADOS | O112: PUNTAJE OBTENIDO | P112: % PORCENTAJE OFERTADO | Q112: PUNTAJE OBTENIDO | R112: VALOR ASEGURADO OFERTADO | S112: PUNTAJE OBTENIDO | T112: SUBLIMITE OFERTADO | U112: PUNTAJE OBTENIDO | V112: PROMEDIO
A113: AMPARO AUTOMÁTICO DE NUEVOS ACCESORIOS Y EQUIPOS | E113: Queda entendido, convenido y aceptado que en el evento de que el asegurado adquiera o reciba a cualquier título accesorios y equipos de cualquier clase, sobre los cuales éste tuviere interés asegurable; las coberturas y amparos adicionales de ésta póliza se extenderán automáticamente a dichos bienes hasta por un límite del 30% del valor asegurado del vehículo y por un periodo de 90 días. El asegurado está obligado a dar avis a la Compañía dentro de los 90 días siguientes a la fecha de conocimiento de los nuevos bienes. La prima adicional se liquidará con base en las tasas contratadas. Si vencido este plazo no se ha informado a la Compañía, cesará el amparo. | H113: 0.4 | L113: 0 | N113: 105/105 | O113: 0.4 | P113: 0.3 | Q113: 0.4 | V113: 0.4
A114: AMPARO AUTOMÁTICO DE NUEVOS VEHICULOS SEAN CERO KILÓMETROS O USADOS | E114: Queda entendido, convenido y aceptado que en el evento de que el asegurado adquiera o reciba a cualquier título accesorios y equipos de cualquier clase, sobre los cuales éste tuviere interés asegurable; las coberturas y amparos adicionales de ésta póliza se extenderán automáticamente a dichos bienes hasta por un límite del 30% del valor asegurado del vehículo y por un periodo de 90 días. El asegurado está obligado a dar avis a la Compañía dentro de los 90 días siguientes a la fecha de conocimiento de los nuevos bienes. La prima adicional se liquidará con base en las tasas contratadas. Si vencido este plazo no se ha informado a la Compañía, cesará el amparo. | H114: 0.4 | L114: 0 | N114: 105/105 | O114: 0.4 | P114: 0.3 | Q114: 0.4 | V114: 0.4
A115: AMPARO AUTOMÁTICO PARA ACCESORIOS Y EQUIPOS QUE POR ERROR U OMISIÓN NO SE HAYAN INFORMADO AL INICIO DEL SEGURO. | E115: Queda entendido, convenido y aceptado que en el evento de que el asegurado, por error u omisión, no haya informado accesorios o equipos al inicio de la cobertura, sobre los cuales éste tuviere interés asegurable; las coberturas y amparos adicionales de esta póliza se extenderán automáticamente a dichos bienes hasta por hasta por un límite de $300.000.000 y por un periodo de 90 días. El asegurado está obligado a dar aviso a la Compañía dentro de los 90 días siguientes a la fecha de iniciación de la vigencia de la póliza. La prima adicional se liquidará con base en las tasas contratadas. Si vencido este plazo no se ha informado a la Compañía, cesará el amparo. | H115: 0.4 | L115: 0 | N115: 105/105 | O115: 0.4 | R115: 300000000 | S115: 0.4 | V115: 0.4
A116: AMPARO AUTOMÁTICO PARA VEHICULOS QUE POR ERROR U OMISIÓN NO SE HAYAN INFORMADO AL INICIO DEL SEGURO. | E116: Queda entendido, convenido y aceptado que en el evento de que el asegurado, por error u omisión, no haya informado vehículos automotores de cualquier clase al inicio de la cobertura, sobre los cuales éste tuviere interés asegurable; las coberturas y amparos adicionales de esta póliza se extenderán automáticamente a dichos bienes por un término de 90 días. El asegurado está obligado a dar aviso a la Compañía dentro de los 90 días siguientes a la fecha de iniciación de la vigencia de la póliza. La prima adicional se liquidará con base en las tasas contratadas. Si vencido este plazo no se ha informado a la Compañía, cesará el amparo. Sublímite $300.000.000 | H116: 0.4 | L116: 0 | N116: 105/105 | O116: 0.4 | R116: 300000000 | S116: 0.4 | V116: 0.4
A117: AMPLIACIÓN DEL PLAZO PARA AVISO DE SINIESTRO | E117: Por medio de la presente cláusula y no obstante lo estipulado en las condiciones generales de la póliza, el asegurado podrá dar aviso de la ocurrencia del siniestro en un término de 100 días, siguientes a la fecha en que haya conocido o debido conocer la ocurrencia del mismo. | H117: 0.4 | L117: 0 | N117: 105 | O117: 0.4 | V117: 0.4
A118: ANTICIPO DE INDEMNIZACION 60% | E118: Queda entendido, convenido y aceptado que en caso de presentarse un siniestro amparado bajo la presente póliza y demostrada su ocurrencia, la compañía conviene en anticipar el 60% del valor estimado de la pérdida mientras el asegurado cumple con la obligación legal para tal fin. El asegurado deberá hacer el requerimiento mediante comunicación escrita dirigida a la compañía. | H118: 0.4 | L118: 0 | P118: 0.7 | Q118: 0.4 | V118: 0.4
A119: AUTORIZACION DE REPARACION DEL VEHÍCULO | E119: Mediante la presente cláusula, se deja expresamente señalado que el término de respuesta de la Compañía, para confirmar la autorización de la reparación de los vehículos en los siniestros que afecten la cobertura de pérdida parcial, es de tres (3) dias hábiles, contados a partir del momento en que la Entidad asegurada presenta la reclamación y formaliza la misma, de acuerdo con las condiciones señaladas en la oferta de que para tal efecto se encuentran establecidas. | H119: 0.4 | L119: 0 | N119: 3 | O119: 0.4 | V119: 0.4
A120: COBERTURA DE ACCESORIOS | E120: Queda entendido, convenido y aceptado, que todos los accesorios de los vehículos asegurados se encuentran debidamente amparados aunque no se hayan detallado expresamente hasta por un limite de 25% del valor asegurado del vehiculo por vehículo con aviso 90 días. En el evento de que el valor de los accesorios sea mayor si se requerirá relación detallada de los mismos. | H120: 0.4 | L120: 0 | N120: 90 | O120: 0.4 | P120: 0.25 | Q120: 0.4 | V120: 0.4
A121: REVOCACIÓN DE LA PÓLIZA Y/O NO RENOVACION Y/O NO PRORROGA | E121: El presente contrato de seguro podrá ser revocado unilateralmente por el asegurado en cualquier momento de su ejecución. La compañía por su parte podrá revocarlo dando aviso por escrito con 90 días de anticipación, y en menor tiempo en el evento contemplado en el artículo 22 de la Ley 35 de 1993. En caso de revocación por parte de la aseguradora, esta devolverá al asegurado la parte de la prima no devengada, o sea, la que corresponde al lapso comprendido entre la fecha que comienza a surtir efecto la revocación y la del vencimiento del seguro. En caso de que sea revocado por el asegurado, el importe de la prima devengada y el de la devolución, se calculará tomando en cuenta la tarifa de seguros a corto plazo. De igual manera, la compañía se obliga a avisar su decisión de no renovar o prorrogar éste contrato de seguros con 90 días de anticipación, mediante comunicación escrita dirigida al asegurado. | H121: 0.4 | L121: 0 | N121: 90/90 | O121: 0.4 | V121: 0.4
A122: EXTENSION DE COBERTURA ACCIDENTES PERSONALES PARA EL CONDUCTOR DE LOS VEHICULOS ASEGURADOS | E122: Queda entendido, convenido y aceptado que en caso de un siniestro, que afecte la presente póliza, la Compañía de Seguros extiende la cobertura en caso de muerte accidental para los conductores de los vehículos asegurados, con límite básico de $10.000.000. por conductor de cada vehículo. | H122: 0.4 | R122: 30000000 | S122: 0.4 | V122: 0.4
A123: SERVICIO DE CASA CARCEL PARA CONDUCTORES | E123: En el evento de ocurrencia de un accidente de tránsito que presente lesionados o muertos, estando el conductor del vehículo asegurado en una de las causales determinadas por la Ley para ser remitido a una casa-cárcel debidamente autorizada por la ENTIDAD, la compañía sufragará hasta un límite del 100% de los gastos que se generen en dicha casa-cárcel para brindarle al conductor del vehículo asegurado una mejora de los servicios que la misma brinda tales como alimentación especial, habitación dotada con televisor, etc. todo esto siempre y cuando la casa-cárcel ofrezca tales servicios adicionales. Sublímite 60 SMDLV. | H123: 0.4 | L123: 0 | P123: 1 | Q123: 0.4 | T123: 60 SMDLV | U123: 0.4 | V123: 0.4
V124: =SUM(V113:V123)-0.4 -> 4
A125: PUNTAJE TOTAL | K125: 0
A128: PUNTAJE TOTAL MEJORA EN CLAUSULAS OBLIGATORIAS
A130: AMPAROS ADICIONALES | N130: LA PREVISORA S.A. COMPAÑÍA DE SEGUROS
A131: NOMBRE DEL AMPARO | E131: DESCRIPCIÓN DEL AMPARO | H131: PUNTAJE REFERENCIA | I131: DESCRIPCIÓN DEL AMPARO OFRECIDO | L131: PUNTAJE | N131: DÍAS OFERTADOS | O131: PUNTAJE OBTENIDO | P131: % PORCENTAJE OFERTADO | Q131: PUNTAJE OBTENIDO | R131: VALOR ASEGURADO OFERTADO | S131: PUNTAJE OBTENIDO | T131: SUBLIMITE OFERTADO | U131: PUNTAJE OBTENIDO | V131: PROMEDIO
A132: Asistencia Juridica | E132: Asistencia Jurídica en Proceso Administrativo | H132: 1 | L132: 0 | N132: SE OTORGA | S132: 1 | V132: 1
A133: Cobertura de pérdidas parciales o totales por daños y hurto | E133: Cobertura de pérdidas parciales o totales por daños y hurto de vehículos de propiedad de funcionarios en comisión de servicios autorizada en sus propios vehículos. Límite de $10.000.000 evento $20.000.000 vigencia | H133: 1 | N133: SE OTORGA | R133: 10000000/20000000 | S133: 1 | V133: 1
A134: Grua | E134: Gastos de grúa para vehículos de terceros, afectados en accidentes en los cuales sea evidente la responsabilidad del Asegurado para todo el parque automotor (250 Km). | H134: 1 | N134: NO SE OTORGA | S134: 0 | V134: 0
A135: Vehículo de reemplazo | E135: Vehículo de reemplazo para pérdidas totales y/o parciales (En caso de entregarse el vehículo de reemplazo, el asegurado no tendrá derecho al pago de los gastos de transporte por pérdidas totales. | H135: 1 | L135: 0 | N135: SE OTORGA | O135: 1 | S135: 1 | V135: 1
V136: =SUM(V132:V135) -> 3
A137: PUNTAJE TOTAL
A140: PUNTAJE TOTAL AMPAROS ADICIONALES
A142: CLÁUSULAS ADICIONALES | N142: LA PREVISORA S.A. COMPAÑÍA DE SEGUROS
A143: NOMBRE DE LA CLAUSULA | E143: DESCRIPCION DE LA CLAUSULA | H143: PUNTAJE REFERENCIA | I143: DESCRIPCION DE LA CLAUSULA OFRECIDA | L143: PUNTAJE | N143: DÍAS OFERTADOS | O143: PUNTAJE OBTENIDO | P143: % PORCENTAJE OFERTADO | Q143: PUNTAJE OBTENIDO | R143: VALOR ASEGURADO OFERTADO | S143: PUNTAJE OBTENIDO | T143: SUBLIMITE OFERTADO | U143: PUNTAJE OBTENIDO | V143: PROMEDIO
A144: ACTUALIZACION DE VALOR ASEGURADO | E144: Queda entendido, convenido y aceptado que en los eventos de pérdida total, la indemnización se realizará sobre el valor comercial del vehículo según la guía de Fasecolda vigente a la fecha del reclamo. Por lo tanto cuando el valor asegurado sea superior al valor comercial, la aseguradora devolverá la prima pagada sobre el exceso de valor asegurado del vehículo afectado. No obstante lo anterior, la aseguradora propondrá actualizaciones trimestrales con el fin de mantener los valores asegurados actualizados según la Guía de Fasecolda vigente, efectuando el cobro o devolución de prima correspondiente. | H144: 0.5 | L144: 0 | R144: SE OTORGA | S144: 0.5 | V144: 0.5
A145: AMPARO AUTOMATICO PARA VEHICULOS BAJO CUIDADO TENENCIA Y CONTROL, ALQUILADOS O ARRENDADOS | E145: La cobertura de responsabilidad civil extracontractual, amparo patrimonial y asistencias jurídicas en proceso penales o civiles, se extienden a amparar los vehículos bajo cuidado, tenencia, control, alquilados o arrendados por el asegurado. | H145: 0.5 | R145: SE OTORGA | S145: 0.5 | V145: 0.5
A146: ELIMINACION DE CLÁUSULAS DE GARANTÍA | E146: Queda entendido, convenido y aceptado que no obstante lo que en contrario se diga en las condiciones generales del seguro, en virtud de la presente cláusula se eliminan todas las cláusulas de garantía, previstas para el mismo. | H146: 0.5 | R146: SE OTORGA | S146: 0.5 | V146: 0.5
A147: EXTENSION DE COBERTURA ACCIDENTES PERSONALES PASAJEROS OCUPANTES DE LOS VEHICULOS ASEGURADOS | E147: Queda entendido, convenido y aceptado que en caso de un siniestro, que afecte la presente póliza, la Compañía de Seguros extiende la cobertura en caso de muerte accidental e incapacidad permanente para ocupantes de los vehículos asegurados, con límite básico de $5.000.000. por cada pasajero sin restricción en el número de ocupantes del vehículo. | H147: 0.5 | R147: NO SE OTORGA | S147: 0 | V147: 0
A148: HURTO DE ELEMENTOS DEJADOS EN LOS VEHÍCULOS DEL ASEGURADO | E148: Queda entendido, convenido y aceptado que la presente póliza indemnizará las perdidas sobre elementos dejados dentro de los vehículos asegurados (sean de propiedad del asegurado, de sus funcionarios o de terceros), con ocasión de su hurto, hasta por un límite de $5.000.000 Evento/ $ 10.000.000 vigencia. | H148: 0.5 | R148: SE OTORGA | S148: 0.5 | V148: 0.5
A149: REPOSICIÓN O REEMPLAZO | E149: Queda entendido convenido y aceptado que en caso de siniestro que afecte los vehículos amparados por la presente póliza, el ajuste de las pérdidas parciales se realizará sin tener en cuenta los deméritos que por cualquier causa hayan sufrido los bienes asegurados y se tomará para su indemnización el valor asegurado del vehículo. Para pérdidas totales se tomará para su indemnización el valor comercial de cada vehículo según la Guía de Fasecolda vigente al momento del reclamo. | H149: 0.5 | R149: SE OTORGA | S149: 0.5 | V149: 0.5
A150: TRANSPORTE DE MERCANCÍAS ASAROZAS, INFLAMABLES O EXPLOSIVAS. | E150: No obstante lo dispuesto en las condiciones generales y particulares de la póliza, se hace constar que este seguro ampara automáticamente las pérdidas o daños que sufran los vehículos asegurados y la responsabilidad civil extracontractual, que pueda derivarse; cuando dichos vehículos transporten mercancías azarosas, inflamables o explosivas, sin necesidad de dar previo aviso a la aseguradora. | H150: 0.5 | R150: SE OTORGA | S150: 0.5 | V150: 0.5
A151: VALOR ACORDADO SIN APLICACIÓN DE INFRASEGURO | E151: Queda entendido, convenido y aceptado que el valor del interés asegurado es el que se señala en la carátula de la póliza. Por lo tanto, en caso de ocurrir un siniestro amparado bajo la presente póliza, la aseguradora indemnizará la pérdida hasta el monto del valor real de la pérdida, sin hacer aplicación de la regla proporcional por infraseguro, de acuerdo a lo señalado por el artículo 1089 del código de comercio. | H151: 0.5 | R151: NO SE OTORGA | S151: 0 | V151: 0
V152: =SUM(V144:V151) -> 3
A153: PUNTAJE TOTAL
...

Sheet SOAT
A1: FONDO DE DESARROLLO LOCAL DE SUBA
A2: OFERTA PRESENTADA PARA EL SEGURO OBLIGATORIO DE ACCIDENTES DE TRANSITO SOAT
A3: NOMBRE DEL PROPONENTE:
A4: GC
A5: OBJETO DEL SEGURO
A6: Amparar los daños corporales causados a las personas en accidentes de tránsito, ocurridos dentro del territorio nacional, con los vehículos automotores de propiedad del FONDO DE DESARROLLO LOCAL DE SUBA y con aquellos otros vehículos por los cuales sea responsable.
A9: INFORMACION GENERAL
A11: TOMADOR: | G11: =A1 -> FONDO DE DESARROLLO LOCAL DE SUBA
A12: ASEGURADO: | G12: =G11 -> FONDO DE DESARROLLO LOCAL DE SUBA
A13: BENEFICIARIO: | G13: =G11 -> FONDO DE DESARROLLO LOCAL DE SUBA
N14: LA PREVISORA S.A. COMPAÑÍA DE SEGUROS
A15: AMPARO | G15: CONDICIONES OBLIGATORIAS | N15: CUMPLE | O15: NO CUMPLE | P15: SUBSANA
A16: Gastos médicos, quirúrgicos, farmacéuticos y hospitalarios por lesiones, en cuantía equivalente a ochocientos (800) veces el salario mínimo legal diario vigente al momento del accidente. | G16: LOS DE LEY | N16: XXX
A17: Incapacidad permanente, entendiéndose por tal la prevista en los artículos 209 y 211 del Código Sustantivo del Trabajo, con una indemnización máxima de ciento ochenta (180) veces el salario mínimo legal diario vigente al momento del accidente. | G17: LOS DE LEY | N17: XXX
A18: Muerte y gastos funerarios de la víctima como consecuencia del accidente, siempre y cuando ocurra dentro del año siguiente a la fecha de éste, en cuantía equivalente a setecientas cincuenta (750) veces el salario mínimo legal diario vigente al momento del accidente. | G18: LOS DE LEY | N18: XXX
A19: Gastos de transporte y movilización de las víctimas a los establecimientos hospitalarios o clínicos y las entidades de seguridad y previsión social de los subsectores oficial y privado del sector salud, en cuantía equivalente a diez (10) veces el salario mínimo legal diario vigente al momento del accidente. | G19: LOS DE LEY | N19: XXX
A21: VEHICULOS Y VALORES ASEGURADOS
A23: VER INVENTARIO (ARCHIVO BIENES)
A25: CRITERIOS TÉCNICOS
A26: MEJORA EN AMPAROS OBLIGATORIOS | N26: LA PREVISORA S.A. COMPAÑÍA DE SEGUROS
A27: NOMBRE | G27: SUBLIMITE BÁSICO | H27: PUNTAJE REFERENCIA | I27: DESCRIPCIÓN DEL SUBLIMITE OFRECIDO (EL VALOR DEL SUBLÍMITE CORRESPONDE AL REQUERIDO POR LA ENTIDAD POR LO CUAL PODRÁ SER AUMENTADO PERO NO DISMINUIDO SO PENA DE RECHAZO DE LA PROPUESTA). | L27: PUNTAJE | N27: DÍAS OFERTADOS | O27: PUNTAJE OBTENIDO | P27: % PORCENTAJE OFERTADO | Q27: PUNTAJE OBTENIDO | R27: VALOR ASEGURADO OFERTADO | S27: PUNTAJE OBTENIDO | T27: SUBLIMITE OFERTADO | U27: PUNTAJE OBTENIDO | V27: PROMEDIO
A28: LA ENTIDAD OTORGA EL TOTAL DEL PUNTAJE | H28: 4 | L28: 4 | V28: 4
V29: 4
A30: PUNTAJE TOTAL | K30: 4
A33: PUNTAJE TOTAL MEJORA EN AMPAROS OBLIGATORIOS | K33: =+K30 -> 4
A35: MEJORA EN CLAUSULAS OBLIGATORIAS | N35: LA PREVISORA S.A. COMPAÑÍA DE SEGUROS
A36: NOMBRE DE LA CLAUSULA | E36: DESCRIPCION DE LA CLAUSULA OFRECIDA | H36: PUNTAJE REFERENCIA | I36: DESCRIPCION DE LA CLAUSULA OFRECIDA | L36: PUNTAJE | N36: DÍAS OFERTADOS | O36: PUNTAJE OBTENIDO | P36: % PORCENTAJE OFERTADO | Q36: PUNTAJE OBTENIDO | R36: VALOR ASEGURADO OFERTADO | S36: PUNTAJE OBTENIDO | T36: SUBLIMITE OFERTADO | U36: PUNTAJE OBTENIDO | V36: PROMEDIO
A37: LA ENTIDAD OTORGA EL TOTAL DEL PUNTAJE | H37: 4 | L37: 4 | V37: 4
V38: 4
A39: PUNTAJE TOTAL | K39: 4
A42: PUNTAJE TOTAL MEJORA EN CLAUSULAS OBLIGATORIAS
A44: AMPAROS ADICIONALES | N44: LA PREVISORA S.A. COMPAÑÍA DE SEGUROS
A45: NOMBRE DEL AMPARO | E45: DESCRIPCIÓN DEL AMPARO | H45: PUNTAJE REFERENCIA | I45: DESCRIPCIÓN DEL AMPARO OFRECIDO | L45: PUNTAJE | N45: DÍAS OFERTADOS | O45: PUNTAJE OBTENIDO | P45: % PORCENTAJE OFERTADO | Q45: PUNTAJE OBTENIDO | R45: VALOR ASEGURADO OFERTADO | S45: PUNTAJE OBTENIDO | T45: SUBLIMITE OFERTADO | U45: PUNTAJE OBTENIDO | V45: PROMEDIO
A46: LA ENTIDAD OTORGA EL TOTAL DEL PUNTAJE | H46: 4 | L46: 4 | N46: 75 DIAS | V46: 4
V47: 4
A48: PUNTAJE TOTAL | K48: 4
A51: PUNTAJE TOTAL AMPAROS ADICIONALES
A53: CLÁUSULAS ADICIONALES | N53: LA PREVISORA S.A. COMPAÑÍA DE SEGUROS
A54: NOMBRE DE LA CLAUSULA | E54: DESCRIPCION DE LA CLAUSULA | H54: PUNTAJE REFERENCIA | I54: DESCRIPCION DE LA CLAUSULA OFRECIDA | L54: PUNTAJE | N54: DÍAS OFERTADOS | O54: PUNTAJE OBTENIDO | P54: % PORCENTAJE OFERTADO | Q54: PUNTAJE OBTENIDO | R54: VALOR ASEGURADO OFERTADO | S54: PUNTAJE OBTENIDO | T54: SUBLIMITE OFERTADO | U54: PUNTAJE OBTENIDO | V54: PROMEDIO
A55: LA ENTIDAD OTORGA EL TOTAL DEL PUNTAJE | H55: 4 | L55: 4 | P55: 0.5 | V55: 4
V56: 4
A57: PUNTAJE TOTAL | K57: 4
A60: PUNTAJE TOTAL CLÁUSULAS ADICIONALES
A62: CONDICIONES ESPECIALES
N64: LA PREVISORA S.A. COMPAÑÍA DE SEGUROS
A65: NOMBRE | E65: DESCRIPCIÓN | H65: PUNTAJE REFERENCIA | I65: DESCRIPCION DEL OFRECIMIENTO | L65: PUNTAJE | N65: DÍAS OFERTADOS | O65: PUNTAJE OBTENIDO | P65: % PORCENTAJE OFERTADO | Q65: PUNTAJE OBTENIDO | R65: VALOR ASEGURADO OFERTADO | S65: PUNTAJE OBTENIDO | T65: SUBLIMITE OFERTADO | U65: PUNTAJE OBTENIDO | V65: PROMEDIO
A66: LA ENTIDAD OTORGA LOS PUNTOS | H66: 5 | L66: 4 | N66: SE OTORGA | V66: 5
V67: 5
A68: PUNTAJE TOTAL | K68: =+L66 -> 4
A71: PUNTAJE TOTAL CONDICIONES ESPECIALES | K71: =+K68 -> 4
A73: CLÁUSULAS DE GARANTÍA | N73: LA PREVISORA S.A. COMPAÑÍA DE SEGUROS
A74: NÚMERO DE CLÁUSULAS DE GARANTÍA | G74: PUNTAJE REFERENCIA | I74: ALCALCE DE LA CLÁUSULA | K74: PUNTAJE | N74: DÍAS OFERTADOS | O74: PUNTAJE OBTENIDO | P74: % PORCENTAJE OFERTADO | Q74: PUNTAJE OBTENIDO | R74: VALOR ASEGURADO OFERTADO | S74: PUNTAJE OBTENIDO | T74: SUBLIMITE OFERTADO | U74: PUNTAJE OBTENIDO | V74: PROMEDIO
A75: SIN CLÁUSULAS DE GARANTÍA | G75: 4 | Q75: 4 | V75: 4
A76: DE UNA A DOS | G76: 2 | I76: 1.
I77: 2.
A78: DE TRES A CUATRO | G78: 1 | I78: 1.
I79: 2.
I80: 3.
I81: 4.
A82: MÁS DE CINCO | G82: 0 | I82: 1.
I83: 2.
I84: 3.
I85: 4.
I86: 5.
I87: 6.
A88: PUNTAJE TOTAL | K88: =+K75 -> 0 | V88: 4
A91: PUNTAJE TOTAL CLÁUSULAS DE GARANTÍA
A93: ATENCIÓN, TRAMITE Y PAGO DE SINIESTROS
A94: DOCUMENTOS REQUERIDOS PARA EL PAGO
A95: NOTA: DILIGENCIAR EXCLUSIVAMENTE EN LA CASILLA DEL RAMO A OFERTAR | N95: LA PREVISORA S.A. COMPAÑÍA DE SEGUROS
A96: RAMOS | J96: No. DOCUMENTOS | L96: PUNTAJE | N96: DÍAS OFERTADOS | O96: PUNTAJE OBTENIDO | P96: % PORCENTAJE OFERTADO | Q96: PUNTAJE OBTENIDO | R96: VALOR ASEGURADO OFERTADO | S96: PUNTAJE OBTENIDO | T96: SUBLIMITE OFERTADO | U96: PUNTAJE OBTENIDO | V96: PROMEDIO
A97: SEGURO OBLIOGATORIO DE ACCIDENTES DE TRANSITO | N97: 1 | O97: 2 | U97: 2 | V97: 2
A98: PUNTAJE TOTAL | L98: =+L97 -> 0
A100: PLAZO PARA LA PRESENTACIÓN DE LA LIQUIDACIÓN | N100: LA PREVISORA S.A. COMPAÑÍA DE SEGUROS
A101: DIÁS HABILES | G101: PUNTAJE REFERENCIA | I101: DÍAS HÁBILES OFERTADOS | K101: PUNTAJE | N101: DÍAS OFERTADOS | O101: PUNTAJE OBTENIDO | P101: % PORCENTAJE OFERTADO | Q101: PUNTAJE OBTENIDO | R101: VALOR ASEGURADO OFERTADO | S101: PUNTAJE OBTENIDO | T101: SUBLIMITE OFERTADO | U101: PUNTAJE OBTENIDO | V101: PROMEDIO
A102: HASTA DOS DÍAS HÁBILES | G102: 1 | N102: DOS | U102: 1 | V102: 1
A103: DE TRES A CINCO DÍAS HÁBILES | G103: 0.7
A104: DE SEIS A OCHO DÍAS HÁBILES | G104: 0.3
A105: MAYOR A OCHO DÍAS HÁBILES | G105: 0
A106: PUNTAJE TOTAL | K106: =+K102 -> 0 | V106: 1
A108: PLAZO PARA EL PAGO DEL SINIESTRO | N108: LA PREVISORA S.A. COMPAÑÍA DE SEGUROS
A109: DIÁS HABILES | G109: PUNTAJE REFERENCIA | I109: DÍAS HÁBILES OFERTADOS | K109: PUNTAJE | N109: DÍAS OFERTADOS | U109: PUNTAJE OBTENIDO | V109: PROMEDIO
A110: HASTA DOS DÍAS HÁBILES | G110: 1 | N110: DOS | U110: 1 | V110: 1
A111: DE TRES A CINCO DÍAS HÁBILES | G111: 0.7
A112: DE SEIS A OCHO DÍAS HÁBILES | G112: 0.3
A113: MAYOR A OCHO DÍAS HÁBILES | G113: 0
A114: PUNTAJE TOTAL | K114: =+K110 -> 0 | V114: 1
A117: PUNTAJE TOTAL ATENCIÓN, TRAMITE Y PAGO DE SINIESTROS | K117: =+L98+K106+K114 -> 0
A119: DEDUCIBLES
A120: SOAT
A121: DEDUCIBLES PÓLIZA DE SOAT
A122: SIN APLICACIÓN DE DEDUCIBLES
A123: TABLA DE CALIFICACIÓN DEDUCIBLES LA ENTIDAD OTORGA EL TOTAL DE LOS PUNTOS
A124: AUTOMÓVILES, CAMPEROS, CAMIONETAS Y PESADOS. | E124: 50
A125: PUNTAJE TOTAL | F125: 50 PUNTOS | I125: 50
A127: PUNTAJE TOTAL OFRECIMIENTO ADICIONAL AUTOMÓVILES | F127: 50 PUNTOS | I127: 50

Sheet MANEJO
A1: FONDO DE DESARROLLO LOCAL DE SUBA
A2: OFERTA PRESENTADA PARA EL SEGURO DE MANEJO ENTIDADES ESTATALES
A3: NOMBRE DEL PROPONENTE:
A4: GC
A5: OBJETO DEL SEGURO
A6: Amparar a la entidad contra los riesgos que impliquen menoscabo de sus fondos y/o bienes, causados por acciones u omisiones de los empleados en ejercicio de sus cargos o sus reemplazos,contratistas, pasantes, que incurran en actos que se tipifiquen como delitos contra la administración pública, o Fallos con Responsabilidad Fiscal, Alcances y juicios con Responsabilidad Fiscal, de acuerdo con el Artículo 4 de la Ley 389 de 1997. aprobada por la Contraloría General de la República y demás normas concordantes; o alcances por incumplimiento de las disposiciones legales y reglamentarias, incluyendo el costo de la rendición de cuentas en caso de abandono del cargo o fallecimiento del asegurado.
A9: INFORMACION GENERAL
A11: TOMADOR: | G11: =A1 -> FONDO DE DESARROLLO LOCAL DE SUBA
A12: ASEGURADO: | G12: =G11 -> FONDO DE DESARROLLO LOCAL DE SUBA
A13: BENEFICIARIO: | G13: =G11 -> FONDO DE DESARROLLO LOCAL DE SUBA
N15: LA PREVISORA S.A. COMPAÑÍA DE SEGUROS
A16: VALOR ASEGURADO | N16: CUMPLE | O16: NO CUMPLE | P16: SUBSANA
A17: OFERTA BÁSICA | B17: 100000000 | C17: evento / vigencia | N17: XXX
A19: BIENES Y VALORES ASEGURADOS
A21: ARCHIVO EXCEL 1. ESTUDIO DE MERCADO
A23: CARGOS ASEGURADOS
A24: La planta asignada actualmente es de 200 cargos. Incluyendo personal de planta, servidores públicos y personal contratista que realiza funciones para la Entidad. | N24: XXX
A27: AMPAROS OBLIGATORIOS
A28: Los riesgos que impliquen menoscabo de los fondos y bienes del Estado, causados por sus servidores públicos por actos u omisiones que se tipifiquen como delitos contra la administración pública o fallos con responsabilidad fiscal. El amparo se extiende a reconocer el valor de la rendición y reconstrucción de cuentas que se debe llevar a cabo en los casos de abandono del cargo o fallecimiento del empleado. | N28: XXX
A29: El costo de la rendición y reconstrucción de cuentas llevadas a cabo por funcionarios de la Contraloría General de la República en los casos de abandono del cargo o fallecimiento del responsable de la rendición de cuentas, siempre y cuando el asegurador manifieste la imposibilidad de rendir dicha cuentas | N29: XXX
A30: Delitos contra la administración pública | N30: XXX
A31: Delitos contra el patrimonio económico | N31: XXX
A32: Alcances y juicios con responsabilidad fiscal excluye la culpa grave, la cobertura se limita a los procesos y/o fallos con responsabilidad fiscal derivados de actos de deshonestidad de los empleados y/o de conductas constitutivas de delitos contra la administración pública o el patrimonio económico. | N32: XXX
A33: Gastos de reconstrucción y rendición de cuentas
A34: CLAUSULAS OBLIGATORIAS
A35: NOMBRE DE LA CLAUSULA | F35: DESCRIPCION DE LA CLAUSULA
A36: AMPARO AUTOMATICO DE CARGOS QUE POR ERROR U OMISIÓN NO SE HAYAN INFORMADO AL INICIO DEL SEGURO | F36: Queda entendido, convenido y aceptado que no obstante lo que en contrario se diga en las condiciones generales de la póliza, el presente anexo se extiende a cubrir automáticamente todo cargo que por error u omisión no se haya informado al inicio del seguro por el asegurado. El asegurado deberá comunicar tal situación a la aseguradora dentro de los 60 días siguientes a la expedición del seguro y la compañía efectuará el cobro de la prima proporcional a prorrata. (Nota: el número de días corresponde al mínimo requerido por lo cual podrá ser aumentado pero no disminuido so pena de rechazo del ramo) | N36: XXX
A37: AMPARO AUTOMATICO DE NUEVOS CARGOS | F37: Queda entendido, convenido y aceptado que no obstante lo que en contrario se diga en las condiciones generales de la póliza, el presente anexo se extiende a cubrir automáticamente todo nuevo cargo creado por el asegurado sin que ello requiera de aviso y sin que se genere cobro de prima adicional, siempre y cuando los cargos creados no superen el 10% de los cargos asegurados, caso en el cual si se requerirá dar aviso dentro de los 60 días siguientes a la creación y generará el cobro de prima correspondiente. (Nota: el porcentaje y el número de días corresponde al requerido por la Entidad por lo cual podrá ser aumentado pero no disminuido so pena de rechazo de la propuesta) | N37: XXX
A38: AMPLIACIÓN DEL PLAZO PARA AVISO DE SINIESTRO | F38: Por medio de la presente cláusula y no obstante lo estipulado en las condiciones generales de la póliza, el asegurado podrá dar aviso de la ocurrencia del siniestro en un término de 60 días, siguientes a la fecha en que haya conocido o debido conocer la ocurrencia del mismo. (Nota: el número de días corresponde al requerido por la Entidad por lo cual podrá ser aumentado pero no disminuido so pena de rechazo de la propuesta) | N38: XXX
A39: ANTICIPO DE INDEMNIZACION 50% | F39: Queda entendido, convenido y aceptado que en caso de presentarse un siniestro amparado bajo la presente póliza y demostrada su ocurrencia, la compañía conviene en anticipar el 50% del valor estimado de la pérdida mientras el asegurado cumple con la obligación legal para tal fin. El asegurado deberá hacer el requerimiento mediante comunicación escrita dirigida a la compañía. (Nota: el porcentaje señalado corresponde al requerido por la Entidad por lo cual podrá ser aumentado pero no disminuido, so pena de rechazo de la propuesta) | N39: XXX
A40: BIENES BAJO CUIDADO, TENENCIA, CONTROL Y CUSTODIA | F40: Queda entendido, convenido y aceptado que la Compañía de Seguros indemnizará los daños ocasionados por cualquier siniestro amparado bajo la presente póliza, que afecte bienes que sin ser de propiedad del asegurado, estén bajo la responsabilidad, cuidado, tenencia, control o custodia del mismo. En dicho evento, y posterior a la pérdida, la prima adicional se liquidará con base en las tasas contratadas. opera en exceso de las pólizas que el propietario de dichos bienes tenga contratadas. Sublímite $200.000.000 evento/vigencia. (Nota: el valor del límite corresponde al requerido por la Entidad por lo cual podrá ser aumentado pero no disminuido so pena de rechazo de la propuesta) | N40: XXX
A41: CLAUSULA DE APLICACIÓN DE CONDICIONES PARTICULARES | F41: Queda expresamente acordado y convenido, que la compañía acepta las condiciones básicas, técnicas establecidas en este anexo, en los términos señalados en el mismo, por lo tanto, en caso de existir discrepancias entre los ofrecimientos contenidos en la propuesta técnica básica, frente a los textos de los ejemplares de las pólizas, certificados, anexos o cualquier otro documento; prevalecerá la información y condiciones básicas técnicas establecidas. | N41: XXX
A42: CLÁUSULA DE PROTECCION BANCARIA. | F42: Se cubre la pérdida en la cual el asegurado o cualquier banco comprendido dentro de la prueba de la pérdida, y en el cual el asegurado tenga cuenta corriente o de ahorros, como sus respectivos interese aparezcan, puede sustentar como debida a falsificación o adulteración de o en cualquier cheque o giro, letra de cambio, pagaré, carta de crédito o cualquier documento similar de crédito, girado, ordenado o dirigido para pagar determinada suma de dinero, hecho o girado por o para el asegurado, o por o para una persona que obre en su nombre o representación, incluyendo: a.- cualquier cheque o giro hecho o girado en nombre del asegurado, pagadero a una persona ficticia y endosado o pagado a nombre de dicha persona. b.- cualquier cheque o giro hecho o girado en transacción por el asegurado o por su representante a favor de un tercero y entregado al representante de este; que resultare endosado o cobrado por persona distinta de aquel a quien se giró. c.- cualquier cheque o giro con destino al pago de salarios que habiendo sido girado u ordenado por el asegurado, resultare endosado o cobrado por un tercero obrando supuestamente a nombre del girador, o de aquél a quien se debía hacer el pago. Habrá cobertura para cualquiera de los endosos descritos en a, b, c, siempre que pueda ser calificado como falsificación o adulteración de conformidad con las leyes pertinentes de la República de Colombia. Los facsímiles de firmas estampadas por medio de máquinas serán considerados como firmas autógrafas. Con sub limite del treinta (30)% por ciento del valor asegurado. esta clausula opera desde que la entidad bancaria no tenga responsabilidad Este amparo aplica siempre y cuando esté implicado un funcionario de la entidad | N42: XXX
A43: CONCURRENCIA DE AMPAROS, CLÁUSULAS Y/O CONDICIONES | F43: Queda entendido, convenido y aceptado, que si dos o más amparos, cláusulas o condiciones otorgan cobertura a un mismo evento, se indemnizará con aquella que ofrezca mayor protección para los intereses del asegurado. De igual manera prevalecerán los amparos, cláusulas o condiciones que otorguen cobertura, sobre aquellos que las excluyan. En todo caso y ante cualquier discrepancia sobre cuál es el amparo, cláusula o condición aplicable a un caso determinado, se aplicará aquella que determine el asegurado de acuerdo a su conveniencia. | N43: XXX
A44: CONOCIMIENTO DEL RIESGO | F44: La Compañía declara el conocimiento de los riesgos asegurados y por lo tanto deja constancia del conocimiento de los hechos, circunstancias y en general condiciones de los mismos, sin perjuicio de la obligación que tiene a su cargo el asegurado de avisar cualquier modificación o alteración en el estado del riesgo atendiendo a los criterios establecidos en los artículos 1058 y 1061 del Código del Comercio. La Compañía se reserva el derecho de realizar visitas para inspeccionar los riesgos asegurados cuantas veces lo juzgue pertinente. | N44: XXX
A45: COSTAS EN JUICIOS Y HONORARIOS PROFESIONALES | F45: Por medio de la presente cláusula la compañía indemnizará al asegurado las costas de los procesos judiciales y los honorarios de abogados, siempre y cuando sean justificados, razonables, causados y cancelados por el asegurado en la defensa de cualquier procedimiento legal o pleito. El asegurador podrá, en caso de así determinarlo y de común acuerdo con el asegurado asumir la defensa en cualquier litigio o procedimiento legal a nombre del asegurado, a través de abogados elegidos por el asegurador. Sublímite 20% del valor asegurado Evento / Vigencia (Nota: el valor corresponde al requerido por la Entidad por lo cual podrá ser aumentado pero no disminuido so pena de rechazo de la propuesta) | N45: XXX
A46: DEFINICION DE TRABAJADOR O EMPLEADO | F46: La expresión de trabajador o empleado comprende a representantes legales, funcionarios o empleados del asegurado, vinculado a este mediante contrato de trabajo, orden de trabajo o mediante nombramiento por decreto o resolución. Igualmente quedan amparados los trabajadores ocasionales, temporales o transitorios, y a quienes sin serlo realicen prácticas o investigaciones en sus dependencias, como estudiantes o visitantes especiales, con la previa y expresa autorización del asegurado. Así mismo todas aquellas personas naturales y contratistas independientes que presten sus servicios en el establecimiento del asegurado, bajo cualquier título o contrato y demás que requiera la entidad para su normal funcionamiento, bajo su control y supervisión. | N46: XXX
A47: DENOMINACIÓN EN LIBROS | F47: Queda entendido, convenido y aceptado que la compañía acepta el título, nombre, denominación y/o nomenclatura con que el asegurado identifica o describe los bienes asegurados en sus registros o libros de comercio o de contabilidad, siempre y cuando se trate de bienes amparados bajo la presente póliza. | N47: XXX
... A70: EXCLUSIÓN ABSOLUTA DE ENFERMEDADES INFECCIOSAS: | F70: Este seguro no cubre cualquier reclamo de ninguna manera causado por o como resultado de: a) enfermedad por coronavirus (COVID-19) b) coronavirus 2 del síndrome respiratorio agudo severo (SARS-CoV-2) c) cualquier mutación o variación de SARS-CoV-2; d) cualquier otra enfermedad transmisible, epidemia o pandemia e) cualquier temor o amenaza de a), b), c) o d) anteriores f) la interrupción de negocios y/o pérdidas financieras sufridas por la Entidad al no poder desarrollar la actividad para la cual fue creada como consecuencia de a), b), c), d) y e) anteriores | N70: XXX
A71: CRITERIOS TÉCNICOS | N71: LA PREVISORA S.A. COMPAÑÍA DE SEGUROS
A72: MEJORA EN AMPAROS OBLIGATORIOS | N72: DÍAS OFERTADOS | O72: PUNTAJE OBTENIDO | P72: % PORCENTAJE OFERTADO | Q72: PUNTAJE OBTENIDO | R72: VALOR ASEGURADO OFERTADO | S72: PUNTAJE OBTENIDO | T72: SUBLIMITE OFERTADO | U72: PUNTAJE OBTENIDO | V72: PROMEDIO
A73: NOMBRE | G73: SUBLIMITE BÁSICO | H73: PUNTAJE REFERENCIA | I73: DESCRIPCIÓN DEL SUBLIMITE OFRECIDO (EL VALOR DEL SUBLÍMITE CORRESPONDE AL REQUERIDO POR LA ENTIDAD POR LO CUAL PODRÁ SER AUMENTADO PERO NO DISMINUIDO SO PENA DE RECHAZO DE LA PROPUESTA). | L73: PUNTAJE
A74: LA ENTIDAD OTORGA EL TOTAL DEL PUNTAJE | H74: 4 | L74: 4 | V74: 4
V75: 4
A76: PUNTAJE TOTAL | K76: 4
A79: PUNTAJE TOTAL MEJORA EN AMPAROS OBLIGATORIOS | K79: =+K76 -> 4
N80: LA PREVISORA S.A. COMPAÑÍA DE SEGUROS
A81: MEJORA EN CLAUSULAS OBLIGATORIAS | N81: DÍAS OFERTADOS | O81: PUNTAJE OBTENIDO | P81: % PORCENTAJE OFERTADO | Q81: PUNTAJE OBTENIDO | R81: VALOR ASEGURADO OFERTADO | S81: PUNTAJE OBTENIDO | T81: SUBLIMITE OFERTADO | U81: PUNTAJE OBTENIDO | V81: PROMEDIO
A82: NOMBRE DE LA CLAUSULA | E82: DESCRIPCION DE LA CLAUSULA OFRECIDA | H82: PUNTAJE REFERENCIA | I82: DESCRIPCION DE LA CLAUSULA OFRECIDA | L82: PUNTAJE
A83: AMPARO AUTOMATICO DE CARGOS QUE POR ERROR U OMISIÓN NO SE HAYAN INFORMADO AL INICIO DEL SEGURO | E83: Queda entendido, convenido y aceptado que no obstante lo que en contrario se diga en las condiciones generales de la póliza, el presente anexo se extiende a cubrir automáticamente todo cargo que por error u omisión no se haya informado al inicio del seguro por el asegurado. El asegurado deberá comunicar tal situación a la aseguradora dentro de los 90 días siguientes a la expedición del seguro y la compañía efectuará el cobro de la prima proporcional a prorrata. | H83: 0.27 | L83: 0 | N83: 105 | O83: 0.27 | V83: 0.27
A84: AMPARO AUTOMATICO DE NUEVOS CARGOS | E84: Queda entendido, convenido y aceptado que no obstante lo que en contrario se diga en las condiciones generales de la póliza, el presente anexo se extiende a cubrir automáticamente todo nuevo cargo creado por el asegurado sin que ello requiera de aviso y sin que se genere cobro de prima adicional, siempre y cuando los cargos creados no superen el 10% de los cargos asegurados, caso en el cual si se requerirá dar aviso dentro de los 90 días siguientes a la creación y generará el cobro de prima correspondiente. | H84: 0.27 | N84: 105 | O84: 0.27 | V84: 0.27
A85: AMPLIACIÓN DEL PLAZO PARA AVISO DE SINIESTRO | E85: Por medio de la presente cláusula y no obstante lo estipulado en las condiciones generales de la póliza, el asegurado podrá dar aviso de la ocurrencia del siniestro en un término de 90 días, siguientes a la fecha en que haya conocido o debido conocer la ocurrencia del mismo. | H85: 0.27 | N85: 105 | O85: 0.27 | V85: 0.27
A86: ANTICIPO DE INDEMNIZACION 60% | E86: Queda entendido, convenido y aceptado que en caso de presentarse un siniestro amparado bajo la presente póliza y demostrada su ocurrencia, la compañía conviene en anticipar el 60% del valor estimado de la pérdida mientras el asegurado cumple con la obligación legal para tal fin. El asegurado deberá hacer el requerimiento mediante comunicación escrita dirigida a la compañía. | H86: 0.27 | P86: 0.7 | Q86: 0.27 | V86: 0.27
A87: COSTAS EN JUICIOS Y HONORARIOS PROFESIONALES | E87: Por medio de la presente cláusula la compañía indemnizará al asegurado las costas de los procesos judiciales y los honorarios de abogados, siempre y cuando sean justificados, razonables, causados y cancelados por el asegurado en la defensa de cualquier procedimiento legal o pleito. El asegurador podrá, en caso de así determinarlo y de común acuerdo con el asegurado asumir la defensa en cualquier litigio o procedimiento legal a nombre del asegurado, a través de abogados elegidos por el asegurador. Sublímite 25% del valor asegurado Evento / Vigencia | H87: 0.27 | P87: 0.25 | Q87: 0.27 | V87: 0.27
A88: EXTENSION DE COBERTURA Y CONTINUIDAD DE COBERTURA | E88: No obstante lo que se diga en contrario en las condiciones generales de la póliza, por la presente cláusula se otorga amparo hasta 90 días después de estar desvinculado el funcionario. Siempre y cuando la póliza se encuentre vigente. | H88: 0.266 | N88: 45 | O88: 0 | V88: 0
A89: GASTOS ADICIONALES | E89: No obstante lo que se diga en contrario en las condiciones generales y particulares de la póliza, la Compañía se obliga a indemnizar los gastos adicionales (que no tengan carácter de permanentes), debidamente comprobados en que necesaria y razonablemente incurra el asegurado, como consecuencia directa del siniestro, hasta el 100% de los gastos demostrados. Sublimite 20% del valor asegurado. | H89: 0.266 | P89: 0.2 | Q89: 0.266 | V89: 0.266
A90: GASTOS ADICIONALES PARA PAGO DE AUDITORES, REVISORES, CONTADORES Y ABOGADOS | E90: No obstante lo que se diga en contrario en las condiciones generales y particulares de la póliza, la Compañía se obliga a indemnizar los honorarios en que necesaria y razonablemente incurra el asegurado, por concepto de auditores, revisores, contadores y abogados para obtener y certificar: a.- los detalles extraídos de los libros de contabilidad y del negocio mismo del asegurado, y b.- cualesquiera otras informaciones, documentos y testimonios que sean pedidos por la compañía al asegurado según lo establecido en las condiciones generales y particulares de la póliza. La compañía reconocerá hasta el 100% de las gastos demostrados por el asegurado. Sublímite $80.000.000 Evento/Vigencia. | H90: 0.266 | R90: 100000000 | S90: 0.266 | V90: 0.266
A91: GASTOS ADICIONALES POR RECONSTRUCCIÓN DE ARCHIVOS | E91: No obstante lo que se diga en contrario en las condiciones generales y particulares de la póliza, la Compañía se obliga a indemnizar los gastos y costos en que necesaria y razonablemente incurra el asegurado para obtener, reemplazar o restaurar la información de archivos, documentos y grabaciones perdidas o dañadas a consecuencia de cualquiera de los eventos amparados por la póliza, hasta el 100% de los gastos demostrados. Sublímite $60.000.000 Evento/Vigencia. | H91: 0.266 | R91: 100000000 | S91: 0.266 | V91: 0.266
A92: GASTOS PARA DEMOSTRAR EL SINIESTRO Y SU CUANTÍA | E92: No obstante lo que se diga en contrario en las condiciones generales y particulares de la póliza, la Compañía se obliga a indemnizar los gastos en que necesaria y razonablemente incurra el asegurado con el fin de demostrar la ocurrencia del siniestro y la cuantía de la pérdida, de los bienes que sean afectados por uno de los eventos amparados bajo la presente póliza, hasta el 100% de los gastos demostrados. Sublimite 15% del valor asegurado | H92: 0.266 | P92: 0.15 | Q92: 0.266 | V92: 0.266
A93: MODIFICACION A CARGOS | E93: Queda entendido, convenido y aceptado que si durante la vigencia de la presente póliza se presenta cambio de denominaciones a cargos, se consideran automáticamente incorporados a la póliza. Dichas reformas deberán ser notificadas a la compañía de seguros dentro de los 90 días siguientes a su innovación, con el fin de hacer los ajustes que se requieran. | H93: 0.266 | L93: 0 | N93: 105 | O93: 0.266 | V93: 0.266
A94: MODIFICACIONES DEL RIESGO | E94: Queda entendido, convenido y aceptado que si durante la vigencia de la presente póliza se presenta cambio de denominaciones a cargos, se consideran automáticamente incorporados a la póliza. Dichas reformas deberán ser notificadas a la compañía de seguros dentro de los 90 días siguientes a su innovación, con el fin de hacer los ajustes que se requieran. | H94: 0.266 | L94: 0 | N94: 105 | O94: 0.266 | V94: 0.266
A95: RESTABLECIMIENTO AUTOMÁTICO DEL VALOR ASEGURADO POR PAGO DE SINIESTRO | E95: Se entenderá reestablecido automáticamente el valor asegurado, desde el momento del siniestro, que afecte la presente póliza, en el importe de la indemnización pagada o reconocida por la compañía. Dicho restablecimiento se efectuará con cobro de prima adicional. Hasta dos (2) veces dentro de la vigencia de la póliza. | H95: 0.266 | L95: 0 | N95: 2 VECES | O95: 0.266 | V95: 0.266
A96: DESAPARICIONES MISTERIOSAS | E96: Queda entendido, convenido y aceptado que con la introducción de esta cláusula dentro de la póliza, la Compañía de Seguros extiende la totalidad de las coberturas contratadas a las pérdidas o desapariciones misteriosas, sufridas por el asegurado y sobre las cuales no se pueda identificar el autor material, intelectual o cómplice o interviniente o determinador. No obstante para que esta cobertura opere se deberá presumir que uno de los empleados del asegurado estuvo involucrado bajo cualquiera de las modalidades antes indicadas. Sublímite de $50.000.000 Evento/vigencia. | H96: 0.267 | L96: 0 | R96: 50000000 | S96: 0.267 | V96: 0.267
A97: REVOCACIÓN DE LA PÓLIZA Y/O NO RENOVACION Y/O NO PRORROGA | E97: El presente contrato de seguro podrá ser revocado unilateralmente por el asegurado en cualquier momento de su ejecución. La compañía por su parte podrá revocarlo dando aviso por escrito con 120 días de anticipación, y en menor tiempo en el evento contemplado en el artículo 22 de la Ley 35 de 1993. En caso de revocación por parte de la aseguradora, esta devolverá al asegurado la parte de la prima no devengada, o sea, la que corresponde al lapso comprendido entre la fecha que comienza a surtir efecto la revocación y la del vencimiento del seguro. En caso de que sea revocado por el asegurado, el importe de la prima devengada y el de la devolución, se calculará tomando en cuenta la tarifa de seguros a corto plazo. De igual manera, la compañía se obliga a avisar su decisión de no renovar o prorrogar éste contrato de seguros con 120 días de anticipación, mediante comunicación escrita dirigida al asegurado. | H97: 0.266 | L97: 0 | N97: 120 | O97: 0.266 | V97: 0.266
V98: =SUM(V83:V97) -> 3.745
A99: PUNTAJE TOTAL | K99: =SUM(H83:H97) -> 4.011
A102: PUNTAJE TOTAL MEJORA EN CLAUSULAS OBLIGATORIAS
A104: AMPAROS ADICIONALES | N104: LA PREVISORA S.A. COMPAÑÍA DE SEGUROS
A105: NOMBRE DEL AMPARO | E105: DESCRIPCIÓN DEL AMPARO | H105: PUNTAJE REFERENCIA | I105: DESCRIPCIÓN DEL AMPARO OFRECIDO | L105: PUNTAJE | N105: DÍAS OFERTADOS | O105: PUNTAJE OBTENIDO | P105: % PORCENTAJE OFERTADO | Q105: PUNTAJE OBTENIDO | R105: VALOR ASEGURADO OFERTADO | S105: PUNTAJE OBTENIDO | T105: SUBLIMITE OFERTADO | U105: PUNTAJE OBTENIDO | V105: PROMEDIO
A106: ACTUALIZACION DE VALOR ASEGURADO | E106: Gastos de Defensa: Bajo esta cobertura se reembolsan los gastos de defensa, que por concepto de procesos fiscales y/o penales deban incurrir los funcionarios que ejercen los cargos asegurados, siempre y cuando exista decisión definitiva que exonere de toda responsabilidad a los mismos. | H106: 4 | L106: 0 | N106: SE OTORGA | P106: 0.25 | V106: 4
V107: 4
A108: PUNTAJE TOTAL
A111: PUNTAJE TOTAL AMPAROS ADICIONALES
A113: CLÁUSULAS ADICIONALES | N113: LA PREVISORA S.A. COMPAÑÍA DE SEGUROS
A114: NOMBRE DE LA CLAUSULA | E114: DESCRIPCION DE LA CLAUSULA | H114: PUNTAJE REFERENCIA | I114: DESCRIPCION DE LA CLAUSULA OFRECIDA | L114: PUNTAJE | N114: DÍAS OFERTADOS | O114: PUNTAJE OBTENIDO | P114: % PORCENTAJE OFERTADO | Q114: PUNTAJE OBTENIDO | R114: VALOR ASEGURADO OFERTADO | S114: PUNTAJE OBTENIDO | T114: SUBLIMITE OFERTADO | U114: PUNTAJE OBTENIDO | V114: PROMEDIO
A115: ELIMINACION DE CLÁUSULAS DE GARANTÍA | E115: Queda entendido, convenido y aceptado que no obstante lo que en contrario se diga en las condiciones generales del seguro, en virtud de la presente cláusula se eliminan todas las cláusulas de garantía, previstas para el mismo. | H115: 2 | L115: 0 | N115: SE OTOGA | V115: 2
A116: PÉRDIDAS A TRAVÉS DE SISTEMAS COMPUTARIZADOS | E116: De acuerdo a las condiciones generales y particulares de la póliza se amparan las pérdidas y/o daños que se originen o sean ocasionados a través de sistemas computarizados. | H116: 2 | L116: 0 | N116: SE OTORGA | P116: 0.2 | V116: 2
V117: 4
A118: PUNTAJE TOTAL
A121: PUNTAJE TOTAL CLÁUSULAS ADICIONALES
A123: CONDICIONES ESPECIALES
N124: LA PREVISORA S.A. COMPAÑÍA DE SEGUROS
N125: DÍAS OFERTADOS | O125: PUNTAJE OBTENIDO | P125: % PORCENTAJE OFERTADO | Q125: PUNTAJE OBTENIDO | R125: VALOR ASEGURADO OFERTADO | S125: PUNTAJE OBTENIDO | T125: SUBLIMITE OFERTADO | U125: PUNTAJE OBTENIDO | V125: PROMEDIO
A126: NOMBRE | E126: DESCRIPCIÓN | H126: PUNTAJE REFERENCIA | I126: DESCRIPCION DEL OFRECIMIENTO | L126: PUNTAJE
A127: PERDIDAS POR PERSONAL NO IDENTIFICADO | E127: Cuando respecto de cualquier pérdida, el asegurado no pudiera determinar específicamente al empleado o los empleados responsables, la compañía reconocerá la indemnización correspondiente siempre y cuando las pruebas presentadas permitan tener la certeza de que las pérdidas fueron causadas únicamente por uno o varios empleados de la entidad asegurada, a cualquier título (autor intelectual, material o cómplice o inverviniente o determinador. Queda entendido que la responsabilidad de la compañía respecto de tales pérdidas no excederá en ningún caso del monto estipulado en la póliza. Con sub limite del setenta (70)% por ciento del valor asegurado. | H127: 5 | L127: 0 | N127: SE OTORGA | P127: 1 | V127: 5
V128: 5
A129: PUNTAJE TOTAL | K129: =+L127 -> 0
A132: PUNTAJE TOTAL CONDICIONES ESPECIALES | K132: =+K129 -> 0
N133: LA PREVISORA S.A. COMPAÑÍA DE SEGUROS
A134: CLÁUSULAS DE GARANTÍA | N134: DÍAS OFERTADOS | O134: PUNTAJE OBTENIDO | P134: % PORCENTAJE OFERTADO | Q134: PUNTAJE OBTENIDO | R134: VALOR ASEGURADO OFERTADO | S134: PUNTAJE OBTENIDO | T134: SUBLIMITE OFERTADO | U134: PUNTAJE OBTENIDO | V134: PROMEDIO
A135: NÚMERO DE CLÁUSULAS DE GARANTÍA | G135: PUNTAJE REFERENCIA | I135: ALCALCE DE LA CLÁUSULA | K135: PUNTAJE | N135: SIN CLAUSULAS | O135: 4 | V135: 4
A136: SIN CLÁUSULAS DE GARANTÍA | G136: 4
A137: DE UNA A DOS | G137: 2 | I137: 1.
I138: 2.
A139: DE TRES A CUATRO | G139: 1 | I139: 1.
I140: 2.
I141: 3.
I142: 4.
A143: MÁS DE CINCO | G143: 0 | I143: 1.
I144: 2.
...

Sheet R.C.E.
A1: FONDO DE DESARROLLO LOCAL DE SUBA
A2: OFERTA PRESENTADA PARA EL SEGURO DE RESPONSABILIDAD CIVIL EXTRACONTRACTUAL PREDIOS LABORES Y OPERACIONES
A3: NOMBRE DEL PROPONENTE:
A4: GC | N4: LA PREVISORA S.A. COMPAÑÍA DE SEGUROS
A5: OBJETO DEL SEGURO | N5: CUMPLE | O5: NO CUMPLE | P5: SUBSANA
A6: Amparar los perjuicios patrimoniales y extrapatrimoniales que sufra la ENTIDAD, como consecuencia de la Responsabilidad Civil Extracontractual originada dentro o fuera de sus instalaciones, en el desarrollo de sus actividades o en lo relacionado con ella, lo mismo que los actos de sus empleados y funcionarios dentro y fuera del territorio nacional. Nota: Se entenderán como terceros todas y cada una de las personas que circulen, ingresen, accedan o se encuentren en los predios de asegurado, independientemente que el asegurado le esté prestando un servicio objeto de su razón socia | N6: XXX
N8: XXX
A9: INFORMACION GENERAL
A11: TOMADOR: | G11: =A1 -> FONDO DE DESARROLLO LOCAL DE SUBA
A12: ASEGURADO: | G12: =G11 -> FONDO DE DESARROLLO LOCAL DE SUBA
A13: BENEFICIARIO: | G13: =G11 -> FONDO DE DESARROLLO LOCAL DE SUBA
A15: CONDICIONES OBLIGATORIAS | G15: TIPO DE COBERTURA: Responsabilidad civil extracontractual para amparar los daños materiales y/o lesiones y/o muerte causadas por la ENTIDAD a terceros durante el giro normal de sus actividades por cualquier causa, salvo los eventos expresamente excluidos. | N15: XXX
G16: Todos las cláusulas que otorgan coberturas de gastos adicionales, operan sin aplicación de deducibles. | N16: XXX
G17: La Presente póliza opera igualmente en exceso de los amparos de responsabilidad civil contratados en el seguro de automóviles y en el seguro de todo riesgo equipo y maquinaria. | N17: XXX
G18: Los oferentes deben tener en cuenta para la elaboración de la propuesta, que las condiciones, coberturas básicas para las cuales no se indique sublímite, operaran al 100% del valor asegurado | N18: XXX
A20: VALOR ASEGURADO
A21: OFERTA BÁSICA | E21: 1000000000
A22: AMPAROS OBLIGATORIOS
A23: NOMBRE | K23: SUBLIMITE
A24: Actividades deportivas, eventos sociales y culturales dentro o fuera de los predios. (se excluye corridas de toros y juegos pirotecnicos). | K24: NO | N24: XXX
A25: Avisos, vallas y letreros dentro y fuera de los predios. | K25: NO | N25: XXX
A26: Contaminación Súbita y Accidental e imprevista. (Excluye contaminación paulatina). | K26: SI - Sublímite 40% del valor asegurado evento / vigencia | N26: XXX
A27: Alimentos y bebidas | K27: NO | N27: XXX
A28: Contratistas y Subcontratistas independientes. Esta cobertura opera en exceso de las pólizas del contratista o subcontratista. | K28: SI - Sublímite mínimo 30% del valor asegurado evento / vigencia | N28: XXX
A29: Daño Moral | K29: SI - Sublímite 20% del valor asegurado evento / vigencia | N29: XXX
A30: Gastos médicos, hospitalarios y traslado de victimas incluyendo personal del asegurado. La compañía cubre, con sujeción a las condiciones de este seguro, los gastos razonables que se causen por concepto de primeros auxilios inmediatos, servicios médicos, quirúrgicos, de ambulancia, de hospital, de enfermedades y drogas, como consecuencia de lesiones corporales producidas a terceros en desarrollo de las actividades específicamente amparadas bajo las condiciones particulares de la presente póliza. El amparo que mediante esta sección se otorga es independiente del de Responsabilidad y por consiguiente, los pagos que por dicho concepto se realizan, en ningún caso pueden ser interpretados como aceptación tácita de responsabilidad. | K30: SI - Sublímite $10.000.000. evento y $50.000.000 vigencia | N30: XXX
A31: Operaciones de cargue y descargue bienes y mercancías, incluyendo aquellos de naturaleza azarosa o inflamable | K31: NO | N31: XXX
A32: Pagos Suplementarios (Presentación de cauciones, Condena en costas e intereses de mora acumulados a cargo del asegurado, demás gastos razonables). | K32: SI - Sublímite al 10% | N32: XXX
A33: Participación del asegurado en Ferias y exposiciones Nacionales y Eventos relacionados con su objeto social | K33: NO | N33: XXX
A34: Posesión, uso y mantenimiento de depósitos, tanques y tuberías, ubicados o instalados dentro de los predios del asegurado. | K34: NO | N34: XXX
A35: Predios labores y operaciones, (incluyendo daño y/o perjuicio patrimonial o extrapatrimonial) | K35: NO | N35: XXX
... A54: Vehiuclos propios y no propios | K54: NO | N54: XXX
A55: CLAUSULAS OBLIGATORIAS
A57: NOMBRE DE LA CLAUSULA | F57: DESCRIPCION DE LA CLAUSULA
A58: ACTOS DE AUTORIDAD | F58: Queda entendido, convenido y aceptado que la compañía ampara la responsabilidad civil del asegurado que tenga origen en cualquier acto, instrucción u orden de autoridad competente. | N58: XXX
A59: AMPARO AUTOMATICO PARA NUEVOS PREDIOS, OPERACIONES Y/O ACTIVIDADES | F59: Queda entendido, convenido y aceptado que no obstante lo que en contrario se diga en las condiciones generales de la póliza, el presente anexo se extiende a cubrir automáticamente todo nuevo predio, operación y/o actividad creados por el asegurado, obligándose a informar a la compañía dentro de los 60 días siguientes a la creación. La prima adicional se liquidará con base en las tasas contratadas. Si vencido este plazo no se ha informado a la Compañía, cesará el amparo. (Nota: el número de días corresponde al requerido por la Entidad por lo cual podrá ser aumentado pero no disminuido so pena de rechazo de la propuesta) | N59: XXX
A60: AMPLIACIÓN DEL PLAZO PARA AVISO DE SINIESTRO | F60: Por medio de la presente cláusula y no obstante lo estipulado en las condiciones generales de la póliza, el asegurado podrá dar aviso de la ocurrencia del siniestro en un término de 90 días, siguientes a la fecha en que haya conocido o debido conocer la ocurrencia del mismo. (Nota: el número de días corresponde al requerido por la Entidad por lo cual podrá ser aumentado pero no disminuido so pena de rechazo de la propuesta) | N60: XXX
A61: ANTICIPO DE INDEMNIZACION 50% | F61: Queda entendido, convenido y aceptado que en caso de presentarse un siniestro amparado bajo la presente póliza y demostrada su ocurrencia, la compañía conviene en anticipar el 50% del valor estimado de la pérdida mientras el asegurado cumple con la obligación legal para tal fin. El asegurado deberá hacer el requerimiento mediante comunicación escrita dirigida a la compañía. (Nota: el porcentaje señalado corresponde al requerido por la Entidad por lo cual podrá ser aumentado pero no disminuido, so pena de rechazo de la propuesta) | N61: XXX
A62: ANTICIPO DE INDEMNIZACION PARA GASTOS MÉDICOS 50% | F62: Queda entendido, convenido y aceptado que en caso de presentarse un siniestro amparado bajo la presente póliza, que afecte la cobertura de gastos médicos y demostrada su ocurrencia, la compañía conviene en anticipar el 50% del valor estimado de la pérdida mientras el asegurado cumple con la obligación legal para tal fin. El asegurado deberá hacer el requerimiento mediante comunicación escrita dirigida a la compañía. (Nota: el porcentaje señalado corresponde al requerido por la Entidad por lo cual podrá ser aumentado pero no disminuido, so pena de rechazo de la propuesta) | N62: XXX
A63: ANTICIPO DE INDEMNIZACION POR ALIMENTOS O BEBIDAS 30% | F63: Queda entendido, convenido y aceptado que en caso de presentarse un siniestro amparado bajo la presente póliza, que afecte la cobertura de alimentos y bebidas y demostrada su ocurrencia, la compañía conviene en anticipar el 30% del valor estimado de la pérdida mientras el asegurado cumple con la obligación legal para tal fin. El asegurado deberá hacer el requerimiento mediante comunicación escrita dirigida a la compañía. (Nota: el porcentaje señalado corresponde al requerido por la Entidad por lo cual podrá ser aumentado pero no disminuido, so pena de rechazo de la propuesta) | N63: XXX
A64: HONORARIOS PARA ASESORIA JURÍDICA EN PROCESOS CIVILES Y PENALES | F64: Por la presente cláusula y no obstante lo dicho en las condiciones generales de la póliza, la compañía se obliga a indemnizar los gastos en que incurra el asegurado por concepto de honorarios de los abogados que lo apoderen en los procesos civiles y penales que se inicie como consecuencia directa y exclusiva de un evento amparado bajo la presente póliza. Sublímite 1% del valor asegurado evento /vigencia (Nota: el porcentaje corresponde al requerido por la Entidad por lo cual podrá ser aumentado pero no disminuido so pena de rechazo de la propuesta) | N64: XXX
A65: CLAUSULA DE APLICACIÓN DE CONDICIONES PARTICULARES | F65: Queda expresamente acordado y convenido, que la compañía acepta las condiciones básicas, técnicas establecidas en este anexo, en los términos señalados en el mismo, por lo tanto, en caso de existir discrepancias entre los ofrecimientos contenidos en la propuesta técnica básica, frente a los textos de los ejemplares de las pólizas, certificados, anexos o cualquier otro documento; prevalecerá la información y condiciones básicas técnicas establecidas. | N65: XXX
A66: CONCURRENCIA DE AMPAROS, CLÁUSULAS Y/O CONDICIONES | F66: Queda entendido, convenido y aceptado, que si dos o más amparos, cláusulas o condiciones otorgan cobertura a un mismo evento, se indemnizará con aquella que ofrezca mayor protección para los intereses del asegurado. De igual manera prevalecerán los amparos, cláusulas o condiciones que otorguen cobertura, sobre aquellos que las excluyan. En todo caso y ante cualquier discrepancia sobre cuál es el amparo, cláusula o condición aplicable a un caso determinado, se aplicará aquella que determine el asegurado de acuerdo a sus conveniencia. | N66: XXX
A67: CONOCIMIENTO DEL RIESGO | F67: La Compañía declara el conocimiento de los riesgos asegurados y por lo tanto deja constancia del conocimiento de los hechos, circunstancias y en general condiciones de los mismos, sin perjuicio de la obligación que tiene a su cargo el asegurado de avisar cualquier modificación o alteración en el estado del riesgo atendiendo a los criterios establecidos en los artículos 1058 y 1061 del Código del Comercio. La Compañía se reserva el derecho de realizar visitas para inspeccionar los riesgos asegurados cuantas veces lo juzgue pertinente. | N67: XXX
A68: DESIGNACIÓN DE AJUSTADORES | F68: Queda entendido, convenido y aceptado que en el evento de un siniestro que afecte la póliza y si la Compañía decide hacer nombramiento de ajustadores, el asegurado se reservará el derecho de aceptar o solicitar el cambio de los mismos en caso de que no fueren de su entera satisfacción, sin que para ello se requiera motivación alguna. | N68: XXX
A69: DESIGNACION DE BIENES | F69: Los oferentes deben aceptar el título , nombre, denominación o nomenclatura con que el asegurado identifica o describe los bienes asegurados en sus registro o libros de comercio o contabilidad. | N69: XXX
... A84: RESTABLECIMIENTO AUTOMÁTICO DEL VALOR ASEGURADO POR PAGO DE SINIESTRO | F84: Se entenderá reestablecido automáticamente el valor asegurado, desde el momento del siniestro, que afecte la presente póliza, en el importe de la indemnización pagada o reconocida por la compañía. Dicho restablecimiento se efectuará con cobro de prima adicional. hasta por el 0.01% del valor asegurado y por una (1) vez. | N84: XXX
A86: CRITERIOS TÉCNICOS | N86: LA PREVISORA S.A. COMPAÑÍA DE SEGUROS
A87: MEJORA EN AMPAROS OBLIGATORIOS | N87: DÍAS OFERTADOS | O87: PUNTAJE OBTENIDO | P87: % PORCENTAJE OFERTADO | Q87: PUNTAJE OBTENIDO | R87: VALOR ASEGURADO OFERTADO | S87: PUNTAJE OBTENIDO | T87: SUBLIMITE OFERTADO | U87: PUNTAJE OBTENIDO | V87: PROMEDIO
A88: NOMBRE | G88: SUBLIMITE BÁSICO | H88: PUNTAJE REFERENCIA | I88: DESCRIPCIÓN DEL SUBLIMITE OFRECIDO (EL VALOR DEL SUBLÍMITE CORRESPONDE AL REQUERIDO POR LA ENTIDAD POR LO CUAL PODRÁ SER AUMENTADO PERO NO DISMINUIDO SO PENA DE RECHAZO DE LA PROPUESTA). | L88: PUNTAJE
A89: Contratistas y Subcontratistas independientes. Esta cobertura opera en exceso de las pólizas del contratista o subcontratista. | G89: SI - Sublímite mínimo 30% del valor asegurado evento / vigencia | H89: 1 | P89: 0.75 | Q89: 1 | V89: 1
A90: Daño Moral | G90: SI - Sublímite 20% del valor asegurado evento / vigencia | H90: 1 | P90: 0.5 | Q90: 1 | V90: 1
A91: Gastos médicos, hospitalarios y traslado de victimas incluyendo personal del asegurado. La compañía cubre, con sujeción a las condiciones de este seguro, los gastos razonables que se causen por concepto de primeros auxilios inmediatos, servicios médicos, quirúrgicos, de ambulancia, de hospital, de enfermedades y drogas, como consecuencia de lesiones corporales producidas a terceros en desarrollo de las actividades específicamente amparadas bajo las condiciones particulares de la presente póliza. El amparo que mediante esta sección se otorga es independiente del de Responsabilidad y por consiguiente, los pagos que por dicho concepto se realizan, en ningún caso pueden ser interpretados como aceptación tácita de responsabilidad. | G91: SI - Sublímite $10.000.000. evento y $50.000.000 vigencia | H91: 1 | T91: 50,000,000 EVENTO/750,000,000 VIGENCIA | U91: 1 | V91: 1
A92: Responsabilidad civil por daños a bienes de empleados y visitantes, excluyendo dineros y joyas. Para que la cobertura opere se requiere demostrar el ingreso del bien al inmueble a través del registro en portería o mediante cualquier otro medio idóneo. | G92: SI - Sublímite 2% del valor asegurado evento / vigencia | H92: 1 | P92: 0.03 | Q92: 1 | V92: 1
V93: =SUM(V89:V92) -> 4
A94: PUNTAJE TOTAL | K94: 0
A97: PUNTAJE TOTAL MEJORA EN AMPAROS OBLIGATORIOS | K97: =+K94 -> 0
N98: LA PREVISORA S.A. COMPAÑÍA DE SEGUROS
A99: MEJORA EN CLAUSULAS OBLIGATORIAS | N99: DÍAS OFERTADOS | O99: PUNTAJE OBTENIDO | P99: % PORCENTAJE OFERTADO | Q99: PUNTAJE OBTENIDO | R99: VALOR ASEGURADO OFERTADO | S99: PUNTAJE OBTENIDO | T99: SUBLIMITE OFERTADO | U99: PUNTAJE OBTENIDO | V99: PROMEDIO
A100: NOMBRE DE LA CLAUSULA | E100: DESCRIPCION DE LA CLAUSULA OFRECIDA | H100: PUNTAJE REFERENCIA | I100: DESCRIPCION DE LA CLAUSULA OFRECIDA | L100: PUNTAJE
A101: ACTOS DE AUTORIDAD | E101: Queda entendido, convenido y aceptado que la compañía ampara la responsabilidad civil del asegurado que tenga origen en cualquier acto, instrucción u orden de autoridad competente. | H101: 0.1482 | N101: SE OTORGA | O101: =+H101 -> 0.1482 | V101: =+O101 -> 0.1482
A102: AMPARO AUTOMATICO PARA NUEVOS PREDIOS, OPERACIONES Y/O ACTIVIDADES | E102: Queda entendido, convenido y aceptado que no obstante lo que en contrario se diga en las condiciones generales de la póliza, el presente anexo se extiende a cubrir automáticamente todo nuevo predio, operación y/o actividad creados por el asegurado, obligándose a informar a la compañía dentro de los 60 días siguientes a la creación. La prima adicional se liquidará con base en las tasas contratadas. Si vencido este plazo no se ha informado a la Compañía, cesará el amparo. (Nota: el número de días corresponde al requerido por la Entidad por lo cual podrá ser aumentado pero no disminuido so pena de rechazo de la propuesta) | H102: 0.1482 | N102: 105 | O102: =+H102 -> 0.1482 | V102: =+O102 -> 0.1482
A103: AMPLIACIÓN DEL PLAZO PARA AVISO DE SINIESTRO | E103: Por medio de la presente cláusula y no obstante lo estipulado en las condiciones generales de la póliza, el asegurado podrá dar aviso de la ocurrencia del siniestro en un término de 90 días, siguientes a la fecha en que haya conocido o debido conocer la ocurrencia del mismo. (Nota: el número de días corresponde al requerido por la Entidad por lo cual podrá ser aumentado pero no disminuido so pena de rechazo de la propuesta) | H103: 0.1482 | N103: 105 | O103: =+H103 -> 0.1482 | V103: =+O103 -> 0.1482
A104: ANTICIPO DE INDEMNIZACION 50% | E104: Queda entendido, convenido y aceptado que en caso de presentarse un siniestro amparado bajo la presente póliza y demostrada su ocurrencia, la compañía conviene en anticipar el 50% del valor estimado de la pérdida mientras el asegurado cumple con la obligación legal para tal fin. El asegurado deberá hacer el requerimiento mediante comunicación escrita dirigida a la compañía. (Nota: el porcentaje señalado corresponde al requerido por la Entidad por lo cual podrá ser aumentado pero no disminuido, so pena de rechazo de la propuesta) | H104: 0.1482 | P104: 0.7 | Q104: =+H104 -> 0.1482 | V104: =+Q104 -> 0.1482
A105: ANTICIPO DE INDEMNIZACION PARA GASTOS MÉDICOS 50% | E105: Queda entendido, convenido y aceptado que en caso de presentarse un siniestro amparado bajo la presente póliza, que afecte la cobertura de gastos médicos y demostrada su ocurrencia, la compañía conviene en anticipar el 50% del valor estimado de la pérdida mientras el asegurado cumple con la obligación legal para tal fin. El asegurado deberá hacer el requerimiento mediante comunicación escrita dirigida a la compañía. (Nota: el porcentaje señalado corresponde al requerido por la Entidad por lo cual podrá ser aumentado pero no disminuido, so pena de rechazo de la propuesta) | H105: 0.1482 | P105: 0.7 | Q105: =+H105 -> 0.1482 | V105: =+Q105 -> 0.1482
A106: ANTICIPO DE INDEMNIZACION POR ALIMENTOS O BEBIDAS 30% | E106: Queda entendido, convenido y aceptado que en caso de presentarse un siniestro amparado bajo la presente póliza, que afecte la cobertura de alimentos y bebidas y demostrada su ocurrencia, la compañía conviene en anticipar el 30% del valor estimado de la pérdida mientras el asegurado cumple con la obligación legal para tal fin. El asegurado deberá hacer el requerimiento mediante comunicación escrita dirigida a la compañía. (Nota: el porcentaje señalado corresponde al requerido por la Entidad por lo cual podrá ser aumentado pero no disminuido, so pena de rechazo de la propuesta) | H106: 0.1482 | P106: 0.7 | Q106: =+H106 -> 0.1482 | V106: =+H106 -> 0.1482
A107: HONORARIOS PARA ASESORIA JURÍDICA EN PROCESOS CIVILES Y PENALES | E107: Por la presente cláusula y no obstante lo dicho en las condiciones generales de la póliza, la compañía se obliga a indemnizar los gastos en que incurra el asegurado por concepto de honorarios de los abogados que lo apoderen en los procesos civiles y penales que se inicie como consecuencia directa y exclusiva de un evento amparado bajo la presente póliza. Sublímite 1% del valor asegurado evento /vigencia (Nota: el porcentaje corresponde al requerido por la Entidad por lo cual podrá ser aumentado pero no disminuido so pena de rechazo de la propuesta) | H107: 0.1482 | P107: 0.21 | Q107: =+H107 -> 0.1482 | V107: =+Q107 -> 0.1482
A108: CLAUSULA DE APLICACIÓN DE CONDICIONES PARTICULARES | E108: Queda expresamente acordado y convenido, que la compañía acepta las condiciones básicas, técnicas establecidas en este anexo, en los términos señalados en el mismo, por lo tanto, en caso de existir discrepancias entre los ofrecimientos contenidos en la propuesta técnica básica, frente a los textos de los ejemplares de las pólizas, certificados, anexos o cualquier otro documento; prevalecerá la información y condiciones básicas técnicas establecidas. | H108: 0.1482 | N108: SE OTORGA | O108: =+H108 -> 0.1482 | V108: =+O108 -> 0.1482
A109: CONCURRENCIA DE AMPAROS, CLÁUSULAS Y/O CONDICIONES | E109: Queda entendido, convenido y aceptado, que si dos o más amparos, cláusulas o condiciones otorgan cobertura a un mismo evento, se indemnizará con aquella que ofrezca mayor protección para los intereses del asegurado. De igual manera prevalecerán los amparos, cláusulas o condiciones que otorguen cobertura, sobre aquellos que las excluyan. En todo caso y ante cualquier discrepancia sobre cuál es el amparo, cláusula o condición aplicable a un caso determinado, se aplicará aquella que determine el asegurado de acuerdo a sus conveniencia. | H109: 0.1482 | N109: SE OTORGA | O109: =+H109 -> 0.1482 | V109: =+O109 -> 0.1482
A110: CONOCIMIENTO DEL RIESGO | E110: La Compañía declara el conocimiento de los riesgos asegurados y por lo tanto deja constancia del conocimiento de los hechos, circunstancias y en general condiciones de los mismos, sin perjuicio de la obligación que tiene a su cargo el asegurado de avisar cualquier modificación o alteración en el estado del riesgo atendiendo a los criterios establecidos en los artículos 1058 y 1061 del Código del Comercio. La Compañía se reserva el derecho de realizar visitas para inspeccionar los riesgos asegurados cuantas veces lo juzgue pertinente. | H110: 0.1482 | N110: SE OTORGA | O110: =+H110 -> 0.1482 | V110: =+O110 -> 0.1482
A111: DESIGNACIÓN DE AJUSTADORES | E111: Queda entendido, convenido y aceptado que en el evento de un siniestro que afecte la póliza y si la Compañía decide hacer nombramiento de ajustadores, el asegurado se reservará el derecho de aceptar o solicitar el cambio de los mismos en caso de que no fueren de su entera satisfacción, sin que para ello se requiera motivación alguna. | H111: 0.1482 | N111: SE OTORGA | O111: =+H111 -> 0.1482 | V111: =+O111 -> 0.1482
A112: DESIGNACION DE BIENES | E112: Los oferentes deben aceptar el título , nombre, denominación o nomenclatura con que el asegurado identifica o describe los bienes asegurados en sus registro o libros de comercio o contabilidad. | H112: 0.1482 | N112: SE OTORGA | O112: =+H112 -> 0.1482 | V112: =+O112 -> 0.1482
A113: ERRORES, OMISIONES E INEXACTITUDES NO INTENCIONALES | E113: Queda entendido, convenido y aceptado que si el tomador incurriese en errores, omisiones e inexactitudes atribuible a el y al asegurado, el contrato no será nulo ni habrá lugar a la aplicación del inciso tercero del artículo 1058 del código de comercio sobre reducción porcentual de la prestación asegurada. En este caso, se liquidará la prima adecuada al verdadero estado del riesgo. | H113: 0.1482 | N113: SE OTORGA | O113: =+H113 -> 0.1482 | V113: =+O113 -> 0.1482
A114: EXPERTICIO TÉCNICO | E114: Queda entendido, convenido y aceptado que en el evento de existir discrepancia entre la Compañía y el Asegurado en cuanto a aspectos de orden técnico, la cuestión será sometida a la decisión de peritos o expertos en la materia del siniestros, según los intereses afectados por el siniestro, siguiendo el procedimiento que para tal regulación prevén los artículos 2026 y siguientes del Código de Comercio | H114: 0.1482 | N114: SE OTORGA | O114: =+H114 -> 0.1482 | V114: =+O114 -> 0.1482
A115: GASTOS ADICIONALES | E115: No obstante lo que se diga en contrario en las condiciones generales y particulares de la póliza, la Compañía se obliga a indemnizar los gastos adicionales (que no tengan carácter de permanentes), debidamente comprobados en que necesaria y razonablemente incurra el asegurado, como consecuencia directa del siniestro, hasta el 100% de los gastos demostrados. Sublímite $80.000.000 Evento/Vigencia (Nota: el límite corresponde al requerido por la Entidad por lo cual podrá ser aumentado pero no disminuido so pena de rechazo de la propuesta) | H115: 0.1482 | N115: SE OTORGA | T115: 200000000 | U115: =+H115 -> 0.1482 | V115: =+U115 -> 0.1482
A116: GASTOS ADICIONALES PARA CAUCIONES Y COSTAS PROCESALES. | E116: La presente póliza ampara en exceso de la suma asegurada, los siguientes gastos: a) El costo de cualquier clase de caución que el Asegurado tenga que prestar; la aseguradora no se obliga sin embargo, a otorgar dichas cauciones. b) Intereses de mora en beneficio del tercero afectado. Sublímite $10.000.000 Evento/Vigencia (Nota: el límite corresponde al requerido por la Entidad por lo cual podrá ser aumentado pero no disminuido so pena de rechazo de la propuesta) | H116: 0.1482 | N116: SE OTORGA | U116: =+H116 -> 0.1482 | V116: =+U116 -> 0.1482
A117: GASTOS ADICIONALES PARA HONORARIOS PROFESIONALES DE ABOGADOS, CONSULTORES, AUDITORES, INTERVENTORES, ETC. | E117: No obstante lo que se diga en contrario en las condiciones generales y particulares de la póliza, la Compañía se obliga a indemnizar los honorarios en que necesaria y razonablemente incurra el asegurado, por concepto de abogados, consultores, auditores, interventores, revisores, contadores, etc., para obtener y certificar: a.- los detalles extraídos de los libros de contabilidad y del negocio mismo del asegurado, y b.- cualesquiera otras informaciones, documentos y testimonios que sean pedidos por la compañía al asegurado según lo establecido en las condiciones generales y particulares de la póliza. La compañía reconocerá hasta el 100% de las gastos demostrados por el asegurado. Sublímite $80.000.000 Evento/Vigencia (Nota: el límite corresponde al requerido por la Entidad por lo cual podrá ser aumentado pero no disminuido so pena de rechazo de la propuesta) | H117: 0.1482 | N117: SE OTORGA | T117: 200000000 | U117: =+H117 -> 0.1482 | V117: =+U117 -> 0.1482
A118: INDEMNIZACION POR CLARA EVIDENCIA SIN QUE EXISTA PREVIO FALLO JUDICIAL | E118: No obstante las condiciones generales de la póliza, queda declarado y convenido que en caso de cualquier evento cubierto por la presente póliza, el pago se realizará con la declaración o manifestación de culpabilidad del asegurado por escrito, siempre y cuando su responsabilidad sea evidente. | H118: 0.1482 | N118: SE OTORGA | O118: =+H118 -> 0.1482 | V118: =+O118 -> 0.1482
A119: MODIFICACIONES A FAVOR DEL ASEGURADO | E119: Si durante la vigencia de la póliza se presentan modificaciones a las condiciones de la póliza que representen un beneficio a favor del asegurado, sin que impliquen un aumento a la prima originalmente pactada, tales modificaciones se consideran automáticamente incorporadas a la póliza. | H119: 0.1482 | N119: SE OTORGA | O119: =+H119 -> 0.1482 | V119: =+O119 -> 0.1482
A120: NO APLICACIÓN DE DEDUCIBLES PARA GASTOS MÉDICOS Y PAGOS SUPLEMENTARIOS | E120: Queda entendido, convenido y aceptado que en caso de siniestro amparado por este seguro, que afecte las coberturas de gastos médicos y pagos suplementarios, la compañía indemnizará la pérdida, sin aplicar ningún tipo de deducible sobre el valor de la misma. | H120: 0.1482 | N120: SE OTORGA | O120: =+H120 -> 0.1482 | V120: =+O120 -> 0.1482
A121: PAGO DE LA INDEMNIZACIÓN. | E121: El asegurado se reserva el derecho de solicitar a la compañía de seguros el pago de la indemnización mediante la reparación y/o reposición del bien o bienes afectados y/o mediante el giro de dinero a los contratistas y/o proveedores de bienes o servicios con los cuales EL ASEGURADO decida reemplazarlos. La compañía a petición escrita de la entidad asegurada, efectuará el pago de la indemnización hasta el monto de su responsabilidad; que en todo caso y por tratarse de una póliza de Responsabilidad Civil, la indemnización será reconocida a quien acredite la calidad de víctima | H121: 0.1482 | N121: SE OTORGA | O121: =+H121 -> 0.1482 | V121: =+O121 -> 0.1482
A122: PAGO DEL SINIESTRO SIN NECESIDAD DE FALLO FISCAL O PENAL | E122: Queda entendido, convenido y aceptado, que la aseguradora indemnizará las pérdidas objeto de la respectiva cobertura, sin requerir fallo fiscal o penal, siempre y cuando medie un contrato de transaccion entre las partes, realizado por la aseguradora y se acredite la ocurrencia y cuantía de la pérdida | H122: 0.1482 | N122: SE OTORGA | O122: =+H122 -> 0.1482 | V122: =+O122 -> 0.1482
A123: REVOCACIÓN DE LA PÓLIZA Y/O NO RENOVACION Y/O NO PRORROGA | E123: El presente contrato de seguro podrá ser revocado unilateralmente por el asegurado en cualquier momento de su ejecución. La compañía por su parte podrá revocarlo dando aviso por escrito con 60 días de anticipación, y en menor tiempo en el evento contemplado en el artículo 22 de la Ley 35 de 1993. En caso de revocación por parte de la aseguradora, esta devolverá al asegurado la parte de la prima no devengada, o sea, la que corresponde al lapso comprendido entre la fecha que comienza a surtir efecto la revocación y la del vencimiento del seguro. En caso de que sea revocado por el asegurado, el importe de la prima devengada y el de la devolución, se calculará tomando en cuenta la tarifa de seguros a corto plazo. De igual manera, la compañía se obliga a avisar su decisión de no renovar o prorrogar éste contrato de seguros con 60 días de anticipación, mediante comunicación escrita dirigida al asegurado. Para la Cobertura de amit y hmcc la Compañias podra revocarla dando aviso con sera de 10 dias, de anticipacion.(Nota: el número de días corresponde al requerido por la Entidad por lo cual podrá ser aumentado pero no disminuido so pena de rechazo de la propuesta) | H123: 0.1482 | N123: 105 | O123: =+H123 -> 0.1482 | V123: =+O123 -> 0.1482
A124: SELECCIÓN DE PROFESIONALES PARA LA DEFENSA | E124: El oferente debe contemplar que la selección de los profesionales encargados de la defensa corresponderá al Asegurado, o los funcionarios que ésta designe, quienes para su aprobación presentarán a la compañía la propuesta correspondiente. La compañía podrá, previo común acuerdo con la Entidad asegurada, asumir la defensa de cualquier litigio o procedimiento legal a nombre del asegurado, a través de abogados elegidos por éste. | H124: 0.1482 | N124: SE OTORGA | O124: =+H124 -> 0.1482 | V124: =+O124 -> 0.1482
A125: METODOS ALTERNATIVOS DE SOLUCION DE CONFLICTOS | E125: Los conflictos que se presenten durante la ejecución del objeto contractual, se solucionarán preferiblemente mediante los métodos alternativos y solución de conflictos | H125: 0.1482 | N125: SE OTORGA | O125: =+H125 -> 0.1482 | V125: =+O125 -> 0.1482
A126: EXTENSION DE COBERTURA | E126: Se considerarán terceros todos los aprendices que se encuentren en las instalaciones, predios o actividades desarrolladas por la entidad en desarrollo de las actividades académicas propias de un programa de formación. El amparo de la presente póliza operará en exceso de la cobertura otorgada por los demás seguros que amparen a los aprendices. SUBLIMITE HASTA $10.000.000 EVENTO/VIGENCIA | H126: 0.1482 | N126: SE OTORGA | O126: =+H126 -> 0.1482 | R126: 20000000 | V126: =+O126 -> 0.1482
A127: RESTABLECIMIENTO AUTOMÁTICO DEL VALOR ASEGURADO POR PAGO DE SINIESTRO | E127: Se entenderá reestablecido automáticamente el valor asegurado, desde el momento del siniestro, que afecte la presente póliza, en el importe de la indemnización pagada o reconocida por la compañía. Dicho restablecimiento se efectuará con cobro de prima adicional. hasta por el 0.01% del valor asegurado y por una (1) vez. | H127: 0.1468 | N127: SE OTORGA | P127: 1 | Q127: =+H127 -> 0.1468 | V127: =+Q127 -> 0.1468
A128: PUNTAJE TOTAL | K128: =SUM(H101:H127) -> 4 | V128: =SUM(V101:V127) -> 4
A130: PUNTAJE TOTAL CLÁUSULAS ADICIONALES
N131: LA PREVISORA S.A. COMPAÑÍA DE SEGUROS
A132: AMPAROS ADICIONALES | N132: DÍAS OFERTADOS | O132: PUNTAJE OBTENIDO | P132: % PORCENTAJE OFERTADO | Q132: PUNTAJE OBTENIDO | R132: VALOR ASEGURADO OFERTADO | S132: PUNTAJE OBTENIDO | T132: SUBLIMITE OFERTADO | U132: PUNTAJE OBTENIDO | V132: PROMEDIO
A133: NOMBRE DEL AMPARO y DESCRIPCIÓN DEL AMPARO | H133: PUNTAJE REFERENCIA | I133: DESCRIPCIÓN DEL AMPARO OFRECIDO | L133: PUNTAJE
A134: Honorarios de abogado y gastos de defensa, Al 100% de los gastos demostrados pero sin exceder el sublimite previsto. | H134: 0.67 | N134: SE OTORGA | O134: 0.67 | V134: 0.67
A135: Cobertura de lucro cesante para los terceros afectados | H135: 0.67 | N135: SE OTORGA | O135: 0.67 | P135: 0.1 | V135: 0.67
A136: Contaminación Accidental, Subita e Imprevista. Excluye Contaminación Paulatina, pago de Multas y Costos de Limpieza. | H136: 0.67 | N136: SE OTORGA | O136: 0.67 | P136: 0.75 | V136: 0.67
A137: Contaminación Accidental, Subita e Imprevista. Excluye Contaminación Paulatina, pago de Multas y Costos de Limpieza. | H137: 0.67 | N137: SE OTORGA | O137: 0.67 | P137: 0.75 | V137: 0.67
A138: No subrogación a favor de empleados o contratistas | H138: 0.66 | N138: SE OTORGA | O138: 0.66 | V138: 0.66
A139: Responsabilidad civil derivada de montajes, construcciones y obras civiles para el mantenimiento, reparación o ampliación de predios. Sublimite de Cop $70.000.000 evento / $140.000.000 vigencia. | H139: 0.66 | N139: SE OTORGA | O139: 0.66 | T139: $150.000.000 evento / $300.000.000 vigencia. | U139: 0.66 | V139: 0.66
V140: =SUM(V134:V139) -> 4
A141: PUNTAJE TOTAL | K141: =SUM(H134:H139) -> 4
...

Sheet R.C.S.P.
A1: FONDO DE DESARROLLO LOCAL DE SUBA
A2: OFERTA PRESENTADA PARA EL SEGURO DE RESPONSABILIDAD CIVIL SERVIDORES PÚBLICOS
A3: NOMBRE DEL PROPONENTE:
A4: GC
A5: OBJETO DEL SEGURO | N5: LA PREVISORA S.A. COMPAÑÍA DE SEGUROS
A6: “Indemnizar los perjuicios causados a terceros y a la entidad amparada, provenientes de la responsabilidad civil de los servidores públicos, originados en cualquier reclamación iniciada por primera vez enmarcada dentro de la ley, durante la vigencia de la póliza, por todo acto u omisión, por actos incorrectos, culposos, reales o presuntos, pero nunca dolosos, cometidos por la persona que desempeñe los cargos asegurados expresamente mencionados en la caratula de la póliza, en el desempeño de sus respectivas funciones como Servidores Públicos. De igual manera, los perjuicios imputables a funcionarios de la Entidad que desempeñen los cargos relacionados y descritos en el formulario que suministre la Entidad, así como por Juicios de Responsabilidad Fiscal, acciones de repetición iniciadas por el tomador en contra de los servidores públicos asegurados y los gastos en que incurra el funcionario para su defensa”. MODALIDAD DE COBERTURA - CLAIMS MADE: El sistema bajo el cual opera la presente póliza es por notificación de investigaciones y/o procesos por primera vez durante la vigencia de la póliza derivados de hechos ocurridos en el periodo de retroactividad contratado | N6: CUMPLE | O6: NO CUMPLE | P6: SUBSANA
N7: XXX
A9: INFORMACION GENERAL
A11: TOMADOR: | G11: =A1 -> FONDO DE DESARROLLO LOCAL DE SUBA
A12: ASEGURADO: | G12: =G11 -> FONDO DE DESARROLLO LOCAL DE SUBA
A13: BENEFICIARIO: | G13: =G11 -> FONDO DE DESARROLLO LOCAL DE SUBA
A15: NOTA: | G15: Los oferentes deben tener en cuenta para la elaboración de la propuesta, que las condiciones, coberturas básicas para las cuales no se indique sublímite, operaran al 100% del valor asegurado. | N15: XXX
N16: XXX
A18: VALORES ASEGURADOS
A21: OFERTA BASICA ALCALDE | C21: Oferta Básica: | D21: 1000000000 | E21: Evento/Vigencia | N21: XXX
C22: Gastos de Defensa: cargos según formulario. ALCALDE. | N22: XXX
C23: $ 60.000.000 por persona en cada proceso | N23: XXX
C24: $ 140.000.000 por persona en la vigencia | N24: XXX
C25: $ 140.000.000 por evento | N25: XXX
C26: $ 260.000.000 por vigencia para todos los eventos | N26: XXX
C27: Los gastos de defensa hacen parte del valor asegurado del básico | N27: XXX
C28: Se limita la cobertura por etapas del proceso. El sublímite para gastos de defensa forma parte del valor asegurado y no en adición a este. | N28: XXX
N29: XXX
A30: OFERTA BASICA DEMÁS CARGOS | C30: Oferta Básica: | D30: 800000000 | E30: Evento/Vigencia | N30: XXX
C31: Gastos de Defensa: cargos según formulario. DEMAS CARGOS | N31: XXX
C32: $ 40.000.000 por persona en cada proceso | N32: XXX
C33: $ 120.000.000 por persona en la vigencia | N33: XXX
C34: $ 120.000.000 por evento | N34: XXX
C35: $ 240.000.000 por vigencia para todos los eventos | N35: XXX
C36: Los gastos de defensa hacen parte del valor asegurado del básico | N36: XXX
C37: Se limita la cobertura por etapas del proceso. El sublímite para gastos de defensa forma parte del valor asegurado y no en adición a este. | N37: XXX
C39: TOTAL CARGOS ASEGURAR: ASEGURADOS RCSP. | N39: XXX
C41: Oferta 1: | D41: 1400000000 | E41: Evento/Vigencia Solo para el Basico | N41: XXX
C43: NOTA: SE ACLARA QUE EL LÍMITE DE $ 110.000.000 EN GASTOS DE DEFENSA ES POR VIGENCIA, OPERA COMO UN SOLO LÍMITE PARA EL ASEGURADO. | N43: XXX
C44: PROCESO DISCIPLINARIO | N44: XXX
N45: XXX
N46: XXX
C47: Solo aplica para proceso disciplinario | D47: Para honorarios el maximo limite es $20.000.000 para el cargo principal. | N47: XXX
N48: XXX
N49: XXX
A50: ETAPAS PROCESALES | C50: ETAPA PRELIMINAR | D50: Indagatoria Preliminar | F50: 10% de los Honoraios | N50: XXX
D51: Auto de Apertura de Indagacion | F51: 30% de Honorarios | N51: XXX
D52: Notificacion del Auto de apertura de indagacion | N52: XXX
C53: PRIMERA INSTANCIA | D53: Auto de Apertura de Investigación disciplinaria | F53: 40% de Honorarios | N53: XXX
D54: Nortificacion Auto de Apertura del Proceso de Investigación disciplinaria | N54: XXX
D55: Auto de Vinculacion al Proceso Disciplinario | N55: XXX
D56: Notificacion del Auto de Vinculacion | N56: XXX
D57: Auto de Evaluación de la Investigación o Pliego de Cargos | N57: XXX
D58: Notificación del Auto de Pliego de Cargos | N58: XXX
D59: Fallo de Primera Instancia | N59: XXX
C60: SEGUNDA INSTANCIA | D60: Notificación del Fallo | F60: 20% de Honorarios | N60: XXX
D61: Segunda Instancia | N61: XXX
N62: XXX
N63: XXX
C64: PROCESO FISCAL | N64: XXX
N65: XXX
A66: ETAPAS PROCESALES | C66: ETAPA PRELIMINAR | D66: Auto de Apertura de Indagacion | F66: 10% de los Honoraios | N66: XXX
C67: PRIMERA INSTANCIA | D67: Notificacion del Auto de apertura de indagacion | F67: 20%de los Honoraios | N67: XXX
D68: Auto de Apertura del Proceso de Responsabilidad Fiscal | F68: 40% de Honorarios | N68: XXX
D69: Nortificacion Auto de Apertura del Proceso de Responsabilidad Fiscal | N69: XXX
D70: Auto de Vinculacion al Proceso de Responsabilidad Fiscal | N70: XXX
D71: Notificacion del Auto de Vinculacion | N71: XXX
D72: Auto de imputacion de Responsabilidad Fiscal | N72: XXX
D73: Notificacion del Auto de imputacion de Responsabilidad Fiscal | N73: XXX
D74: Fallo de Responsdabilidad Fiscal | N74: XXX
C75: SEGUNDA INSTANCIA | D75: Notificacion del fallo | F75: 20% de Honorarios | N75: XXX
D76: Segunda Instancia | N76: XXX
N77: XXX
N78: XXX
C79: PROCESO PENAL | N79: XXX
N80: XXX
C81: ETAPA PRELIMINAR | D81: Indagatoria Preliminar | F81: 40% de Honorarios. | N81: XXX
D82: Comunicación Indagacion | N82: XXX
D83: Diligencia de Interrogatorio | N83: XXX
D84: Archivo | N84: XXX
C85: PRIMERA INSTANCIA | D85: Formulación de Imputación | F85: 40% de Honorarios. | N85: XXX
D86: Solicitud de Preclusión, Formulación de Acusación | N86: XXX
D87: Audiencia Preparatoria – Juicio Oral | N87: XXX
D88: Decisión o Sentido del Fallo | F88: 20% de Honorarios | N88: XXX
A89: AMPAROS OBLIGATORIOS
A90: NOMBRE | K90: SE PERMITE SUBLIMITAR
A91: Perjuicios causados a terceros y a la Entidad, provenientes de la responsabilidad civil de los servidores públicos, originados en cualquier reclamación iniciada por primera vez enmarcada dentro de la ley, durante la vigencia de la póliza, por todo acto u omisión, por actos incorrectos, culposos, reales o presuntos, cometidos por cualquier persona que desempeñe o haya desempeñado los cargos asegurados, en el desempeño de sus respectivas funciones como Servidores Públicos. De igual manera se cubren los perjuicios imputables a funcionarios de la Entidad que desempeñen los cargos relacionados y descritos en el listado que suministre la Entidad, así como por Juicios de Responsabilidad Fiscal y acciones de repetición iniciadas por el tomador en contra de los servidores públicos asegurados (MODALIDAD DE COBERTURA CLAIMS MADE) El sistema bajo el cual opera la presente póliza es por notificación de investigaciones y/o procesos por primera vez durante la vigencia de la póliza derivados de hechos ocurridos en el periodo de retroactividad contratado. | K91: NO | N91: XXX
A92: Gastos y costas judiciales por honorarios profesionales en que incurran los funcionarios para ejercer su defensa, en cualquier indagación, y/o en cualquier investigación preliminar iniciada a instancias de su gestión y/o en cualquier proceso civil, disciplinario, administrativo, de responsabilidad fiscal o penal en su contra, y/o en cualquier actuación extraprocesal y/o en cualquier investigación adelantada por cualquier organismo oficial, incluyendo Contraloría, Fiscalía, Procuraduría, Defensoría, Veeduría y Órganos u Oficinas similares, o por cualquier organismo oficial, incluyendo acciones de repetición o de llamamiento en garantía con fines de repetición. | K92: SI El sublímite permitido será el previsto para cada alternativa y no se aceptan limitaciones por etapas del proceso o a tarifas del colegio de abogados. | N92: XXX
A93: Otros costos procesales incluyendo gastos y costos por concepto de constitución de cauciones y pagos diferentes a honorarios profesionales de abogados en que deban incurrir los asegurados. | K93: SI 10% del valor asegurado | N93: XXX
A94: Se amparan las reclamaciones, investigaciones o juicios iniciados por primera vez en contra de los funcionarios asegurados, por actos u omisiones, actos incorrectos, no dolosos, reales o presuntos, cometidos por los funcionarios asegurados durante la vigencia de la póliza, en el desempeño de sus respectivas funciones y reclamados dentro de los 12 meses siguientes a la expiración de la póliza. Esta cobertura se otorga siempre y cuando la entidad la solicite antes del vencimiento del seguro, su revocación por parte de la aseguradora o cancelación por parte del asegurado; tendrá un cobro de prima adicional correspondiente al 100% de la prima cotizada. Queda aclarado y convenido que para efectos de este amparo no opera la condición de retroactividad ilimitada ni la cláusula de amparo automático de cargos y cualquier inclusión que se requiera bajo ésta extensión de cobertura deberá ser solicitada y acordada por la aseguradora previamente. | K94: NO. | N94: XXX
A95: Gastos y costas judiciales por honorarios profesionales en reclamaciones que se generen con ocasión de citaciones a audiencias de conciliación extrajudicial ante la autoridad judicial o entes debidamente facultados para celebrarlas. | K95: SI Sublimite de $ 10.000.000 evento y $ 50.000.000 vigencia. | N95: XXX
A96: Limitación de la Cobertura de Reclamaciones Laborales: Se entenderá por reclamación laboral, aquella conocida o notificada contra cualquier asegurado o en nombre de cualquier asegurado como consecuencia real o supuesta, de despido ilegal, discriminación o maltrato por razones de raza, edad, sexo o religión, maltrato laboral, prosecución laboral, inequidad laboral, desprotección laboral y cualquier otra modalidad de acoso laboral al tenor de lo establecido en la Ley 1010 de 2006 o en las normas que lo modifiquen o lo adicionen. La cobertura se extenderá a los perjuicios morales y trastornos emocionales, siempre y cuando se encuentren debidamente cuantificados y en todo caso sin superar el límite de cobertura indicado en la póliza, para tal efecto deberá existir sentencia condenatoria de un juez de la república. No constituye reclamaciones de carácter laboral amparadas bajo la presente póliza, las que tengan por objeto el reconocimiento de salarios, prestaciones, indemnizaciones y demás retribuciones o compensaciones de carácter económico emanadas de un contrato de trabajo."siempre y cuando en la investigación se vincule un cargo asegurado bajo la presente póliza" y que los sublímites hacen parte del límite asegurado y no en adición a este. | K96: SI Sublimite de $10.000.000 evento y $30.000.000 vigencia. | N96: XXX
A98: CLAUSULAS OBLIGATORIAS
A100: NOMBRE DE LA CLAUSULA | F100: DESCRIPCION DE LA CLAUSULA
A101: ACEPTACIÓN DE GASTOS JUDICIALES Y/O COSTOS DE DEFENSA DENTRO DE LOS DIEZ (10) DÍAS HÁBILES. | F101: Mediante esta condición queda expresamente acordado que la aseguradora se pronunciará sobre la cobertura o no de las reclamaciones y sobre la cotización de honorarios del abogado, gastos judiciales y/o costos de defensa en la mayor brevedad posible y dentro de los diez (10) días hábiles siguientes al recibo de la documentación que acredite los mismos. En caso contrario se entenderán aceptados los honorarios de abogado, de conformidad con la (s) cotización (s) presentada (s) por la Entidad asegurada o los funcionarios que esta designe o los asegurados. De todas formas queda expresamente convenido y aceptado, que las condiciones relacionadas con el término para la aceptación de gastos judiciales y/o costos de defensa, aplica a partir de recibo de la documentación que acredite los mismos, ya sea por la aseguradora o el ajustador. Nota: (el número de días corresponde al aceptado por la Entidad por lo cual podrá ser disminuido pero no aumentado so pena de rechazo de la oferta). | N101: XXX
A102: AMPARO AUTOMÁTICO DE NUEVOS CARGOS | F102: Queda entendido, convenido y aceptado que bajo la presente póliza se amparan los nuevos cargos creados, siempre que tengan la misma relación jerárquica de los ya existentes, para lo cual se comunicará dicha creación dentro de los 60 días siguientes a la misma.En el evento en que los nuevos cargos excedan el 5% de los inicialmente asegurados, se generará entonces cobro de prima adicional. El cobro de la prima se efectuará a prorrata sobre los valores inicialmente pactados y número de días restantes para la finalización de la póliza. Estos se realizaran formalmente por la entidad, cotizados y autorizados por la Aseguradora (Nota: el número de días corresponde al requerido por lo cual podrá ser aumentado pero no disminuido so pena de rechazo de la oferta) | N102: XXX
A103: AMPARO AUTOMÁTICO PARA CARGOS PASADOS PRESENTES O FUTUROS | F103: Queda entendido, convenido y aceptado que se ampara automáticamente cualquier persona que desempeñe los cargos asegurados, señalados en el formulario de solicitud y los que en el futuro llegaren a ocupar los cargos amparados, los cuales se cubren en forma automática, sin que se requiera aviso de tal modificación, así mismo, se amparan los servidores públicos que hayan ocupado los cargos asegurados dentro del periodo de retroactividad aplicable a esta póliza. | N103: XXX
A104: AMPARO DE TRANSMISIÓN POR MUERTE | F104: Por medio de la presente cláusula y no obstante lo estipulado en las condiciones generales de la póliza, se ampara la responsabilidad de los funcionarios asegurados que se transmita por muerte, incapacidad, inhabilidad o quiebra, de tal manera que se extiende a cubrir en estos casos al conyugue y los herederos del servidor público asegurado. | N104: XXX
A105: AMPLIACIÓN DEL PLAZO PARA AVISO DE SINIESTRO | F105: Por medio de la presente cláusula y no obstante lo estipulado en las condiciones generales de la póliza, el asegurado podrá dar aviso de la ocurrencia del siniestro en un término de 60 días, siguientes a la fecha en que haya conocido o debido conocer la ocurrencia del mismo. (Nota: el número de días corresponde al requerido por lo cual podrá ser aumentado pero no disminuido so pena de rechazo de la oferta) | N105: XXX
A106: ANTICIPO DE INDEMNIZACIÓN PARA EL PAGO DE HONORARIOS 20% | F106: Queda entendido, convenido y aceptado que en caso de presentarse un siniestro amparado bajo la presente póliza la compañía anticipará el 20% de los valores necesarios para el pago de honorarios de abogados , para lo cual requerirá la presentación del aviso del siniestro, la documentación para sustentar la reclamación y la citación a indagatoria, versión libre y/o cualquier otra actuación procesal que lo requiera. El asegurado deberá hacer el requerimiento mediante comunicación escrita dirigida a la compañía. El valor del anticipo será entregado por la aseguradora dentro de los quince (15) días siguiente al reconocimiento del mismo o al vencimiento del plazo para que la aseguradora se pronuncie sobre la solicitud efectuada,o lo que ocurra primero. Nota (se realiza el anticipo de indemnización para el pago de honorarios 20% excluyendo el que provenga de dolo.para el proceso penal se hace por reembolso(Nota: el porcentaje y el número de días corresponde al requerido por la Entidad por lo cual podrá ser aumentado pero no disminuido so pena de rechazo de la oferta) | N106: XXX
A107: ANTICIPO DE INDEMNIZACIÓN PARA EL PAGO DE CAUCIONES JUDICIALES 50% | F107: Queda entendido, convenido y aceptado que en caso de presentarse un siniestro amparado bajo la presente póliza la compañía anticipará el 50% de los valores necesarios y la constitución de cauciones judiciales, para lo cual requerirá la presentación del aviso del siniestro, la documentación para sustentar la reclamación y la citación a indagatoria, versión libre y/o cualquier otra actuación procesal que lo requiera. El asegurado deberá hacer el requerimiento mediante comunicación escrita dirigida a la compañía. El valor del anticipo será entregado por la aseguradora dentro de los quince (15) días siguiente al reconocimiento del mismo o al vencimiento del plazo para que la aseguradora se pronuncie sobre la solicitud efectuada,o lo que ocurra primero. En el caso de procesos penales la cobertura opera por reembolso. Nota (se realiza el anticipo de indemnización para el pago de cauciones judiciales 50% excluyendo el que provenga de dolo.(Nota: el porcentaje y el número de días corresponde al requerido por la Entidad por lo cual podrá ser aumentado pero no disminuido so pena de rechazo de la oferta) | N107: XXX
A108: ATENCIÓN DE REQUERIMIENTOS. | F108: La aseguradora se compromete a atender y responder las solicitudes que se efectúen en relación con el seguro, en un término de dieciséis (16) días hábiles, el cual se contará a partir del momento en que la compañía de seguros reciba la solicitud. Lo anterior, sin perjuicio de los plazos particulares que sean establecidos para trámites o asuntos específicos. (NOTA: El número de días corresponde al aceptado por la Entidad por lo cual podrá ser disminuido pero no aumentado so pena de rechazo de la oferta). | N108: XXX
A109: DEFINICION DE EVENTO | F109: Se entiende como evento el acto incorrecto cometido o presuntamente cometido por uno o más funcionarios asegurados, del cual se derive una o más de una reclamación de perjuicios o la apertura de uno o más procesos por organismos de vigilancia del estado | N109: XXX
A110: DESIGNACION DE ABOGADOS | F110: Por medio de la presente cláusula y no obstante lo estipulado en las condiciones generales de la póliza, la compañía autorizará el abogado escogido por el funcionario asegurado, con la sola presentación de una cotización y sin la exigencia de presentación de ternas. | N110: XXX
A111: DESIGNACIÓN DE AJUSTADORES | F111: Queda entendido, convenido y aceptado que en el evento de un siniestro que afecte la póliza y si la Compañía decide hacer nombramiento de ajustadores, el asegurado se reservará el derecho de aceptar o solicitar el cambio de los mismos en caso de que no fueren de su entera satisfacción,Sin que para ello se requiera motivacion alguna. | N111: XXX
...

Sheet R.C.C.
A1: FONDO DE DESARROLLO LOCAL DE SUBA
A2: OFERTA PRESENTADA PARA EL SEGURO ACCIDENTES PERSONALES RESPONSABILIDAD CIVIL CONTRACTUAL
A3: NOMBRE DEL PROPONENTE:
A4: GC | N4: LA PREVISORA S.A. COMPAÑÍA DE SEGUROS
A5: OBJETO DEL SEGURO | N5: CUMPLE | O5: NO CUMPLE | P5: SUBSANA
A6: Amparar la muerte o lesiones causadas a los pasajeros ocupantes del vehículo ocurridos dentro del territorio nacional, con los vehículos automotores de propiedad del La Entidad y con aquellos otros vehículos por los cuales sea responsable. | N6: XXX
A9: INFORMACION GENERAL
A11: TOMADOR: | G11: =A1 -> FONDO DE DESARROLLO LOCAL DE SUBA
A12: ASEGURADO: | G12: =G11 -> FONDO DE DESARROLLO LOCAL DE SUBA
A13: BENEFICIARIO: | G13: =G11 -> FONDO DE DESARROLLO LOCAL DE SUBA
A15: AMPARO | G15: CONDICIONES OBLIGATORIAS
A16: Muerte Accidental | G16: 100 SMMLV | N16: XXX
A17: Incapacidad total y permanente | G17: 100 SMMLV | N17: XXX
A18: Incapacidad temporal | G18: 100 SMMLV | N18: XXX
A19: Gastos médicos, quirúrgicos, farmacéuticos y hospitalarios | G19: 100 SMMLV | N19: XXX
A21: VEHICULOS Y VALORES ASEGURADOS
A23: VER INVENTARIO (ARCHIVO BIENES)
A25: CRITERIOS TÉCNICOS
A26: MEJORA EN AMPAROS OBLIGATORIOS | N26: LA PREVISORA S.A. COMPAÑÍA DE SEGUROS
A27: NOMBRE | G27: SUBLIMITE BÁSICO | H27: PUNTAJE REFERENCIA | I27: DESCRIPCIÓN DEL SUBLIMITE OFRECIDO (EL VALOR DEL SUBLÍMITE CORRESPONDE AL REQUERIDO POR LA ENTIDAD POR LO CUAL PODRÁ SER AUMENTADO PERO NO DISMINUIDO SO PENA DE RECHAZO DE LA PROPUESTA). | L27: PUNTAJE | N27: DÍAS OFERTADOS | O27: PUNTAJE OBTENIDO | P27: % PORCENTAJE OFERTADO | Q27: PUNTAJE OBTENIDO | R27: VALOR ASEGURADO OFERTADO | S27: PUNTAJE OBTENIDO | T27: SUBLIMITE OFERTADO | U27: PUNTAJE OBTENIDO | V27: PROMEDIO
A28: LA ENTIDAD OTORGA EL TOTAL DEL PUNTAJE | H28: 4 | L28: 4 | V28: 4
V29: 4
A30: PUNTAJE TOTAL | K30: 4
A33: PUNTAJE TOTAL MEJORA EN AMPAROS OBLIGATORIOS | K33: =+K30 -> 4
A35: MEJORA EN CLAUSULAS OBLIGATORIAS | N35: LA PREVISORA S.A. COMPAÑÍA DE SEGUROS
A36: NOMBRE DE LA CLAUSULA | E36: DESCRIPCION DE LA CLAUSULA OFRECIDA | H36: PUNTAJE REFERENCIA | I36: DESCRIPCION DE LA CLAUSULA OFRECIDA | L36: PUNTAJE | N36: DÍAS OFERTADOS | O36: PUNTAJE OBTENIDO | P36: % PORCENTAJE OFERTADO | Q36: PUNTAJE OBTENIDO | R36: VALOR ASEGURADO OFERTADO | S36: PUNTAJE OBTENIDO | T36: SUBLIMITE OFERTADO | U36: PUNTAJE OBTENIDO | V36: PROMEDIO
A37: LA ENTIDAD OTORGA EL TOTAL DEL PUNTAJE | H37: 4 | L37: 4 | V37: 4
V38: 4
A39: PUNTAJE TOTAL | K39: 4
A42: PUNTAJE TOTAL MEJORA EN CLAUSULAS OBLIGATORIAS
A44: AMPAROS ADICIONALES | N44: LA PREVISORA S.A. COMPAÑÍA DE SEGUROS
A45: NOMBRE DEL AMPARO | E45: DESCRIPCIÓN DEL AMPARO | H45: PUNTAJE REFERENCIA | I45: DESCRIPCIÓN DEL AMPARO OFRECIDO | L45: PUNTAJE | N45: DÍAS OFERTADOS | O45: PUNTAJE OBTENIDO | P45: % PORCENTAJE OFERTADO | Q45: PUNTAJE OBTENIDO | R45: VALOR ASEGURADO OFERTADO | S45: PUNTAJE OBTENIDO | T45: SUBLIMITE OFERTADO | U45: PUNTAJE OBTENIDO | V45: PROMEDIO
A46: LA ENTIDAD OTORGA EL TOTAL DEL PUNTAJE | H46: 4 | L46: 4 | V46: 4
V47: 4
A48: PUNTAJE TOTAL | K48: 4
A51: PUNTAJE TOTAL AMPAROS ADICIONALES
A53: CLÁUSULAS ADICIONALES | N53: LA PREVISORA S.A. COMPAÑÍA DE SEGUROS
A54: NOMBRE DE LA CLAUSULA | E54: DESCRIPCION DE LA CLAUSULA | H54: PUNTAJE REFERENCIA | I54: DESCRIPCION DE LA CLAUSULA OFRECIDA | L54: PUNTAJE | N54: DÍAS OFERTADOS | O54: PUNTAJE OBTENIDO | P54: % PORCENTAJE OFERTADO | Q54: PUNTAJE OBTENIDO | R54: VALOR ASEGURADO OFERTADO | S54: PUNTAJE OBTENIDO | T54: SUBLIMITE OFERTADO | U54: PUNTAJE OBTENIDO | V54: PROMEDIO
A55: LA ENTIDAD OTORGA EL TOTAL DEL PUNTAJE | H55: 4 | L55: 4 | V55: 4
V56: 4
A57: PUNTAJE TOTAL | K57: 4
A60: PUNTAJE TOTAL CLÁUSULAS ADICIONALES
A62: CONDICIONES ESPECIALES
N64: LA PREVISORA S.A. COMPAÑÍA DE SEGUROS
A65: NOMBRE | E65: DESCRIPCIÓN | H65: PUNTAJE REFERENCIA | I65: DESCRIPCION DEL OFRECIMIENTO | L65: PUNTAJE | N65: DÍAS OFERTADOS | O65: PUNTAJE OBTENIDO | P65: % PORCENTAJE OFERTADO | Q65: PUNTAJE OBTENIDO | R65: VALOR ASEGURADO OFERTADO | S65: PUNTAJE OBTENIDO | T65: SUBLIMITE OFERTADO | U65: PUNTAJE OBTENIDO | V65: PROMEDIO
A66: LA ENTIDAD OTORGA LOS PUNTOS | H66: 5 | L66: 5 | V66: 5
V67: 5
A68: PUNTAJE TOTAL | K68: =+L66 -> 5
A71: PUNTAJE TOTAL CONDICIONES ESPECIALES | K71: =+K68 -> 5
A73: CLÁUSULAS DE GARANTÍA
A74: NÚMERO DE CLÁUSULAS DE GARANTÍA | G74: PUNTAJE REFERENCIA | I74: ALCALCE DE LA CLÁUSULA | K74: PUNTAJE
A75: SIN CLÁUSULAS DE GARANTÍA | G75: 5
A76: DE UNA A DOS | G76: 2 | I76: 1.
I77: 2.
A78: DE TRES A CUATRO | G78: 1 | I78: 1.
I79: 2.
I80: 3.
I81: 4.
A82: MÁS DE CINCO | G82: 0 | I82: 1.
I83: 2.
I84: 3.
I85: 4.
I86: 5.
I87: 6.
A88: PUNTAJE TOTAL | K88: =+K75 -> 0
A91: PUNTAJE TOTAL CLÁUSULAS DE GARANTÍA
A93: ATENCIÓN, TRAMITE Y PAGO DE SINIESTROS
A94: DOCUMENTOS REQUERIDOS PARA EL PAGO
A95: NOTA: DILIGENCIAR EXCLUSIVAMENTE EN LA CASILLA DEL RAMO A OFERTAR | N95: LA PREVISORA S.A. COMPAÑÍA DE SEGUROS
A96: RAMOS | J96: No. DOCUMENTOS | L96: PUNTAJE | N96: DOCUMENTOS | U96: PUNTAJE OBTENIDO | V96: PROMEDIO
A97: TODO RIESGO DAÑOS MATERIALES
A98: * INCENDIO
A99: * SUSTRACCIÓN
A100: * EQUIPO ELECTRÓNICO
A101: * ROTURA DE MAQUINARIA
A103: TODO RIESGO EQUIPO Y MAQUINARÍA
A104: AUTOS
A105: SEGURO OBLIGATORIO DE ACCIDENTES DE TRANSITO SOAT
A106: TRANSPORTE DE VALORES
A107: TRANSPORTE DE MERCANCIAS
A109: DRONES
A110: CASCO BARCO
... A118: * SERVIDORES PÚBLICOS
A119: * CONTRACTUAL PASAJEROS | J119: 6 | N119: 6 | O119: 2 | V119: 2
A120: * PROTECCIÓN DE DATOS (CYBER)
A121: * HOTELERA
A122: * PROFESIONAL
A124: VIDA GRUPO
A125: * FUNCIONARIOS
A126: * ALCALDE Y PERSONERO
A127: * CONCEJALES Y/O EDILES
A128: *DEUDORES
A130: ACCIDENTES PERSONALES
A131: * ESTUDIANTES
A132: * ESTUDIANTES ESCUELAS DEPORTIVAS
A133: * DEPORTISTAS
... A136: SALUD
A137: PUNTAJE TOTAL | L137: =+L97 -> 0 | V137: 2
A139: PLAZO PARA LA PRESENTACIÓN DE LA LIQUIDACIÓN | N139: LA PREVISORA S.A. COMPAÑÍA DE SEGUROS
A140: DIÁS HABILES | G140: PUNTAJE REFERENCIA | I140: DÍAS HÁBILES OFERTADOS | K140: PUNTAJE | N140: DÍAS OFERTADOS | U140: PUNTAJE OBTENIDO | V140: PROMEDIO
...

Sheet VIDA
A1: FONDO DE DESARROLLO LOCAL DE SUBA
A2: OFERTA PRESENTADA PARA EL SEGURO DE VIDA GRUPO EDILES
A3: NOMBRE DEL PROPONENTE:
A4: GC | N4: LA PREVISORA S.A. COMPAÑÍA DE SEGUROS | Q4: SEGUROS DE VIDA DEL ESTADO S.A. | T4: COMPAÑÍA DE SEGUROS DE VIDA AURORA S A
A5: OBJETO DEL SEGURO | N5: CUMPLE | O5: NO CUMPLE | P5: SUBSANA | Q5: CUMPLE | R5: NO CUMPLE | S5: SUBSANA | T5: CUMPLE | U5: NO CUMPLE | V5: SUBSANA
A6: Amparar contra el riesgo de muerte por cualquier causa incluyendo el suicidio a los miembros del grupo asegurable, aquellos por los cuales sea o llegara a ser legalmen-te responsable. Hasta por la suma asegurada fijada para este amparo. En cumplimiento de la ley 136 de 1994 Art. 68 y el Artículo 72 del Decreto Ley 1421 de 1993 determina que los ediles tienen derecho a los mismos seguros reconocidos a los concejales del Distrito Capital. | N6: XXX | Q6: XXX | T6: XXX
A9: INFORMACION GENERAL
A11: TOMADOR: | G11: =A1 -> FONDO DE DESARROLLO LOCAL DE SUBA
A12: ASEGURADO: | G12: EDILES DE LA LOCALIDAD. SEGÚN ANEXO DE RELACION ASEGURADOS.
A13: BENEFICIARIO: | G13: GRUPO ASEGURADO Y/O BENEFICIARIOS -LOS DE LEY.
A15: CONDICIONES OBLIGATORIAS | G15: TIPO DE COBERTURA: Amparar la muerte por cualquier causa del grupo aseguradode acuerdo con la Ley 136 de 1,994 Y DECRETOS DISTRITALES | N15: XXX | Q15: XXX | T15: XXX
A20: VALORES ASEGURADOS
N21: XXX | Q21: XXX | T21: XXX
B22: Salario Minimio Mensual Legal 2026 | G22: 1750905 | N22: XXX | Q22: XXX | T22: XXX
B23: valor asegurado 300 SMMLV | G23: =+G22*300 -> 525271500 | N23: XXX | Q23: XXX | T23: XXX
B24: VALOR ASEGURADO TOTAL | G24: =+G23*11 -> 5777986500 | N24: XXX | Q24: XXX | T24: XXX
N25: XXX | Q25: XXX | T25: XXX
B26: VIDA (MUERTE POR CUALQUIER CAUSA) | G26: =+G23 -> 525271500 | N26: XXX | Q26: XXX | T26: XXX
B27: INDEMNIZACION POR MUERTE ACC | G27: =+G23/2 -> 262635750 | N27: XXX | Q27: XXX | T27: XXX
B28: INCAPACIDAD TOTAL Y PERMANENTE | G28: =+G23 -> 525271500 | N28: XXX | Q28: XXX | T28: XXX
B29: ENFERMEDADES GRAVES | G29: =+G23/2 -> 262635750 | N29: XXX | Q29: XXX | T29: XXX
B30: TRANSPLANTE DE ORGANOS | G30: =+G23/2 -> 262635750 | N30: XXX | Q30: XXX | T30: XXX
B31: GASTOS MEDICOS | G31: 15000000 | N31: XXX | Q31: XXX | T31: XXX
B32: AUXILIO FUNERARIO | G32: 7500000 | N32: XXX | Q32: XXX | T32: XXX
A34: BIENES Y VALORES ASEGURADOS
A36: ARCHIVO EXCEL 1. ESTUDIO DE MERCADO
A38: AMPAROS OBLIGATORIOS
A40: NOMBRE | E40: DEFINICIÓN DE LA COBERTURA | K40: VALOR ASEGURADO INDIVIDUAL | L40: SE PERMITE SUBLIMITAR
A41: VIDA (MUERTE POR CUALQUIER CAUSA) | E41: Se ampara contra el riesgo de muerte por cualquier causa, incluyendo el suicidio y homicidio desde el inicio de la vigencia, de los miembros del grupo asegurado, muerte por cualquier causas no excluida por la aseguradora, se excluye pandemia y epidemia (COVID - 19). | K41: 300 SMMLV | N41: XXX | Q41: XXX | T41: XXX
A42: INDEMNIZACION ADICIONAL POR MUERTE ACCIDENTAL | E42: Se entiende por accidente todo suceso externo, violento, imprevisto, repentino e independiente de la voluntad del asegurado, que cause la muerte; si como consecuencia del accidente sobreviene la muerte del asegurado durante la vigencia de la póliza, la compañía pagará el 50% del valor asegurado por éste concepto. | K42: 150 SMMLV | N42: XXX | Q42: XXX | T42: XXX
A43: INCAPACIDAD TOTAL Y PERMANENTE | E43: Ampara la incapacidad Total Y Permanente, sufrida por un asegurado que haya sido ocasionada y se manifieste durante la vigencia del Amparo, que produzca lesiones orgánicas o alteraciones funcionales incurables, la perdida funcional o inutilización corporal que impidan desempeñar todas y cada una de las ocupaciones o empleo remunerables para los cuales es razonablemente calificado por razones de su educación, entrenamiento o experiencia y siempre que tal incapacidad haya sido continua por un periodo de seis (6) meses consecutivos. | K43: 300 SMMLV | N43: XXX | Q43: XXX | T43: XXX
A44: ENFERMEDADES GRAVES | E44: La Compañía pagará al asegurado, el 50% como anticipo del valor asegurado del amparo básico de vida, si se le diagnostica medicamente, durante la vigencia de la póliza alguna de las siguientes enfermedades: - CANCER - ACCIDENTE CEREBRO-VASCULAR - INSUFICUENCIA RENAL CRÓNICA Y FALLO TOTAL CRÓNICO E IRREVERSIBLE DE AMBOS RIÑONES - INFARTO AGUDO DEL MIOCARDIO - INTERVENCIÓN QUIRÚRGICA DE LAS ARTERIAS CORONARIAS. - ESCLEROSIS MULTIPLE | K44: 150 SMMLV | N44: XXX | Q44: XXX | T44: XXX
A45: GASTOS MEDICOS | E45: Cubre los gastos médicos, quirúrgicos, hospitalarios, farmacéuticos, necesarios y autorizados por un médico, que deba sufragar el Asegurado o sus beneficiarios como consecuencia directa y exclusiva de un accidente, siempre que tales gastos se produzcan dentro de los 180 días siguientes a la fecha de ocurrencia del accidente, estos operan por reenbolso. | K45: 15000000 | N45: XXX | Q45: XXX | T45: XXX
A46: AUXILIO FUNERARIOS | E46: Mediante este amparo la compañía pagará a los beneficiarios la suma asegurada, por la muerte del asegurado amparada por la póliza, previa demostración del fallecimiento | K46: 7500000 | N46: XXX | Q46: XXX | T46: XXX
A47: TRANSPLANTE DE ORGANOS | E47: Es la implantacion de un organo extraido de un donante humano, en el organismo del asegurado, con el restablecimiento de las conexiones vasculares, arteriales y venosas. Mediante este amparo se asegura los gastos en que incurra un asegurado como consecuencia del transplante de un organo de acuerdo con: Diagnostico de transplante, Hospitalizacion para tratamiento quirurgico del transplante, transporte del organo a transplantar, gastos de acompañante. Los organos cuyo transplante esta cubierto por la poliza son los siguinetes: Higado. Riñon. Corazon Medula Osea Pulmones. Pancreas. | K47: 150 SMMLV | N47: XXX | Q47: XXX | T47: XXX
A51: CLAUSULAS OBLIGATORIAS
A53: NOMBRE DE LA CLAUSULA | F53: DESCRIPCION DE LA CLAUSULA
A54: ACTUALIZACION AUTOMATICA DEL VALOR ASEGURADO. | F54: Queda entendido, convenido y aceptado que cualquier variación en la suma asegurada individual, se incorporará automáticamente desde la fecha en que tales modificaciones aparezcan en los registros internos del tomador. | N54: XXX | Q54: XXX | T54: XXX
A55: AMPARO AUTOMATICO PARA ASEGURADOS QUE POR ERROR U OMISIÓN NO SE HAYAN INFORMADO AL INICIO DEL SEGURO. | F55: Queda entendido, convenido y aceptado que no obstante lo que en contrario se diga en las condiciones generales de la póliza, el presente anexo se extiende a cubrir automáticamente todo asegurado que por error u omisión no se haya informado al inicio del seguro. | N55: XXX | Q55: XXX | T55: XXX
A56: AMPARO AUTOMATICO PARA NUEVOS ASEGURADOS. | F56: Queda entendido, convenido y aceptado que no obstante lo que en contrario se diga en las condiciones generales de la póliza, el presente anexo se extiende a cubrir automáticamente toda nueva persona que entre a formar o llegare a formar parte del grupo. | N56: XXX | Q56: XXX | T56: XXX
A57: AMPLIACIÓN DEL PLAZO PARA AVISO DE SINIESTRO | F57: Por medio de la presente cláusula y no obstante lo estipulado en las condiciones generales de la póliza, el asegurado podrá dar aviso de la ocurrencia del siniestro en un término de 60 días, siguientes a la fecha en que haya conocido o debido conocer la ocurrencia del mismo. (Nota: el número de días corresponde al requerido por la Entidad por lo cual podrá ser aumentado pero no disminuido so pena de rechazo de la propuesta) | N57: XXX | Q57: XXX | T57: XXX
A58: ANTICIPO DE INDEMNIZACION 50% | F58: Queda entendido, convenido y aceptado que en caso de presentarse un siniestro amparado bajo la presente póliza y demostrada su ocurrencia, la compañía conviene en anticipar el 50% del valor estimado de la pérdida mientras el asegurado cumple con la obligación legal para tal fin. El asegurado deberá hacer el requerimiento mediante comunicación escrita dirigida a la compañía. (Nota: el porcentaje señalado corresponde al requerido por la Entidad por lo cual podrá ser aumentado pero no disminuido, so pena de rechazo de la propuesta) | N58: XXX | Q58: XXX | T58: XXX
A59: ANTICIPO DE INDEMNIZACION PARA GASTOS MÉDICOS 50% | F59: Queda entendido, convenido y aceptado que en caso de presentarse un siniestro amparado bajo la presente póliza, que afecte la cobertura de gastos médicos y demostrada su ocurrencia, la compañía conviene en anticipar el 50% del valor estimado de la pérdida mientras el asegurado cumple con la obligación legal para tal fin. El asegurado deberá hacer el requerimiento mediante comunicación escrita dirigida a la compañía. (Nota: el porcentaje señalado corresponde al requerido por la Entidad por lo cual podrá ser aumentado pero no disminuido, so pena de rechazo de la propuesta) | N59: XXX | Q59: XXX | T59: XXX
A60: APLICACIÓN DE TASA UNICA PARA TODOS LOS ASEGURADOS. | F60: Queda entendido, convenido y aceptado que el cálculo de la prima anual se efectuará tomando una tasa única para todos los asegurados. | N60: XXX | Q60: XXX | T60: XXX
A61: CONTINUIDAD DE COBERTURA. | F61: Queda entendido, convenido y aceptado que la compañía otorgara continuidad de amparo para los funcionarios que ya venían asegurados, quedando sin efecto las disposiciones que en contrario contengan las condiciones generales y particulares del seguro. | N61: XXX | Q61: XXX | T61: XXX
A62: DESIGNACION DE BENEFICIARIOS. | F62: Queda entendido, convenido y aceptado que los Asegurados podran Designar el beneficiario a titulo : Gratuitos, Onerosos. | N62: XXX | Q62: XXX | T62: XXX
A63: ELIMINACION DE LA DECLARACION DE BUEN ESTADO DE SALUD. | F63: Queda convenido, entendido y aceptado, que no obstante las condiciones generales del seguro, ningún asegurado está obligado a declarar un buen estado de salud. | N63: XXX | Q63: XXX | T63: XXX
A64: ERROR EN LA DECLARACION DE EDAD | F64: Queda entendido, convenido y aceptado que cualquier error en la declaración de la edad de un funcionario, no será tenido en cuenta en el momento de indemnizar una pérdida, dado que para el cobro de la prima se aplica una tasa única. | N64: XXX | Q64: XXX | T64: XXX
A65: ERRORES, OMISIONES E INEXACTITUDES NO INTENCIONALES | F65: Queda entendido, convenido y aceptado que si el tomador incurriese en errores, omisiones e inexactitudes imputables a el y al asegurado, el contrato no será nulo ni habrá lugar a la aplicación del inciso tercero del artículo 1058 del código de comercio sobre reducción porcentual de la prestación asegurada. En este caso, se liquidará la prima adecuada al verdadero estado del riesgo. | N65: XXX | Q65: XXX | T65: XXX
... A74: CONSERVAR LA ANTIGÜEDAD. | F74: Los Asegurados Conservaran la antigüedad de la aseguradora anterior sin requisito de asegurabilidad. | N74: XXX | Q74: XXX | T74: XXX
A76: CRITERIOS TÉCNICOS
A77: MEJORA EN AMPAROS OBLIGATORIOS | N77: ITEMS REFERENCIA | S77: LA PREVISORA S.A. COMPAÑÍA DE SEGUROS | AB77: SEGUROS DE VIDA DEL ESTADO S.A. | AK77: COMPAÑÍA DE SEGUROS DE VIDA AURORA S A
A78: NOMBRE | G78: SUBLIMITE BÁSICO | H78: PUNTAJE REFERENCIA | I78: DESCRIPCIÓN DEL SUBLIMITE OFRECIDO (EL VALOR DEL SUBLÍMITE CORRESPONDE AL REQUERIDO POR LA ENTIDAD POR LO CUAL PODRÁ SER AUMENTADO PERO NO DISMINUIDO SO PENA DE RECHAZO DE LA PROPUESTA). | L78: PUNTAJE | N78: PUNTAJE REFERENCIA | AA78: PROMEDIO | AJ78: PROMEDIO | AS78: PROMEDIO
A79: LA ENTIDAD OTORGA LA TOTALIDAD DE LOS PUNTOS | H79: 4 | L79: 4 | N79: 4 | AA79: 4 | AJ79: 4 | AS79: 4
AA80: 4 | AJ80: 4 | AS80: 4
A81: PUNTAJE TOTAL | K81: 4
A84: PUNTAJE TOTAL MEJORA EN AMPAROS OBLIGATORIOS | K84: 4
A86: MEJORA EN CLAUSULAS OBLIGATORIAS | N86: ITEMS REFERENCIA | S86: LA PREVISORA S.A. COMPAÑÍA DE SEGUROS | AB86: SEGUROS DE VIDA DEL ESTADO S.A. | AK86: COMPAÑÍA DE SEGUROS DE VIDA AURORA S A
A87: NOMBRE DE LA CLAUSULA | E87: DESCRIPCION DE LA CLAUSULA OFRECIDA | H87: PUNTAJE REFERENCIA | I87: DESCRIPCION DE LA CLAUSULA OFRECIDA | L87: PUNTAJE | N87: PUNTAJE REFERENCIA | AA87: PROMEDIO | AJ87: PROMEDIO | AS87: PROMEDIO
A88: LA ENTIDAD OTORGA LA TOTALIDAD DE LOS PUNTOS | H88: 4 | L88: 4 | N88: 4 | AA88: 4 | AJ88: 4 | AS88: 4
AA89: 4 | AJ89: 4 | AS89: 4
A90: PUNTAJE TOTAL | K90: 4
A93: PUNTAJE TOTAL MEJORA EN CLAUSULAS OBLIGATORIAS | K93: 4
A95: AMPAROS ADICIONALES | N95: ITEMS REFERENCIA | S95: LA PREVISORA S.A. COMPAÑÍA DE SEGUROS | AB95: SEGUROS DE VIDA DEL ESTADO S.A. | AK95: COMPAÑÍA DE SEGUROS DE VIDA AURORA S A
A96: NOMBRE DEL AMPARO | E96: DESCRIPCIÓN DEL AMPARO | H96: PUNTAJE REFERENCIA | I96: DESCRIPCIÓN DEL AMPARO OFRECIDO | L96: PUNTAJE | N96: PUNTAJE REFERENCIA | AA96: PROMEDIO | AJ96: PROMEDIO | AS96: PROMEDIO
A97: LA ENTIDAD OTORGA LA TOTALIDAD DE LOS PUNTOS | H97: 4 | L97: 4 | N97: 4 | AA97: 4 | AJ97: 4 | AS97: 4
AA98: 4 | AJ98: 4 | AS98: 4
A99: PUNTAJE TOTAL | K99: 4
A102: PUNTAJE TOTAL AMPAROS ADICIONALES | K102: 4
A104: CLÁUSULAS ADICIONALES | N104: ITEMS REFERENCIA | S104: LA PREVISORA S.A. COMPAÑÍA DE SEGUROS | AB104: SEGUROS DE VIDA DEL ESTADO S.A. | AK104: COMPAÑÍA DE SEGUROS DE VIDA AURORA S A
A105: NOMBRE DE LA CLAUSULA | E105: DESCRIPCION DE LA CLAUSULA | H105: PUNTAJE REFERENCIA | I105: DESCRIPCION DE LA CLAUSULA OFRECIDA | L105: PUNTAJE | N105: PUNTAJE REFERENCIA | AA105: PROMEDIO | AJ105: PROMEDIO | AS105: PROMEDIO
A106: LA ENTIDAD OTORGA LA TOTALIDAD DE LOS PUNTOS | H106: 4 | L106: 4 | N106: 4 | AA106: 4 | AJ106: 4 | AS106: 4
AA107: 4 | AJ107: 4 | AS107: 4
A108: PUNTAJE TOTAL | K108: 4
A111: PUNTAJE TOTAL CLÁUSULAS ADICIONALES | K111: 4
A113: CONDICIONES ESPECIALES
N115: ITEMS REFERENCIA | S115: LA PREVISORA S.A. COMPAÑÍA DE SEGUROS | AB115: SEGUROS DE VIDA DEL ESTADO S.A. | AK115: COMPAÑÍA DE SEGUROS DE VIDA AURORA S A
A116: NOMBRE | E116: DESCRIPCIÓN | H116: PUNTAJE REFERENCIA | I116: DESCRIPCION DEL OFRECIMIENTO | L116: PUNTAJE | N116: PUNTAJE REFERENCIA | AA116: PROMEDIO | AJ116: PROMEDIO | AS116: PROMEDIO
A117: LA ENTIDAD OTORGA LA TOTALIDAD DE LOS PUNTOS | H117: 5 | L117: 5 | N117: 5 | AA117: 5 | AJ117: 5 | AS117: 5
AA118: 5 | AJ118: 5 | AS118: 5
A119: PUNTAJE TOTAL | K119: =+L117 -> 5
A122: PUNTAJE TOTAL CONDICIONES ESPECIALES | K122: =+K119 -> 5
N123: ITEMS REFERENCIA | S123: LA PREVISORA S.A. COMPAÑÍA DE SEGUROS | AB123: SEGUROS DE VIDA DEL ESTADO S.A. | AK123: COMPAÑÍA DE SEGUROS DE VIDA AURORA S A
A124: CLÁUSULAS DE GARANTÍA | N124: PUNTAJE REFERENCIA | O124: DIAS REFERENCIA | P124: % PORCENTAJE REFERENCIA | Q124: VALOR ASEGURADO REFERENCIA | R124: SUBLIMITE REFERENCIA | S124: DÍAS OFERTADOS | T124: PUNTAJE OBTENIDO | U124: % PORCENTAJE OFERTADO | V124: PUNTAJE OBTENIDO | W124: VALOR ASEGURADO OFERTADO | X124: PUNTAJE OBTENIDO | Y124: SUBLIMITE OFERTADO | Z124: PUNTAJE OBTENIDO | AA124: PROMEDIO | AB124: DÍAS OFERTADOS | AC124: PUNTAJE OBTENIDO | AD124: % PORCENTAJE OFERTADO | AE124: PUNTAJE OBTENIDO | AF124: VALOR ASEGURADO OFERTADO | AG124: PUNTAJE OBTENIDO | AH124: SUBLIMITE OFERTADO | AI124: PUNTAJE OBTENIDO | AJ124: PROMEDIO | AK124: DÍAS OFERTADOS | AL124: PUNTAJE OBTENIDO | AM124: % PORCENTAJE OFERTADO | AN124: PUNTAJE OBTENIDO | AO124: VALOR ASEGURADO OFERTADO | AP124: PUNTAJE OBTENIDO | AQ124: SUBLIMITE OFERTADO | AR124: PUNTAJE OBTENIDO | AS124: PROMEDIO
A125: NÚMERO DE CLÁUSULAS DE GARANTÍA | G125: PUNTAJE REFERENCIA | I125: ALCALCE DE LA CLÁUSULA | K125: PUNTAJE
A126: SIN CLÁUSULAS DE GARANTÍA | G126: 5 | N126: SIN CLÁUSULAS DE GARANTÍA | O126: 4 | X126: 4 | AA126: 4 | AF126: SEGÚN CONDICIONES GENERALES | AG126: 0 | AJ126: 0 | AO126: SIN APLICACIÓN DE GARANTIAS | AP126: 4 | AS126: 4
A127: DE UNA A DOS | G127: 2 | I127: 1. | N127: DE UNA A DOS | O127: 2
I128: 2.
A129: DE TRES A CUATRO | G129: 1 | I129: 1. | N129: DE TRES A CUATRO | O129: 1
I130: 2.
I131: 3.
I132: 4.
A133: MÁS DE CINCO | G133: 0 | I133: 1. | N133: MÁS DE CINCO | O133: 0
I134: 2.
I135: 3.
I136: 4.
I137: 5.
I138: 6.
A139: PUNTAJE TOTAL | K139: =+K126 -> 0 | AA139: 4 | AJ139: 0 | AS139: 4
A142: PUNTAJE TOTAL CLÁUSULAS DE GARANTÍA
...

Sheet MAYOR VIGENCIA
A1: FONDO DE DESARROLLO LOCAL DE SUBA
A2: CRITERIOS ECONÓMICOS
A3: NOMBRE DEL PROPONENTE:
A4: GC
A5: MAYOR VIGENCIA DEL SEGURO
A6: DÍAS ADICIONALES | G6: PUNTAJE REFERENCIA
A7: 10 DÍAS | G7: 2
A8: DE 11 A 15 DÍAS | G8: 4
A9: DE 16 A 20 DÍAS | G9: 6
A10: DE 21 A 30 DÍAS | G10: 8.5
A11: RAMO | G11: VIGENCIA MÍNIMA | I11: LA PREVISORA S.A. COMPAÑÍA DE SEGUROS
I13: VIGENCIA OFRECIDA | K13: PUNTAJE CALIFICACIÓN
A14: GRUPO I
A15: TODO RIESGO DAÑOS MATERIALES | G15: VIGENCIA MÍNIMA 231 Días | I15: 261 DÍAS | K15: 8.5
A16: * INCENDIO
A17: * SUSTRACCIÓN
A18: * EQUIPO ELECTRÓNICO
A19: * ROTURA DE MAQUINARIA
A21: TODO RIESGO EQUIPO Y MAQUINARÍA
A22: AUTOS
A23: MANEJO GLOBAL ESTATAL
A24: RESPONSABILIDAD CIVIL
A25: * RESPONSABILIDAD CIVIL EXTRACONTRACTUAL P.L.O.
A26: * SERVIDORES PÚBLICOS
A27: * RESPONSABILIDAD CIVIL DE ACCIDENTES PERSONALES
A29: SEGURO OBLIGATORIO DE ACCIDENTES DE TRANSITO SOAT | G29: 365 Días
A30: PUNTAJE TOTAL GRUPO, MAYOR VIGENCIA DEL SEGURO | K30: =SUM(K12) -> 0
A31: RAMO | G31: VIGENCIA MÍNIMA | I31: LA PREVISORA S.A. COMPAÑÍA DE SEGUROS | M31: SEGUROS DE VIDA DEL ESTADO S.A. | Q31: COMPAÑÍA DE SEGUROS DE VIDA AURORA S A
I33: VIGENCIA OFRECIDA | K33: PUNTAJE CALIFICACIÓN | M33: VIGENCIA OFRECIDA | O33: PUNTAJE CALIFICACIÓN | Q33: VIGENCIA OFRECIDA | S33: PUNTAJE CALIFICACIÓN
A34: GRUPO II VIDA
A35: VIDA EDILES | G35: VIGENCIA MÍNIMA 365 Días | I35: 395 DÍAS | K35: 8.5 | M35: 395 Días | O35: 8.5 | Q35: 395 Días | S35: 8.5
A37: PUNTAJE TOTAL GRUPO II VIDA, MAYOR VIGENCIA DEL SEGURO | I37: =+K35 -> 8.5 | M37: =+O35 -> 8.5 | Q37: =+S35 -> 8.5

Sheet MENOR PRECIO
A1: FONDO DE DESARROLLO LOCAL DE SUBA
A2: CRITERIOS ECONÓMICOS
A3: NOMBRE DEL PROPONENTE:
A4: GC
A5: MENOR PRECIO DEL SEGURO
A6: MENOR PRECIO DEL SEGURO | G6: PUNTAJE REFERENCIA
A7: MENOR OFRECIMIENTO ECONÓMICO | G7: 2
A8: RAMO | G8: PRESUPUESTO OFICIAL | I8: LA PREVISORA S.A. COMPAÑÍA DE SEGUROS
I10: PRESUPUESTO OFERTADO | K10: PUNTAJE CALIFICACIÓN
A11: GRUPO I
A12: TODO RIESGO DAÑOS MATERIALES | G12: 261127436 | I12: 259521430 | K12: 2
A13: * INCENDIO
A14: * SUSTRACCIÓN
A15: * EQUIPO ELECTRÓNICO
A16: * ROTURA DE MAQUINARIA
A18: TODO RIESGO EQUIPO Y MAQUINARÍA
A19: AUTOS
A20: MANEJO GLOBAL ESTATAL
A21: RESPONSABILIDAD CIVIL
A22: * RESPONSABILIDAD CIVIL EXTRACONTRACTUAL P.L.O.
A23: * SERVIDORES PÚBLICOS
A24: * RESPONSABILIDAD CIVIL DE ACCIDENTES PERSONALES
A25: ACCIDENTES PERSONALES
A26: SEGURO OBLIGATORIO DE ACCIDENTES DE TRANSITO SOAT
A27: PUNTAJE TOTAL GRUPO I, MENOR PRECIO DEL SEGURO | I27: =+K12 -> 2 | M27: =+O12 -> 0 | Q27: =+S12 -> 0
A28: RAMO | G28: PRESUPUESTO OFICIAL | I28: LA PREVISORA S.A. COMPAÑÍA DE SEGUROS | M28: SEGUROS DE VIDA DEL ESTADO S.A. | Q28: AXA COLPATRIA S.A.
I30: PRESUPUESTO OFERTADO | K30: PUNTAJE CALIFICACIÓN | M30: PRESUPUESTO OFERTADO | O30: PUNTAJE CALIFICACIÓN | Q30: PRESUPUESTO OFERTADO | S30: PUNTAJE CALIFICACIÓN
A31: GRUPO II VIDA
A32: VIDA EDILES | G32: 20297720 | I32: 20264890 | K32: 1.79 | M32: 18133380 | O32: 2 | Q32: 20071755 | S32: 1.81
A35: PUNTAJE TOTAL GRUPO II VIDA, MENOR PRECIO DEL SEGURO | I35: =+K20 -> 0 | M35: =+O20 -> 0 | Q35: =+S20 -> 0

Sheet DEDUCIBLES
A1: FONDO DE DESARROLLO LOCAL DE SUBA
A2: DEDUCIBLES
A4: LA PREVISIRA S.A. COMPAÑÍA DE SEGUROS
A5: TERREMOTO, TEMBLOR Y/O ERUPCIÓN VOLCÁNICA
A6: RANGO DEL DEDUCIBLES PORCENTUAL | F6: PUNTAJE SOBRE EL VALOR DE LA PERDIDA | I6: DEDUCIBLE OFERTADO | K6: PUNTOS OBTENIDOS
A7: SIN DEDUCIBLE | F7: 25 Puntos | K7: 20
A8: Superior a 0,0% y hasta 1% | F8: 20 Puntos | I8: 0.01
A9: Superior a 1,1% y hasta 2% | F9: 15 Puntos
A10: Superior a 2,1% y hasta 3% | F10: 10 Puntos
A11: Superior a 3,1% | F11: SE RECHAZA LA OFERTA
A12: RANGO DEL DEDUCIBLES SMMLV | F12: PUNTAJE SOBRE EL VALOR DE LA PERDIDA | I12: DEDUCIBLE OFERTADO | K12: PUNTOS OBTENIDOS
A13: SIN DEDUCIBLE | F13: 25 Puntos | I13: SIN DEDUCIBLE | K13: 25
A14: Superior a 0,0 SMMLV y hasta 0,5 SMMLV | F14: 20 Puntos
A15: Superior a 0,6 SMMLV y hasta 1 SMMLV | F15: 15 Puntos
A16: Superior a 1,1 SMMLV y hasta 1,9 SMMLV | F16: 10 Puntos
A17: Superior a 2 SMMLV | F17: SE RECHAZA LA OFERTA
A18: RANGO DEL DEDUCIBLES PORCENTUAL | F18: PUNTAJE SOBRE VALOR ASEGURADO del ítem afectado dentro del predio asegurado | I18: DEDUCIBLE OFERTADO | K18: PUNTOS OBTENIDOS
A19: Sin deducible | F19: 20 Puntos
A20: Superior a 0,0% y hasta 1% | F20: 16 Puntos
A21: Superior a 1,1% y hasta 2% | F21: 12 Puntos
A22: Superior a 2,1% y hasta 3% | F22: 8 Puntos
A23: Superior a 3,1% | F23: SE RECHAZA LA OFERTA
A24: RANGO DEL DEDUCIBLES SMMLV | F24: PUNTAJE SOBRE VALOR ASEGURADO del ítem afectado dentro del predio asegurado | I24: DEDUCIBLE OFERTADO | K24: PUNTOS OBTENIDOS
A25: SIN DEDUCIBLE | F25: 20 Puntos
A26: Superior a 0,0 SMMLV y hasta 0,5 SMMLV | F26: 16 Puntos
A27: Superior a 0,6 SMMLV y hasta 1 SMMLV | F27: 12 Puntos
A28: Superior a 1,1 SMMLV y hasta 1,9 SMMLV | F28: 8 Puntos
A29: Superior a 2 SMMLV | F29: SE RECHAZA LA OFERTA
A30: RANGO DEL DEDUCIBLES PORCENTUAL | F30: PUNTAJE SOBRE VALOR ASEGURABLE del ítem afectado dentro del predio asegurado | I30: DEDUCIBLE OFERTADO | K30: PUNTOS OBTENIDOS
A31: Sin deducible | F31: 17,5 Puntos
A32: Superior a 0,0% y hasta 1% | F32: 14 Puntos
A33: Superior a 1,1% y hasta 2% | F33: 10,5 Puntos
A34: Superior a 2,1% y hasta 3% | F34: 7 Puntos
A35: Superior a 3,1% | F35: SE RECHAZA LA OFERTA
A36: RANGO DEL DEDUCIBLES SMMLV | F36: PUNTAJE SOBRE VALOR ASEGURABLE del ítem afectado dentro del predio asegurado | I36: DEDUCIBLE OFERTADO | K36: PUNTOS OBTENIDOS
A37: SIN DEDUCIBLE | F37: 17,5 Puntos
A38: Superior a 0,0 SMMLV y hasta 0,5 SMMLV | F38: 14 Puntos
A39: Superior a 0,6 SMMLV y hasta 1 SMMLV | F39: 10,5 Puntos
A40: Superior a 1,1 SMMLV y hasta 1,9 SMMLV | F40: 7 Puntos
A41: Superior a 2 SMMLV | F41: SE RECHAZA LA OFERTA
A42: AMIT, HMACCoP, TERRORISMO Y SABOTAJE
A43: RANGO DEL DEDUCIBLES PORCENTUAL | F43: PUNTAJE SOBRE EL VALOR DE LA PERDIDA | I43: DEDUCIBLE OFERTADO | K43: PUNTOS OBTENIDOS
A44: SIN DEDUCIBLE | F44: 25 Puntos | I44: SIN DEDUCIBLE | K44: 25
A45: Superior a 0,0% y hasta 1% | F45: 20 Puntos
A46: Superior a 1,1% y hasta 2% | F46: 15 Puntos
A47: Superior a 2,1% y hasta 3% | F47: 10 Puntos
A48: Superior a 3,1% | F48: SE RECHAZA LA OFERTA
A49: RANGO DEL DEDUCIBLES SMMLV | F49: PUNTAJE SOBRE EL VALOR DE LA PERDIDA | I49: DEDUCIBLE OFERTADO | K49: PUNTOS OBTENIDOS
A50: SIN DEDUCIBLE | F50: 25 Puntos | I50: SIN DEDUCIBLE | K50: 25
A51: Superior a 0,0 SMMLV y hasta 0,5 SMMLV | F51: 20 Puntos
A52: Superior a 0,6 SMMLV y hasta 1 SMMLV | F52: 15 Puntos
A53: Superior a 1,1 SMMLV y hasta 1,9 SMMLV | F53: 10 Puntos
A54: Superior a 2 SMMLV | F54: SE RECHAZA LA OFERTA
A55: HURTO SIMPLE Y HURTO CALIFICADO
A56: RANGO DEL DEDUCIBLES PORCENTUAL | F56: PUNTAJE SOBRE EL VALOR DE LA PERDIDA | I56: DEDUCIBLE OFERTADO | K56: PUNTOS OBTENIDOS
A57: SIN DEDUCIBLE | F57: 25 Puntos | I57: SIN DEDUCIBLE | K57: 25
A58: Superior a 0,0% y hasta 1% | F58: 20 Puntos
A59: Superior a 1,1% y hasta 2% | F59: 15 Puntos
A60: Superior a 2,1% y hasta 3% | F60: 10 Puntos
A61: Superior a 3,1% | F61: SE RECHAZA LA OFERTA
A62: RANGO DEL DEDUCIBLES SMMLV | F62: PUNTAJE SOBRE EL VALOR DE LA PERDIDA | I62: DEDUCIBLE OFERTADO | K62: PUNTOS OBTENIDOS
A63: SIN DEDUCIBLE | F63: 25 Puntos | I63: SIN DEDUCIBLE | K63: 25
A64: Superior a 0,0 SMMLV y hasta 0,5 SMMLV | F64: 20 Puntos
A65: Superior a 0,6 SMMLV y hasta 1 SMMLV | F65: 15 Puntos
A66: Superior a 1,1 SMMLV y hasta 1,9 SMMLV | F66: 10 Puntos
A67: Superior a 2 SMMLV | F67: SE RECHAZA LA OFERTA
A68: DEMÁS EVENTOS
A69: RANGO DEL DEDUCIBLES PORCENTUAL | F69: PUNTAJE SOBRE EL VALOR DE LA PERDIDA | I69: DEDUCIBLE OFERTADO | K69: PUNTOS OBTENIDOS
A70: SIN DEDUCIBLE | F70: 25 Puntos | I70: SIN DEDUCIBLE | K70: 25
A71: Superior a 0,0% y hasta 1% | F71: 20 Puntos
A72: Superior a 1,1% y hasta 2% | F72: 15 Puntos
A73: Superior a 2,1% y hasta 3% | F73: 10 Puntos
A74: Superior a 3,1% | F74: SE RECHAZA LA OFERTA
A75: RANGO DEL DEDUCIBLES SMMLV | F75: PUNTAJE SOBRE EL VALOR DE LA PERDIDA | I75: DEDUCIBLE OFERTADO | K75: PUNTOS OBTENIDOS
A76: SIN DEDUCIBLE | F76: 25 Puntos | I76: SIN DEDUCIBLE | K76: 25
A77: Superior a 0,0 SMMLV y hasta 0,5 SMMLV | F77: 20 Puntos
A78: Superior a 0,6 SMMLV y hasta 1 SMMLV | F78: 15 Puntos
